Workbook
Name _D3: {0;0;0;0;1;#N/A;0.5;0.5;0.75;0.75;2;TRUE;TRUE;FALSE;FALSE;FALSE;#N/A;1;#N/A;1;1;"&L&7 RAMIBD05\GROUPS\EMG\DESOUSA\BRAZIL\MACHADIB\MODEL\MODEL_12.XLS -- &D, &T -- Page &P of &N &7";"&L&F&A&RPage&P"}
Name _D4: {0;0;0;0;1;#N/A;0.5;0.5;0.75;0.75;2;TRUE;TRUE;FALSE;FALSE;FALSE;#N/A;1;#N/A;1;1;"&L&7 RAMIBD05\GROUPS\EMG\DESOUSA\BRAZIL\MACHADIB\MODEL\MODEL_12.XLS -- &D, &T -- Page &P of &N &7";"&L&F&A&RPage&P"}
Name _D5: {0;0;0;0;1;#N/A;0.5;0.5;0.75;0.75;2;TRUE;TRUE;FALSE;FALSE;FALSE;#N/A;1;#N/A;1;1;"&L&7 RAMIBD05\GROUPS\EMG\DESOUSA\BRAZIL\MACHADIB\MODEL\MODEL_12.XLS -- &D, &T -- Page &P of &N &7";"&L&F&A&RPage&P"}
Name _D6: {0;0;0;0;9;#N/A;0.75;0.75;1;1;1;FALSE;FALSE;FALSE;FALSE;FALSE;#N/A;1;100;#N/A;#N/A;"&A";"Page &P"}
Name _D7: {0;0;0;0;9;#N/A;0.75;0.75;1;1;1;FALSE;FALSE;FALSE;FALSE;FALSE;#N/A;1;100;#N/A;#N/A;"&A";"Page &P"}
Name _D8: {0;0;0;0;9;#N/A;0.75;0.75;1;1;1;FALSE;FALSE;FALSE;FALSE;FALSE;#N/A;1;100;#N/A;#N/A;"&A";"Page &P"}
Name _qe1: {0;0;0;0;1;#N/A;0.5;0.5;0.75;0.75;2;TRUE;TRUE;FALSE;FALSE;FALSE;#N/A;1;#N/A;1;1;"&L&7 RAMIBD05\GROUPS\EMG\DESOUSA\BRAZIL\MACHADIB\MODEL\MODEL_12.XLS -- &D, &T -- Page &P of &N &7";"&L&F&A&RPage&P"}
Name _qe10: {0;0;0;0;1;#N/A;0.5;0.5;0.75;0.75;2;TRUE;TRUE;FALSE;FALSE;FALSE;#N/A;1;#N/A;1;1;"&L&7 RAMIBD05\GROUPS\EMG\DESOUSA\BRAZIL\MACHADIB\MODEL\MODEL_12.XLS -- &D, &T -- Page &P of &N &7";"&L&F&A&RPage&P"}
Name _qe11: {0;0;0;0;9;#N/A;0.75;0.75;1;1;1;FALSE;FALSE;FALSE;FALSE;FALSE;#N/A;1;100;#N/A;#N/A;"&A";"Page &P"}
Name _qe2: {0;0;0;0;1;#N/A;0.5;0.5;0.75;0.75;2;TRUE;TRUE;FALSE;FALSE;FALSE;#N/A;1;#N/A;1;1;"&L&7 RAMIBD05\GROUPS\EMG\DESOUSA\BRAZIL\MACHADIB\MODEL\MODEL_12.XLS -- &D, &T -- Page &P of &N &7";"&L&F&A&RPage&P"}
Name _qe3: {0;0;0;0;1;#N/A;0.5;0.5;0.75;0.75;2;TRUE;TRUE;FALSE;FALSE;FALSE;#N/A;1;#N/A;1;1;"&L&7 RAMIBD05\GROUPS\EMG\DESOUSA\BRAZIL\MACHADIB\MODEL\MODEL_12.XLS -- &D, &T -- Page &P of &N &7";"&L&F&A&RPage&P"}
Name _qe4: {0;0;0;0;9;#N/A;0.75;0.75;1;1;1;FALSE;FALSE;FALSE;FALSE;FALSE;#N/A;1;100;#N/A;#N/A;"&A";"Page &P"}
Name _qe5: {0;0;0;0;9;#N/A;0.75;0.75;1;1;1;FALSE;FALSE;FALSE;FALSE;FALSE;#N/A;1;100;#N/A;#N/A;"&A";"Page &P"}
Name _qe6: {0;0;0;0;9;#N/A;0.75;0.75;1;1;1;FALSE;FALSE;FALSE;FALSE;FALSE;#N/A;1;100;#N/A;#N/A;"&A";"Page &P"}
Name _qe9: {0;0;0;0;258;#N/A;0.75;0.75;1;1;2;FALSE;FALSE;FALSE;FALSE;FALSE;#N/A;1;#N/A;1;1;"&A";"Page &P"}
Name _qw1: {0;0;0;0;1;#N/A;0.5;0.5;0.75;0.75;2;TRUE;TRUE;FALSE;FALSE;FALSE;#N/A;1;#N/A;1;1;"&L&7 RAMIBD05\GROUPS\EMG\DESOUSA\BRAZIL\MACHADIB\MODEL\MODEL_12.XLS -- &D, &T -- Page &P of &N &7";"&L&F&A&RPage&P"}
Name _qw2: {0;0;0;0;1;#N/A;0.5;0.5;0.75;0.75;2;TRUE;TRUE;FALSE;FALSE;FALSE;#N/A;1;#N/A;1;1;"&L&7 RAMIBD05\GROUPS\EMG\DESOUSA\BRAZIL\MACHADIB\MODEL\MODEL_12.XLS -- &D, &T -- Page &P of &N &7";"&L&F&A&RPage&P"}
Name _qw3: {0;0;0;0;1;#N/A;0.5;0.5;0.75;0.75;2;TRUE;TRUE;FALSE;FALSE;FALSE;#N/A;1;#N/A;1;1;"&L&7 RAMIBD05\GROUPS\EMG\DESOUSA\BRAZIL\MACHADIB\MODEL\MODEL_12.XLS -- &D, &T -- Page &P of &N &7";"&L&F&A&RPage&P"}
Name _Report: 0
Name _wq1: {0;0;0;0;1;#N/A;0.5;0.5;0.75;0.75;2;TRUE;TRUE;FALSE;FALSE;FALSE;#N/A;1;#N/A;1;1;"&L&7 RAMIBD05\GROUPS\EMG\DESOUSA\BRAZIL\MACHADIB\MODEL\MODEL_12.XLS -- &D, &T -- Page &P of &N &7";"&L&F&A&RPage&P"}
Name _wq10: {0;0;0;0;258;#N/A;0.75;0.75;1;1;2;FALSE;FALSE;FALSE;FALSE;FALSE;#N/A;1;#N/A;1;1;"&A";"Page &P"}
Name _wq11: {0;0;0;0;1;#N/A;0.5;0.5;0.75;0.75;2;TRUE;TRUE;FALSE;FALSE;FALSE;#N/A;1;#N/A;1;1;"&L&7 RAMIBD05\GROUPS\EMG\DESOUSA\BRAZIL\MACHADIB\MODEL\MODEL_12.XLS -- &D, &T -- Page &P of &N &7";"&L&F&A&RPage&P"}
Name _wq12: {0;0;0;0;9;#N/A;0.75;0.75;1;1;1;FALSE;FALSE;FALSE;FALSE;FALSE;#N/A;1;100;#N/A;#N/A;"&A";"Page &P"}
Name _wq2: {0;0;0;0;1;#N/A;0.5;0.5;0.75;0.75;2;TRUE;TRUE;FALSE;FALSE;FALSE;#N/A;1;#N/A;1;1;"&L&7 RAMIBD05\GROUPS\EMG\DESOUSA\BRAZIL\MACHADIB\MODEL\MODEL_12.XLS -- &D, &T -- Page &P of &N &7";"&L&F&A&RPage&P"}
Name _wq3: {0;0;0;0;1;#N/A;0.5;0.5;0.75;0.75;2;TRUE;TRUE;FALSE;FALSE;FALSE;#N/A;1;#N/A;1;1;"&L&7 RAMIBD05\GROUPS\EMG\DESOUSA\BRAZIL\MACHADIB\MODEL\MODEL_12.XLS -- &D, &T -- Page &P of &N &7";"&L&F&A&RPage&P"}
Name _wq4: {0;0;0;0;9;#N/A;0.75;0.75;1;1;1;FALSE;FALSE;FALSE;FALSE;FALSE;#N/A;1;100;#N/A;#N/A;"&A";"Page &P"}
Name _wq5: {0;0;0;0;9;#N/A;0.75;0.75;1;1;1;FALSE;FALSE;FALSE;FALSE;FALSE;#N/A;1;100;#N/A;#N/A;"&A";"Page &P"}
Name _wq6: {0;0;0;0;9;#N/A;0.75;0.75;1;1;1;FALSE;FALSE;FALSE;FALSE;FALSE;#N/A;1;100;#N/A;#N/A;"&A";"Page &P"}
Name _Z1srAssp: {0;0;0;0;1;#N/A;0.5;0.5;0.75;0.75;2;TRUE;TRUE;FALSE;FALSE;FALSE;#N/A;1;#N/A;1;1;"&L&7 RAMIBD05\GROUPS\EMG\DESOUSA\BRAZIL\MACHADIB\MODEL\MODEL_12.XLS -- &D, &T -- Page &P of &N &7";"&L&F&A&RPage&P"}
Name _Z2ndAssp: {0;0;0;0;1;#N/A;0.5;0.5;0.75;0.75;2;TRUE;TRUE;FALSE;FALSE;FALSE;#N/A;1;#N/A;1;1;"&L&7 RAMIBD05\GROUPS\EMG\DESOUSA\BRAZIL\MACHADIB\MODEL\MODEL_12.XLS -- &D, &T -- Page &P of &N &7";"&L&F&A&RPage&P"}
Name _Z2srAssp: {0;0;0;0;1;#N/A;0.5;0.5;0.75;0.75;2;TRUE;TRUE;FALSE;FALSE;FALSE;#N/A;1;#N/A;1;1;"&L&7 RAMIBD05\GROUPS\EMG\DESOUSA\BRAZIL\MACHADIB\MODEL\MODEL_12.XLS -- &D, &T -- Page &P of &N &7";"&L&F&A&RPage&P"}
Name _Z3rdassp: {0;0;0;0;1;#N/A;0.5;0.5;0.75;0.75;2;TRUE;TRUE;FALSE;FALSE;FALSE;#N/A;1;#N/A;1;1;"&L&7 RAMIBD05\GROUPS\EMG\DESOUSA\BRAZIL\MACHADIB\MODEL\MODEL_12.XLS -- &D, &T -- Page &P of &N &7";"&L&F&A&RPage&P"}
Name _Z3reAssp: {0;0;0;0;1;#N/A;0.5;0.5;0.75;0.75;2;TRUE;TRUE;FALSE;FALSE;FALSE;#N/A;1;#N/A;1;1;"&L&7 RAMIBD05\GROUPS\EMG\DESOUSA\BRAZIL\MACHADIB\MODEL\MODEL_12.XLS -- &D, &T -- Page &P of &N &7";"&L&F&A&RPage&P"}
Name _ZBalance: {0;0;0;0;9;#N/A;0.75;0.75;1;1;1;FALSE;FALSE;FALSE;FALSE;FALSE;#N/A;1;100;#N/A;#N/A;"&A";"Page &P"}
Name _ZCash: {0;0;0;0;9;#N/A;0.75;0.75;1;1;1;FALSE;FALSE;FALSE;FALSE;FALSE;#N/A;1;100;#N/A;#N/A;"&A";"Page &P"}
Name _ZDebt: {0;0;0;0;9;#N/A;0.75;0.75;1;1;1;FALSE;FALSE;FALSE;FALSE;FALSE;#N/A;1;100;#N/A;#N/A;"&A";"Page &P"}
Name _ZDeprec.: {0;0;0;0;258;#N/A;0.75;0.75;1;1;2;FALSE;FALSE;FALSE;FALSE;FALSE;#N/A;1;#N/A;1;1;"&A";"Page &P"}
Name ALÍQUOTAS_DE_PRESUNÇÃO_IR_CSLL: " "
Name Aumento_real: #REF!
Name Aumento_real: Inputs!$D$94
Name b: {0;0;0;0;9;#N/A;0.75;0.75;1;1;1;FALSE;FALSE;FALSE;FALSE;FALSE;#N/A;1;100;#N/A;#N/A;"&A";"Page &P"}
Name CAPEX_Live: #REF!
Name CAPEX_Live: Macro!#REF!
Name CAPEX_Paste: #REF!
Name CAPEX_Paste: Macro!#REF!
Name CAPEX_Sens: #REF!
Name CAPEX_Sens: Sensitivity!$F$15
Name CAPEX_start: Sensitivity!$E$7
Name Check: #REF!
Name Check: Macro!#REF!
Name Cons_end: #REF!
Name Cons_end: Inputs!#REF!
Name Cons_start: #REF!
Name Cons_start: Inputs!$E$26
Name CP: #REF!
Name CP: Inputs!$D$75
Name CP_Meta_macro: Macro!$F$16
Name CP_sens: Sensitivity!$E$6
Name DANIEL: {0;0;0;0;1;#N/A;0.5;0.5;0.75;0.75;2;TRUE;TRUE;FALSE;FALSE;FALSE;#N/A;1;#N/A;1;1;"&L&7 RAMIBD05\GROUPS\EMG\DESOUSA\BRAZIL\MACHADIB\MODEL\MODEL_12.XLS -- &D, &T -- Page &P of &N &7";"&L&F&A&RPage&P"}
Name DANIEL2: {0;0;0;0;1;#N/A;0.5;0.5;0.75;0.75;2;TRUE;TRUE;FALSE;FALSE;FALSE;#N/A;1;#N/A;1;1;"&L&7 RAMIBD05\GROUPS\EMG\DESOUSA\BRAZIL\MACHADIB\MODEL\MODEL_12.XLS -- &D, &T -- Page &P of &N &7";"&L&F&A&RPage&P"}

Sheet Disclaimer
C2: Modelagem Econômico-Financeira
C4: Disclaimer
C5: Note:
C6: O presente Modelo Econômico-Financeiro tem por objeto estabelecer as diretrizes para subsidiar os estudos de modelagem econômico-financeira, possuindo como respaldo também estudos de modelagem técnica e jurídica, com vistas à estruturação de concessão patrocinada dos serviços de manejo de resíduos sólidos e limpeza pública do município de Xanxerê.

Sheet Summary
A1: Summary
B3: Key Outputs
C5: Seleção de Cenário
C7: Cenário
C9: Real / Nominal
C11: Macro Check | D11: =IFRIC12_Check -> 0
C15: Financiamento Investimentos
C17: FONTES
C19: Fontes
C21: ='Usos e fontes'!B17 -> Receitas | D21: =E21/$E$27 -> 0.88634178 | E21: =SUM('Usos e fontes'!E17:AH17) -> 730478.12 | F21: $ 000s
C22: ='Usos e fontes'!B18 -> Equity | D22: =E22/$E$27 -> 0.051323517 | E22: =SUM('Usos e fontes'!E18:AH18) -> 42298.25 | F22: $ 000s
C23: ='Usos e fontes'!B19 -> Dívida Senior | D23: =E23/$E$27 -> 0.046579223 | E23: =SUM('Usos e fontes'!E19:AH19) -> 38388.243 | F23: $ 000s
C24: ='Usos e fontes'!B20 -> Saques Conta Reserva | D24: =E24/$E$27 -> 0.0037242273 | E24: =SUM('Usos e fontes'!E20:AH20) -> 3069.3201 | F24: $ 000s
C25: ='Usos e fontes'!B21 -> Receitas Financeiras | D25: =E25/$E$27 -> 0.012031253 | E25: =SUM('Usos e fontes'!E21:AH21) -> 9915.5511 | F25: $ 000s
C27: TOTAL FONTES | D27: =SUM(D21:D26) -> 1 | E27: =SUM(E21:E25) -> 824149.49 | F27: $ 000s
C30: USOS
C32: Usos
C34: ='Usos e fontes'!B5 -> Custos | D34: =E34/$E$46 -> 0.65241388 | E34: =-SUM('Usos e fontes'!E5:AH5) -> 537686.56 | F34: $ 000s
C35: ='Usos e fontes'!B6 -> Investimentos | D35: =E35/$E$46 -> 0.093158447 | E35: =-SUM('Usos e fontes'!E6:AH6) -> 76776.486 | F35: $ 000s
C36: ='Usos e fontes'!B7 -> Imposto de renda pago | D36: =E36/$E$46 -> 0.044235306 | E36: =-SUM('Usos e fontes'!E7:AH7) -> 36456.505 | F36: $ 000s
C37: ='Usos e fontes'!B8 -> Depósitos Conta Reserva | D37: =E37/$E$46 -> 0.0037242273 | E37: =-SUM('Usos e fontes'!E8:AH8) -> 3069.3201 | F37: $ 000s
C38: ='Usos e fontes'!B9 -> Pagamento de Juros | D38: =E38/$E$46 -> 0.026282454 | E38: =-SUM('Usos e fontes'!E9:AH9) -> 21660.671 | F38: $ 000s
C39: ='Usos e fontes'!B10 -> Pagamento de Principal | D39: =E39/$E$46 -> 0.046579223 | E39: =-SUM('Usos e fontes'!E10:AH10) -> 38388.243 | F39: $ 000s
C40: ='Usos e fontes'!B11 -> Fiança Bancária | D40: =E40/$E$46 -> 0.0020568796 | E40: =-SUM('Usos e fontes'!E11:AH11) -> 1695.1763 | F40: $ 000s
C41: ='Usos e fontes'!B12 -> Capital de Giro | D41: =E41/$E$46 -> 0 | E41: =-SUM('Usos e fontes'!E12:AH12) -> 0 | F41: $ 000s
C42: ='Usos e fontes'!B13 -> Dividendos | D42: =E42/$E$46 -> 0.088918582 | E42: =-SUM('Usos e fontes'!E13:AH13) -> 73282.204 | F42: $ 000s
C43: ='Usos e fontes'!B14 -> Aumento / Redução conta caixa | D43: =E43/$E$46 -> 0.042631004 | E43: =-SUM('Usos e fontes'!E14:AH14) -> 35134.32 | F43: $ 000s
C46: TOTAL USOS | D46: =SUM(D34:D45) -> 1 | E46: =SUM(E34:E44) -> 824149.49 | F46: $ 000s
C49: Retornos
C51: Project NPV | D51: =Project_NPV -> 0.44602649 | E51: R$
C52: Project IRR | D52: =Project_IRR -> 0.10790613 | E52: % Real
C53: ='NPV, TIR e Payback'!C35 -> Equity IRR | D53: =IF(Dividends=1,0,'NPV, TIR e Payback'!D35) -> 0.1375585 | E53: %
C54: ='NPV, TIR e Payback'!C74 -> Payback Descontado (Projeto) | D54: ='NPV, TIR e Payback'!E74 -> 29 | E54: Anos
C59: Indicadores contrato
C61: Prazo contrato | E61: =Inputs!E32 -> 30
C62: Contraprestação total | E62: =DFs!F16 -> 225809.86 | F62: R$
C63: Contraprestação anual | E63: =CP -> 6261.4 | F63: R$
C64: Contraprestação mensal | E64: =E63/12 -> 521.78333 | F64: R$
C65: ∑ VPL Contraprestações | E65: =Ops!G1030 -> 72437.324 | F65: R$
C66: Investimentos + ReInvest | E66: =-DFs!F49 -> 76776.486 | F66: R$

Sheet DFs
A1: DEMONSTRAÇÕES FINANCEIRAS | D1: Alerta | E1: Erro | F1: IRR | G1: NPV | H1: Macro
D2: =CHECKS!$F$9 -> 0 | E2: =CHECKS!$F$15 -> 0 | F2: =Project_IRR -> 0.10790613 | G2: =Project_NPV -> 0.44602649 | H2: =Master_Check -> 0
C5: =Flags!C4 -> Começo período | G5: =Flags!G4 -> 46388 | H5: =Flags!H4 -> 46753 | I5: =Flags!I4 -> 47119 | J5: =Flags!J4 -> 47484 | K5: =Flags!K4 -> 47849 | L5: =Flags!L4 -> 48214 | M5: =Flags!M4 -> 48580 | N5: =Flags!N4 -> 48945 | ... AM5: =Flags!AM4 -> 58076
C6: =Flags!C5 -> Fim período | G6: =Flags!G5 -> 46752 | H6: =Flags!H5 -> 47118 | I6: =Flags!I5 -> 47483 | J6: =Flags!J5 -> 47848 | K6: =Flags!K5 -> 48213 | L6: =Flags!L5 -> 48579 | M6: =Flags!M5 -> 48944 | N6: =Flags!N5 -> 49309 | ... AM6: =Flags!AM5 -> 58440
C7: Ano | G7: =YEAR(G6) -> 2027 | H7: =YEAR(H6) -> 2028 | I7: =YEAR(I6) -> 2029 | J7: =YEAR(J6) -> 2030 | K7: =YEAR(K6) -> 2031 | L7: =YEAR(L6) -> 2032 | M7: =YEAR(M6) -> 2033 | N7: =YEAR(N6) -> 2034 | ... AM7: =YEAR(AM6) -> 2059
C8: Ano de Concessão | G8: =Flags!G15 -> 1 | H8: =Flags!H15 -> 2 | I8: =Flags!I15 -> 3 | J8: =Flags!J15 -> 4 | K8: =Flags!K15 -> 5 | L8: =Flags!L15 -> 6 | M8: =Flags!M15 -> 7 | N8: =Flags!N15 -> 8 | ... AM8: =Flags!AM15 -> 33
C9: =Flags!C6 -> Timeline | G9: =Flags!G90 -> Ops | H9: =Flags!H90 -> Ops | I9: =Flags!I90 -> Ops | J9: =Flags!J90 -> Ops | K9: =Flags!K90 -> Ops | L9: =Flags!L90 -> Ops | M9: =Flags!M90 -> Ops | N9: =Flags!N90 -> Ops | ... AM9: =Flags!AM90 -> Post Ops.
D11: =Flags!D8 -> Inputs | E11: =Flags!E8 -> Units | F11: =Flags!F8 -> Total
C13: Fluxo de Caixa (Waterfall) R$
C15: Receita Líquida
C16: Contraprestação Pública Anual | E16: $ 000s | F16: =SUM(G16:AM16) -> 225809.86 | G16: =Ops!G127 -> 15451.717 | H16: =Ops!H127 -> 6334.3741 | I16: =Ops!I127 -> 6406.5075 | J16: =Ops!J127 -> 6477.8194 | K16: =Ops!K127 -> 6548.3282 | L16: =Ops!L127 -> 6618.0519 | M16: =Ops!M127 -> 6687.0077 | N16: =Ops!N127 -> 6755.2125 | ... AM16: =Ops!AM127 -> 0
C17: Receitas Tarifárias | E17: $ 000s | F17: =SUM(G17:AM17) -> 555333.94 | G17: =SUM(Ops!G167:G167) -> 0 | H17: =SUM(Ops!H167:H167) -> 11758.953 | I17: =SUM(Ops!I167:I167) -> 15920.763 | J17: =SUM(Ops!J167:J167) -> 16102.167 | K17: =SUM(Ops!K167:K167) -> 16283.572 | L17: =SUM(Ops!L167:L167) -> 16464.976 | M17: =SUM(Ops!M167:M167) -> 17728.395 | N17: =SUM(Ops!N167:N167) -> 17921.591 | ... AM17: =SUM(Ops!AM167:AM167) -> 0
C18: Deduções da Receita | E18: $ 000s | F18: =SUM(G18:AM18) -> -64644.805 | G18: =Ops!G198 -> 424.29065 | H18: =Ops!H198 -> -3041.9031 | I18: =Ops!I198 -> -2832.4535 | J18: =Ops!J198 -> -2404.4216 | K18: =Ops!K198 -> -2244.761 | L18: =Ops!L198 -> -1047.8131 | M18: =Ops!M198 -> -2183.0472 | N18: =Ops!N198 -> -1317.5386 | ... AM18: =Ops!AM198 -> 0
C19: Total | E19: $ 000s | F19: =SUM(G19:AM19) -> 716499 | G19: =SUM(G16:G18) -> 15876.008 | H19: =SUM(H16:H18) -> 15051.424 | I19: =SUM(I16:I18) -> 19494.817 | J19: =SUM(J16:J18) -> 20175.565 | K19: =SUM(K16:K18) -> 20587.139 | L19: =SUM(L16:L18) -> 22035.215 | M19: =SUM(M16:M18) -> 22232.356 | N19: =SUM(N16:N18) -> 23359.265 | ... AM19: =SUM(AM16:AM18) -> 0
C21: Custos e Despesas Operacionais
C22: =Ops!C335 -> Coleta Manual E Conteinerizada Resíduos Comuns | E22: $ 000s | F22: =SUM(G22:AM22) -> -119618.57 | G22: =-Ops!G314 -> -3802.4183 | H22: =-Ops!H314 -> -3802.4183 | I22: =-Ops!I314 -> -3832.3823 | J22: =-Ops!J314 -> -3862.3463 | K22: =-Ops!K314 -> -3862.3463 | L22: =-Ops!L314 -> -3862.3463 | M22: =-Ops!M314 -> -3862.3463 | N22: =-Ops!N314 -> -3862.3463 | ... AM22: =-Ops!AM314 -> 0
C23: =Ops!C336 -> Coleta Materias Recicláveis | E23: $ 000s | F23: =SUM(G23:AM23) -> -45195.222 | G23: =-Ops!G315 -> -1214.1572 | H23: =-Ops!H315 -> -1214.1572 | I23: =-Ops!I315 -> -1214.1572 | J23: =-Ops!J315 -> -1538.9907 | K23: =-Ops!K315 -> -1538.9907 | L23: =-Ops!L315 -> -1538.9907 | M23: =-Ops!M315 -> -1538.9907 | N23: =-Ops!N315 -> -1538.9907 | ... AM23: =-Ops!AM315 -> 0
C24: =Ops!C337 -> Transporte E Destinação - Resíduos Dos Pevs | E24: $ 000s | F24: =SUM(G24:AM24) -> -7369.9807 | G24: =-Ops!G316 -> 0 | H24: =-Ops!H316 -> 0 | I24: =-Ops!I316 -> -263.2136 | J24: =-Ops!J316 -> -263.2136 | K24: =-Ops!K316 -> -263.2136 | L24: =-Ops!L316 -> -263.2136 | M24: =-Ops!M316 -> -263.2136 | N24: =-Ops!N316 -> -263.2136 | ... AM24: =-Ops!AM316 -> 0
C25: =Ops!C338 -> Coleta Programada De Volumosos | E25: $ 000s | F25: =SUM(G25:AM25) -> -20103.28 | G25: =-Ops!G317 -> -670.10933 | H25: =-Ops!H317 -> -670.10933 | I25: =-Ops!I317 -> -670.10933 | J25: =-Ops!J317 -> -670.10933 | K25: =-Ops!K317 -> -670.10933 | L25: =-Ops!L317 -> -670.10933 | M25: =-Ops!M317 -> -670.10933 | N25: =-Ops!N317 -> -670.10933 | ... AM25: =-Ops!AM317 -> 0
C26: =Ops!C339 -> Varrição Manual | E26: $ 000s | F26: =SUM(G26:AM26) -> -33008.942 | G26: =-Ops!G318 -> -902.85759 | H26: =-Ops!H318 -> -1027.1445 | I26: =-Ops!I318 -> -1027.4156 | J26: =-Ops!J318 -> -1027.4156 | K26: =-Ops!K318 -> -1027.4156 | L26: =-Ops!L318 -> -1027.4156 | M26: =-Ops!M318 -> -1027.4156 | N26: =-Ops!N318 -> -1027.4156 | ... AM26: =-Ops!AM318 -> 0
C27: =Ops!C340 -> Serviços Gerais (Tipos I E II) | E27: $ 000s | F27: =SUM(G27:AM27) -> -74397.325 | G27: =-Ops!G319 -> -2479.9108 | H27: =-Ops!H319 -> -2479.9108 | I27: =-Ops!I319 -> -2479.9108 | J27: =-Ops!J319 -> -2479.9108 | K27: =-Ops!K319 -> -2479.9108 | L27: =-Ops!L319 -> -2479.9108 | M27: =-Ops!M319 -> -2479.9108 | N27: =-Ops!N319 -> -2479.9108 | ... AM27: =-Ops!AM319 -> 0
C28: =Ops!C341 -> Roçada | E28: $ 000s | F28: =SUM(G28:AM28) -> -42142.109 | G28: =-Ops!G320 -> -1404.737 | H28: =-Ops!H320 -> -1404.737 | I28: =-Ops!I320 -> -1404.737 | J28: =-Ops!J320 -> -1404.737 | K28: =-Ops!K320 -> -1404.737 | L28: =-Ops!L320 -> -1404.737 | M28: =-Ops!M320 -> -1404.737 | N28: =-Ops!N320 -> -1404.737 | ... AM28: =-Ops!AM320 -> 0
C29: =Ops!C342 -> Destinação Final | E29: $ 000s | F29: =SUM(G29:AM29) -> -131414.71 | G29: =-Ops!G321 -> -3730.344 | H29: =-Ops!H321 -> -3844.8985 | I29: =-Ops!I321 -> -3992.61 | J29: =-Ops!J321 -> -4036.0045 | K29: =-Ops!K321 -> -4084.313 | L29: =-Ops!L321 -> -4129.8043 | M29: =-Ops!M321 -> -5098.4926 | N29: =-Ops!N321 -> -4282.164 | ... AM29: =-Ops!AM321 -> 0
C30: =Ops!C343 -> Educaçao Ambiental | E30: $ 000s | F30: =SUM(G30:AM30) -> -6398.1914 | G30: =-Ops!G322 -> -266.27881 | H30: =-Ops!H322 -> -266.27881 | I30: =-Ops!I322 -> -266.27881 | J30: =-Ops!J322 -> -266.27881 | K30: =-Ops!K322 -> -266.27881 | L30: =-Ops!L322 -> -266.27881 | M30: =-Ops!M322 -> -200.02161 | N30: =-Ops!N322 -> -200.02161 | ... AM30: =-Ops!AM322 -> 0
C31: =Ops!C344 -> Relação Com O Usuário | E31: $ 000s | F31: =SUM(G31:AM31) -> -28189.119 | G31: =-Ops!G323 -> -405.37059 | H31: =-Ops!H323 -> -919.42288 | I31: =-Ops!I323 -> -922.18269 | J31: =-Ops!J323 -> -924.94251 | K31: =-Ops!K323 -> -927.70232 | L31: =-Ops!L323 -> -930.46214 | M31: =-Ops!M323 -> -933.22195 | N31: =-Ops!N323 -> -935.98176 | ... AM31: =-Ops!AM323 -> 0
C32: =Ops!C345 -> Administração Local | E32: $ 000s | F32: =SUM(G32:AM32) -> -24230.753 | G32: =-Ops!G324 -> -726.75658 | H32: =-Ops!H324 -> -727.20443 | I32: =-Ops!I324 -> -727.47503 | J32: =-Ops!J324 -> -728.15153 | K32: =-Ops!K324 -> -728.15153 | L32: =-Ops!L324 -> -728.15153 | M32: =-Ops!M324 -> -827.15576 | N32: =-Ops!N324 -> -827.15576 | ... AM32: =-Ops!AM324 -> 0
C33: =Ops!C347 -> Gerencialmento Contrato | E33: $ 000s | F33: =SUM(G33:AM33) -> -2303.2946 | G33: =-Ops!G326 -> -76.776486 | H33: =-Ops!H326 -> -76.776486 | I33: =-Ops!I326 -> -76.776486 | J33: =-Ops!J326 -> -76.776486 | K33: =-Ops!K326 -> -76.776486 | L33: =-Ops!L326 -> -76.776486 | M33: =-Ops!M326 -> -76.776486 | N33: =-Ops!N326 -> -76.776486 | ... AM33: =-Ops!AM326 -> 0
C34: =Ops!C348 -> Taxa de regulação ARIS | E34: $ 000s | F34: =SUM(G34:AM34) -> -2025.4495 | G34: =-Ops!G327 -> -57.75489 | H34: =-Ops!H327 -> -58.428 | I34: =-Ops!I327 -> -59.10111 | J34: =-Ops!J327 -> -59.77422 | K34: =-Ops!K327 -> -60.44733 | L34: =-Ops!L327 -> -61.12044 | M34: =-Ops!M327 -> -61.79355 | N34: =-Ops!N327 -> -62.46666 | ... AM34: =-Ops!AM327 -> 0
C35: =Ops!C349 -> Despesas com seguros multiriscos | E35: $ 000s | F35: =SUM(G35:AM35) -> -75 | G35: =-Ops!G328 -> -2.5 | H35: =-Ops!H328 -> -2.5 | I35: =-Ops!I328 -> -2.5 | J35: =-Ops!J328 -> -2.5 | K35: =-Ops!K328 -> -2.5 | L35: =-Ops!L328 -> -2.5 | M35: =-Ops!M328 -> -2.5 | N35: =-Ops!N328 -> -2.5 | ... AM35: =-Ops!AM328 -> 0
C36: =Ops!C350 -> Despesas com seguro de responsabilidade civil | E36: $ 000s | F36: =SUM(G36:AM36) -> -82.5 | G36: =-Ops!G329 -> -27.5 | H36: =-Ops!H329 -> -27.5 | I36: =-Ops!I329 -> -27.5 | J36: =-Ops!J329 -> 0 | K36: =-Ops!K329 -> 0 | L36: =-Ops!L329 -> 0 | M36: =-Ops!M329 -> 0 | N36: =-Ops!N329 -> 0 | ... AM36: =-Ops!AM329 -> 0
C37: =Ops!C351 -> Despesas com seguro garantia de execução | E37: $ 000s | F37: =SUM(G37:AM37) -> -863.73547 | G37: =-Ops!G330 -> -28.791182 | H37: =-Ops!H330 -> -28.791182 | I37: =-Ops!I330 -> -28.791182 | J37: =-Ops!J330 -> -28.791182 | K37: =-Ops!K330 -> -28.791182 | L37: =-Ops!L330 -> -28.791182 | M37: =-Ops!M330 -> -28.791182 | N37: =-Ops!N330 -> -28.791182 | ... AM37: =-Ops!AM330 -> 0
C38: =Ops!C352 -> Despesas com seguro de engenharia | E38: $ 000s | F38: =SUM(G38:AM38) -> -76.443649 | G38: =-Ops!G352 -> -1.2790065 | H38: =-Ops!H352 -> -4.9382424 | I38: =-Ops!I352 -> -1.3235913 | J38: =-Ops!J352 -> -0.17264465 | K38: =-Ops!K352 -> -0.17264465 | L38: =-Ops!L352 -> -42.703515 | M38: =-Ops!M352 -> -0.58909527 | N38: =-Ops!N352 -> -0.18214806 | ... AJ38: =-Ops!AJ352 -> -0.2219159
C39: Upfront fee | E39: $ 000s | F39: =SUM(G39:AM39) -> -191.94122 | G39: =-(Debt!G71) -> -26.937578 | H39: =-(Debt!H71) -> -3.6810895 | I39: =-(Debt!I71) -> -4.3586967 | J39: =-(Debt!J71) -> -0.9931606 | K39: =-(Debt!K71) -> -1.9078801 | L39: =-(Debt!L71) -> -30.763783 | M39: =-(Debt!M71) -> -0.60398733 | N39: =-(Debt!N71) -> -20.472957 | ... AM39: =-(Debt!AM71) -> 0
C40: Total Opex | E40: $ 000s | F40: =SUM(G40:AM40) -> -537686.56 | G40: =SUM(G22:G39) -> -15824.479 | H40: =SUM(H22:H39) -> -16558.897 | I40: =SUM(I22:I39) -> -17000.823 | J40: =SUM(J22:J39) -> -17371.108 | K40: =SUM(K22:K39) -> -17423.765 | L40: =SUM(L22:L39) -> -17544.076 | M40: =SUM(M22:M39) -> -18476.67 | N40: =SUM(N22:N39) -> -17683.236 | ... AM40: =SUM(AM22:AM39) -> 0
C42: Ajustes de Capital de Giro | E42: $ 000s | F42: =SUM(G42:AN42) -> -2.2737368e-13 | G42: =Ops!G391 -> -603.77923 | H42: =Ops!H391 -> 69.238522 | I42: =Ops!I391 -> -330.52969 | J42: =Ops!J391 -> -12.209749 | K42: =Ops!K391 -> -33.827984 | L42: =Ops!L391 -> -116.2054 | M42: =Ops!M391 -> -19.017917 | N42: =Ops!N391 -> -92.622665 | ... AM42: =Ops!AM391 -> 0
C44: Fluxo de Caixa Operacional | E44: $ 000s | F44: =SUM(G44:AM44) -> 178812.43 | G44: =G19+G40+G42 -> -552.25075 | H44: =H19+H40+H42 -> -1438.2344 | I44: =I19+I40+I42 -> 2163.4637 | J44: =J19+J40+J42 -> 2792.2469 | K44: =K19+K40+K42 -> 3129.5463 | L44: =L19+L40+L42 -> 4374.9341 | M44: =M19+M40+M42 -> 3736.6683 | N44: =N19+N40+N42 -> 5583.4063 | ... AM44: =AM19+AM40+AM42 -> 0
C46: Investimentos (Usos)
C47: =Ops!C412 -> CAPEX - Divisíveis | E47: $ 000s | F47: =SUM(G47:AM47) -> -73286.584 | G47: =-Ops!G412 -> -9009.4527 | H47: =-Ops!H412 -> -1410.9264 | I47: =-Ops!I412 -> -1743.4787 | J47: =-Ops!J412 -> -383.71704 | K47: =-Ops!K412 -> -763.15204 | L47: =-Ops!L412 -> -12231.004 | M47: =-Ops!M412 -> -217.17293 | N47: =-Ops!N412 -> -8189.1826 | ... AM47: =-Ops!AM412 -> 0
C48: =Ops!C413 -> CAPEX - Indivisíveis | E48: =Ops!E413 -> $ 000s | F48: =SUM(G48:AM48) -> -3489.902 | G48: =-Ops!G413 -> -1765.5784 | H48: =-Ops!H413 -> -61.50941 | I48: =-Ops!I413 -> 0 | J48: =-Ops!J413 -> -13.5472 | K48: =-Ops!K413 -> 0 | L48: =-Ops!L413 -> -74.5088 | M48: =-Ops!M413 -> -24.422 | N48: =-Ops!N413 -> 0 | ... AM48: =-Ops!AM413 -> 0
C49: CAPEX total | E49: $ 000s | F49: =SUM(G49:AM49) -> -76776.486 | G49: =SUM(G47:G48) -> -10775.031 | H49: =SUM(H47:H48) -> -1472.4358 | I49: =SUM(I47:I48) -> -1743.4787 | J49: =SUM(J47:J48) -> -397.26424 | K49: =SUM(K47:K48) -> -763.15204 | L49: =SUM(L47:L48) -> -12305.513 | M49: =SUM(M47:M48) -> -241.59493 | N49: =SUM(N47:N48) -> -8189.1826 | ... AM49: =SUM(AM47:AM48) -> 0
C51: Funding (Fontes)
C52: Equity - Indivisiveis | E52: $ 000s | F52: =SUM(G52:AM52) -> 38388.243 | G52: =Debt!G68 -> 5387.5156 | H52: =Debt!H68 -> 736.2179 | I52: =Debt!I68 -> 871.73935 | J52: =Debt!J68 -> 198.63212 | K52: =Debt!K68 -> 381.57602 | L52: =Debt!L68 -> 6152.7566 | M52: =Debt!M68 -> 120.79747 | N52: =Debt!N68 -> 4094.5913 | ... AM52: =Debt!AM68 -> 0
C53: Dívida Senior | E53: $ 000s | F53: =SUM(G53:AM53) -> 38388.243 | G53: =Debt!G67 -> 5387.5156 | H53: =Debt!H67 -> 736.2179 | I53: =Debt!I67 -> 871.73935 | J53: =Debt!J67 -> 198.63212 | K53: =Debt!K67 -> 381.57602 | L53: =Debt!L67 -> 6152.7566 | M53: =Debt!M67 -> 120.79747 | N53: =Debt!N67 -> 4094.5913 | ... AM53: =Debt!AM67 -> 0
C54: Total | E54: $ 000s | F54: =SUM(G54:AM54) -> 76776.486 | G54: =SUM(G52:G53) -> 10775.031 | H54: =SUM(H52:H53) -> 1472.4358 | I54: =SUM(I52:I53) -> 1743.4787 | J54: =SUM(J52:J53) -> 397.26424 | K54: =SUM(K52:K53) -> 763.15204 | L54: =SUM(L52:L53) -> 12305.513 | M54: =SUM(M52:M53) -> 241.59493 | N54: =SUM(N52:N53) -> 8189.1826 | ... AM54: =SUM(AM52:AM53) -> 0
C56: Fluxo de Caixa após funding | E56: $ 000s | F56: =SUM(G56:AM56) -> 178812.43 | G56: =G44+G49+G54 -> -552.25075 | H56: =H44+H49+H54 -> -1438.2344 | I56: =I44+I49+I54 -> 2163.4637 | J56: =J44+J49+J54 -> 2792.2469 | K56: =K44+K49+K54 -> 3129.5463 | L56: =L44+L49+L54 -> 4374.9341 | M56: =M44+M49+M54 -> 3736.6683 | N56: =N44+N49+N54 -> 5583.4063 | ... AM56: =AM44+AM49+AM54 -> 0
C58: Venda de Ativo de imobilizado | E58: $ 000s | F58: =SUM(G58:AM58) -> 13979.128 | G58: =Ops!G927 -> 0 | H58: =Ops!H927 -> 0 | I58: =Ops!I927 -> 0 | J58: =Ops!J927 -> 0 | K58: =Ops!K927 -> 0 | L58: =Ops!L927 -> 0 | M58: =Ops!M927 -> 0 | N58: =Ops!N927 -> 3479.9394 | ... AM58: =Ops!AM927 -> 0
C60: IR / CSLL pagos | E60: $ 000s | F60: =SUM(G60:AJ60) -> -36456.505 | G60: =-Ops!G985 -> 0 | H60: =-Ops!H985 -> 0 | I60: =-Ops!I985 -> -22.884311 | J60: =-Ops!J985 -> -72.053827 | K60: =-Ops!K985 -> -139.53091 | L60: =-Ops!L985 -> -594.61205 | M60: =-Ops!M985 -> -408.23945 | N60: =-Ops!N985 -> -513.92216 | ... AM60: =-Ops!AM985 -> 0
C62: Fluxo de Caixa para Serviços da Dívida | E62: $ 000s | F62: =SUM(G62:AJ62) -> 156335.06 | G62: =G56+G60+G58 -> -552.25075 | H62: =H56+H60+H58 -> -1438.2344 | I62: =I56+I60+I58 -> 2140.5794 | J62: =J56+J60+J58 -> 2720.1931 | K62: =K56+K60+K58 -> 2990.0154 | L62: =L56+L60+L58 -> 3780.322 | M62: =M56+M60+M58 -> 3328.4289 | N62: =N56+N60+N58 -> 8549.4236 | ... AM62: =AM56+AM60+AM58 -> 0
C64: Dívida Senior
C65: Pagamento de Juros | E65: $ 000s | F65: =SUM(G65:AM65) -> -21660.671 | G65: =-Debt!G276 -> -592.62671 | H65: =-Debt!H276 -> -673.61068 | I65: =-Debt!I276 -> -769.50201 | J65: =-Debt!J276 -> -736.38711 | K65: =-Debt!K276 -> -721.71531 | L65: =-Debt!L276 -> -1338.3756 | M65: =-Debt!M276 -> -1229.9928 | N65: =-Debt!N276 -> -1557.3986 | ... AM65: =-Debt!AM276 -> 0
C66: Pagamento de Principal | E66: $ 000s | F66: =SUM(G66:AM66) -> -38388.243 | G66: =-Debt!G277 -> 0 | H66: =-Debt!H277 -> 0 | I66: =-Debt!I277 -> -499.67663 | J66: =-Debt!J277 -> -514.95602 | K66: =-Debt!K277 -> -546.75403 | L66: =-Debt!L277 -> -1106.0955 | M66: =-Debt!M277 -> -1118.1753 | N66: =-Debt!N277 -> -1573.1299 | ... AM66: =-Debt!AM277 -> 0
C67: Juros Pagos e Amortização total | E67: $ 000s | F67: =SUM(G67:AM67) -> -60048.914 | G67: =SUM(G65:G66) -> -592.62671 | H67: =SUM(H65:H66) -> -673.61068 | I67: =SUM(I65:I66) -> -1269.1786 | J67: =SUM(J65:J66) -> -1251.3431 | K67: =SUM(K65:K66) -> -1268.4693 | L67: =SUM(L65:L66) -> -2444.4711 | M67: =SUM(M65:M66) -> -2348.1681 | N67: =SUM(N65:N66) -> -3130.5284 | ... AM67: =SUM(AM65:AM66) -> 0
C69: Fluxo de Caixa para Conta Reserva | E69: $ 000s | F69: =SUM(G69:AJ69) -> 96286.142 | G69: =G62+G67 -> -1144.8775 | H69: =H62+H67 -> -2111.8451 | I69: =I62+I67 -> 871.40071 | J69: =J62+J67 -> 1468.85 | K69: =K62+K67 -> 1721.5461 | L69: =L62+L67 -> 1335.8509 | M69: =M62+M67 -> 980.26078 | N69: =N62+N67 -> 5418.8951 | ... AM69: =AM62+AM67 -> 0
C71: Conta reserva
C72: Depósitos Conta Reserva | E72: $ 000s | F72: =SUM(G72:AJ72) -> -3069.3201 | G72: =-Debt!G293 -> 0 | H72: =-Debt!H293 -> -423.05955 | I72: =-Debt!I293 -> 0 | J72: =-Debt!J293 -> -5.7087338 | K72: =-Debt!K293 -> -392.0006 | L72: =-Debt!L293 -> 0 | M72: =-Debt!M293 -> -260.78678 | N72: =-Debt!N293 -> 0 | ... AM72: =-Debt!AM293 -> 0
C73: Saques Conta Reserva | E73: $ 000s | F73: =SUM(G73:AJ73) -> 3069.3201 | G73: =-Debt!G294 -> 0 | H73: =-Debt!H294 -> 0 | I73: =-Debt!I294 -> 5.9451673 | J73: =-Debt!J294 -> 0 | K73: =-Debt!K294 -> 0 | L73: =-Debt!L294 -> 32.101013 | M73: =-Debt!M294 -> 0 | N73: =-Debt!N294 -> 55.981417 | ... AM73: =-Debt!AM294 -> 0
C74: Total | E74: $ 000s | F74: =SUM(G74:AJ74) -> 0 | G74: =SUM(G72:G73) -> 0 | H74: =SUM(H72:H73) -> -423.05955 | I74: =SUM(I72:I73) -> 5.9451673 | J74: =SUM(J72:J73) -> -5.7087338 | K74: =SUM(K72:K73) -> -392.0006 | L74: =SUM(L72:L73) -> 32.101013 | M74: =SUM(M72:M73) -> -260.78678 | N74: =SUM(N72:N73) -> 55.981417 | ... AM74: =SUM(AM72:AM73) -> 0
C76: Fluxo de caixa antes de receita financeira | E76: $ 000s | F76: =SUM(G76:AJ76) -> 96286.142 | G76: =G69+G74 -> -1144.8775 | H76: =H69+H74 -> -2534.9047 | I76: =I69+I74 -> 877.34588 | J76: =J69+J74 -> 1463.1412 | K76: =K69+K74 -> 1329.5455 | L76: =L69+L74 -> 1367.9519 | M76: =M69+M74 -> 719.47399 | N76: =N69+N74 -> 5474.8765 | ... AM76: =AM69+AM74 -> 0
C78: Receitas Financeiras | E78: $ 000s | F78: =SUM(G78:AJ78) -> 9915.5511 | G78: =Ops!G1078 -> 0 | H78: =Ops!H1078 -> 0 | I78: =Ops!I1078 -> 0 | J78: =Ops!J1078 -> 63.531546 | K78: =Ops!K1078 -> 178.43002 | L78: =Ops!L1078 -> 137.15562 | M78: =Ops!M1078 -> 55.993643 | N78: =Ops!N1078 -> 6.5349826 | ... AM78: =Ops!AM1078 -> 0
C79: Fiança Bancária | E79: $ 000s | F79: =SUM(G79:AM79) -> -1695.1763 | G79: =-Debt!G118 -> -107.75031 | H79: =-Debt!H118 -> -122.47467 | I79: =-Debt!I118 -> -129.91592 | J79: =-Debt!J118 -> -123.58945 | K79: =-Debt!K118 -> -120.28589 | L79: =-Debt!L118 -> -221.21911 | M79: =-Debt!M118 -> -201.27155 | N79: =-Debt!N118 -> -251.70078 | ... AM79: =-Debt!AM118 -> 0
C81: Fluxo de Caixa para Acionista | E81: $ 000s | F81: =SUM(G81:AJ81) -> 104506.52 | G81: =G76+G78+G79 -> -1252.6278 | H81: =H76+H78+H79 -> -2657.3793 | I81: =I76+I78+I79 -> 747.42996 | J81: =J76+J78+J79 -> 1403.0833 | K81: =K76+K78+K79 -> 1387.6896 | L81: =L76+L78+L79 -> 1283.8884 | M81: =M76+M78+M79 -> 574.19609 | N81: =N76+N78+N79 -> 5229.7107 | ... AM81: =AM76+AM78+AM79 -> 0
C83: Dividendos | E83: $ 000s | F83: =SUM(G83:AJ83) -> -73282.204 | G83: =-Ops!G1116 -> 0 | H83: =-Ops!H1116 -> 0 | I83: =-Ops!I1116 -> 0 | J83: =-Ops!J1116 -> -51.336648 | K83: =-Ops!K1116 -> -1873.2707 | L83: =-Ops!L1116 -> -2238.7353 | M83: =-Ops!M1116 -> -1156.0627 | N83: =-Ops!N1116 -> -5007.8027 | ... AM83: =-Ops!AM1116 -> 0
C84: Reserva legal | E84: $ 000s | F84: =SUM(G84:AJ84) -> -3998.7066 | G84: =-Ops!G1089 -> 0 | H84: =-Ops!H1089 -> 0 | I84: =-Ops!I1089 -> -64.317803 | J84: =-Ops!J1089 -> -80.132655 | K84: =-Ops!K1089 -> -98.593195 | L84: =-Ops!L1089 -> -117.82817 | M84: =-Ops!M1089 -> -76.882149 | N84: =-Ops!N1089 -> -298.7902 | ... AM84: =-Ops!AM1089 -> 0
C86: Fluxo de Caixa líquido | E86: $ 000s | F86: =SUM(G86:AJ86) -> 27225.607 | G86: =SUM(G81:G84) -> -1252.6278 | H86: =SUM(H81:H84) -> -2657.3793 | I86: =SUM(I81:I84) -> 683.11215 | J86: =SUM(J81:J84) -> 1271.614 | K86: =SUM(K81:K84) -> -584.17426 | L86: =SUM(L81:L84) -> -1072.675 | M86: =SUM(M81:M84) -> -658.74874 | N86: =SUM(N81:N84) -> -76.882149 | ... AM86: =SUM(AM81:AM84) -> 0
C88: Saldo caixa c/f | E88: $ 000s | G88: =Ops!G1065 -> 0 | H88: =Ops!H1065 -> 0 | I88: =Ops!I1065 -> 747.42996 | J88: =Ops!J1065 -> 2099.1767 | K88: =Ops!K1065 -> 1613.5956 | L88: =Ops!L1065 -> 658.74874 | M88: =Ops!M1065 -> 76.882149 | N88: =Ops!N1065 -> 298.7902 | ... AM88: =Ops!AM1065 -> 35134.32
F89: =SUM(G89:AJ89) -> 0 | G89: =IF(ABS(G88)<0,1,0) -> 0 | H89: =IF(ABS(H88)<0,1,0) -> 0 | I89: =IF(ABS(I88)<0,1,0) -> 0 | J89: =IF(ABS(J88)<0,1,0) -> 0 | K89: =IF(ABS(K88)<0,1,0) -> 0 | L89: =IF(ABS(L88)<0,1,0) -> 0 | M89: =IF(ABS(M88)<0,1,0) -> 0 | N89: =IF(ABS(N88)<0,1,0) -> 0 | ... AM89: =IF(ABS(AM88)<0,1,0) -> 0
C92: Exposição Máxima
C109: Fluxo de Caixa S/ Alavancagem R$
C111: Receita Líquida
C112: Contraprestação Pública Anual | E112: $ 000s | F112: =SUM(G112:AM112) -> 225809.86 | G112: =G16 -> 15451.717 | H112: =H16 -> 6334.3741 | I112: =I16 -> 6406.5075 | J112: =J16 -> 6477.8194 | K112: =K16 -> 6548.3282 | L112: =L16 -> 6618.0519 | M112: =M16 -> 6687.0077 | N112: =N16 -> 6755.2125 | ... AM112: =AM16 -> 0
C113: Receitas Tarifárias | E113: $ 000s | F113: =SUM(G113:AM113) -> 555333.94 | G113: =G17 -> 0 | H113: =H17 -> 11758.953 | I113: =I17 -> 15920.763 | J113: =J17 -> 16102.167 | K113: =K17 -> 16283.572 | L113: =L17 -> 16464.976 | M113: =M17 -> 17728.395 | N113: =N17 -> 17921.591 | ... AM113: =AM17 -> 0
C114: Deduções da Receita | E114: $ 000s | F114: =SUM(G114:AM114) -> -64644.805 | G114: =G18 -> 424.29065 | H114: =H18 -> -3041.9031 | I114: =I18 -> -2832.4535 | J114: =J18 -> -2404.4216 | K114: =K18 -> -2244.761 | L114: =L18 -> -1047.8131 | M114: =M18 -> -2183.0472 | N114: =N18 -> -1317.5386 | ... AM114: =AM18 -> 0
C115: Total Receitas | E115: $ 000s | F115: =SUM(G115:AM115) -> 716499 | G115: =SUM(G112:G114) -> 15876.008 | H115: =SUM(H112:H114) -> 15051.424 | I115: =SUM(I112:I114) -> 19494.817 | J115: =SUM(J112:J114) -> 20175.565 | K115: =SUM(K112:K114) -> 20587.139 | L115: =SUM(L112:L114) -> 22035.215 | M115: =SUM(M112:M114) -> 22232.356 | N115: =SUM(N112:N114) -> 23359.265 | ... AM115: =SUM(AM112:AM114) -> 0
C117: OPEX | E117: $ 000s | F117: =SUM(G117:AM117) -> -537686.56 | G117: =G40 -> -15824.479 | H117: =H40 -> -16558.897 | I117: =I40 -> -17000.823 | J117: =J40 -> -17371.108 | K117: =K40 -> -17423.765 | L117: =L40 -> -17544.076 | M117: =M40 -> -18476.67 | N117: =N40 -> -17683.236 | ... AM117: =AM40 -> 0
C118: Ajustes de Capital de Giro | E118: $ 000s | F118: =SUM(G118:AM118) -> -2.2737368e-13 | G118: =G42 -> -603.77923 | H118: =H42 -> 69.238522 | I118: =I42 -> -330.52969 | J118: =J42 -> -12.209749 | K118: =K42 -> -33.827984 | L118: =L42 -> -116.2054 | M118: =M42 -> -19.017917 | N118: =N42 -> -92.622665 | ... AM118: =AM42 -> 0
C120: Fluxo de Caixa Operacional | E120: $ 000s | F120: =SUM(G120:AM120) -> 178812.43 | G120: =SUM(G115:G118) -> -552.25075 | H120: =SUM(H115:H118) -> -1438.2344 | I120: =SUM(I115:I118) -> 2163.4637 | J120: =SUM(J115:J118) -> 2792.2469 | K120: =SUM(K115:K118) -> 3129.5463 | L120: =SUM(L115:L118) -> 4374.9341 | M120: =SUM(M115:M118) -> 3736.6683 | N120: =SUM(N115:N118) -> 5583.4063 | ... AM120: =SUM(AM115:AM118) -> 0
C122: CAPEX | E122: $ 000s | F122: =SUM(G122:AM122) -> -76776.486 | G122: =G49 -> -10775.031 | H122: =H49 -> -1472.4358 | I122: =I49 -> -1743.4787 | J122: =J49 -> -397.26424 | K122: =K49 -> -763.15204 | L122: =L49 -> -12305.513 | M122: =M49 -> -241.59493 | N122: =N49 -> -8189.1826 | ... AM122: =AM49 -> 0
C123: IR/CSLL pagos | E123: $ 000s | F123: =SUM(G123:AM123) -> -36456.505 | G123: =G60 -> 0 | H123: =H60 -> 0 | I123: =I60 -> -22.884311 | J123: =J60 -> -72.053827 | K123: =K60 -> -139.53091 | L123: =L60 -> -594.61205 | M123: =M60 -> -408.23945 | N123: =N60 -> -513.92216 | ... AM123: =AM60 -> 0
C124: Venda de ativo imobilizado | E124: $ 000s | F124: =SUM(G124:AM124) -> 13979.128 | G124: =G58 -> 0 | H124: =H58 -> 0 | I124: =I58 -> 0 | J124: =J58 -> 0 | K124: =K58 -> 0 | L124: =L58 -> 0 | M124: =M58 -> 0 | N124: =N58 -> 3479.9394 | ... AM124: =AM58 -> 0
C126: Fluxo de Caixa para Serviços da Dívida | E126: $ 000s | F126: =SUM(G126:AM126) -> 79558.57 | G126: =SUM(G120:G124) -> -11327.282 | H126: =SUM(H120:H124) -> -2910.6702 | I126: =SUM(I120:I124) -> 397.10066 | J126: =SUM(J120:J124) -> 2322.9289 | K126: =SUM(K120:K124) -> 2226.8634 | L126: =SUM(L120:L124) -> -8525.1911 | M126: =SUM(M120:M124) -> 3086.8339 | N126: =SUM(N120:N124) -> 360.24094 | ... AM126: =SUM(AM120:AM124) -> 0
C128: Conta reserva | E128: $ 000s | F128: =SUM(G128:AM128) -> 0 | G128: =G74 -> 0 | H128: =H74 -> -423.05955 | I128: =I74 -> 5.9451673 | J128: =J74 -> -5.7087338 | K128: =K74 -> -392.0006 | L128: =L74 -> 32.101013 | M128: =M74 -> -260.78678 | N128: =N74 -> 55.981417 | ... AM128: =AM74 -> 0
C130: Fluxo de caixa antes de receita financeira | E130: $ 000s | F130: =SUM(G130:AM130) -> 79558.57 | G130: =SUM(G126:G128) -> -11327.282 | H130: =SUM(H126:H128) -> -3333.7298 | I130: =SUM(I126:I128) -> 403.04582 | J130: =SUM(J126:J128) -> 2317.2201 | K130: =SUM(K126:K128) -> 1834.8628 | L130: =SUM(L126:L128) -> -8493.0901 | M130: =SUM(M126:M128) -> 2826.0471 | N130: =SUM(N126:N128) -> 416.22236 | ... AM130: =SUM(AM126:AM128) -> 0
C132: Receitas Financeiras | E132: $ 000s | F132: =SUM(G132:AM132) -> 9915.5511 | G132: =G78 -> 0 | H132: =H78 -> 0 | I132: =I78 -> 0 | J132: =J78 -> 63.531546 | K132: =K78 -> 178.43002 | L132: =L78 -> 137.15562 | M132: =M78 -> 55.993643 | N132: =N78 -> 6.5349826 | ... AM132: =AM78 -> 0
C134: Fluxo de Caixa para Acionista | E134: $ 000s | F134: =SUM(G134:AM134) -> 89474.121 | G134: =SUM(G130:G132) -> -11327.282 | H134: =SUM(H130:H132) -> -3333.7298 | I134: =SUM(I130:I132) -> 403.04582 | J134: =SUM(J130:J132) -> 2380.7517 | K134: =SUM(K130:K132) -> 2013.2928 | L134: =SUM(L130:L132) -> -8355.9345 | M134: =SUM(M130:M132) -> 2882.0408 | N134: =SUM(N130:N132) -> 422.75734 | ... AM134: =SUM(AM130:AM132) -> 0
C136: Reserva legal | E136: $ 000s | F136: =SUM(G136:AM136) -> -3998.7066 | G136: =G84 -> 0 | H136: =H84 -> 0 | I136: =I84 -> -64.317803 | J136: =J84 -> -80.132655 | K136: =K84 -> -98.593195 | L136: =L84 -> -117.82817 | M136: =M84 -> -76.882149 | N136: =N84 -> -298.7902 | ... AM136: =AM84 -> 0
C138: Fluxo de Caixa líquido | E138: $ 000s | F138: =SUM(G138:AM138) -> 85475.415 | G138: =SUM(G134:G136) -> -11327.282 | H138: =SUM(H134:H136) -> -3333.7298 | I138: =SUM(I134:I136) -> 338.72802 | J138: =SUM(J134:J136) -> 2300.619 | K138: =SUM(K134:K136) -> 1914.6996 | L138: =SUM(L134:L136) -> -8473.7626 | M138: =SUM(M134:M136) -> 2805.1586 | N138: =SUM(N134:N136) -> 123.96714 | ... AM138: =SUM(AM134:AM136) -> 0
C141: Demonstração de Resultado (Contábil & Regulatória) (R$)
C143: =C16&" + "&C17 -> Contraprestação Pública Anual + Receitas Tarifárias | E143: $ 000s | F143: =SUM(G143:AM143) -> 716499 | G143: =G19 -> 15876.008 | H143: =H19 -> 15051.424 | I143: =I19 -> 19494.817 | J143: =J19 -> 20175.565 | K143: =K19 -> 20587.139 | L143: =L19 -> 22035.215 | M143: =M19 -> 22232.356 | N143: =N19 -> 23359.265 | ... AM143: =AM19 -> 0
C144: Custos e Despesas Operacionais | E144: $ 000s | F144: =SUM(G144:AM144) -> -537494.62 | G144: =-Ops!G356 -> -15797.542 | H144: =-Ops!H356 -> -16555.216 | I144: =-Ops!I356 -> -16996.465 | J144: =-Ops!J356 -> -17370.115 | K144: =-Ops!K356 -> -17421.857 | L144: =-Ops!L356 -> -17513.312 | M144: =-Ops!M356 -> -18476.066 | N144: =-Ops!N356 -> -17662.763 | ... AM144: =-Ops!AM356 -> 0
C145: Receita Ativo da Concessão (IFRIC 12) | E145: $ 000s | F145: =SUM(G145:AM145) -> 96059.359 | G145: =Ops!G1024+Ops!G1041 -> 0 | H145: =Ops!H1024+Ops!H1041 -> 1080.8493 | I145: =Ops!I1024+Ops!I1041 -> 1254.5491 | J145: =Ops!J1024+Ops!J1041 -> 1435.6636 | K145: =Ops!K1024+Ops!K1041 -> 1481.9044 | L145: =Ops!L1024+Ops!L1041 -> 1564.119 | M145: =Ops!M1024+Ops!M1041 -> 2803.4397 | N145: =Ops!N1024+Ops!N1041 -> 2818.9455 | ... AM145: =Ops!AM1024+Ops!AM1041 -> 0
C146: Receita de Construção (IFRIC 12) | E146: $ 000s | F146: =SUM(G146:AM146) -> 76776.486 | G146: =Ops!G1023+Ops!G1040 -> 10775.031 | H146: =Ops!H1023+Ops!H1040 -> 1472.4358 | I146: =Ops!I1023+Ops!I1040 -> 1743.4787 | J146: =Ops!J1023+Ops!J1040 -> 397.26424 | K146: =Ops!K1023+Ops!K1040 -> 763.15204 | L146: =Ops!L1023+Ops!L1040 -> 12305.513 | M146: =Ops!M1023+Ops!M1040 -> 241.59493 | N146: =Ops!N1023+Ops!N1040 -> 8189.1826 | ... AM146: =Ops!AM1023+Ops!AM1040 -> 0
C147: EBITDA | E147: $ 000s | F147: =SUM(G147:AM147) -> 351840.22 | G147: =SUM(G143:G146) -> 10853.497 | H147: =SUM(H143:H146) -> 1049.4932 | I147: =SUM(I143:I146) -> 5496.3798 | J147: =SUM(J143:J146) -> 4638.3777 | K147: =SUM(K143:K146) -> 5410.3386 | L147: =SUM(L143:L146) -> 18391.535 | M147: =SUM(M143:M146) -> 6801.3249 | N147: =SUM(N143:N146) -> 16704.63 | ... AM147: =SUM(AM143:AM146) -> 0
C149: Amortização Ativo Financeiro (IFRIC 12) | E149: $ 000s | F149: =SUM(G149:AM149) -> -172835.84 | G149: =Ops!G1025+Ops!G1042 -> 0 | H149: =Ops!H1025+Ops!H1042 -> -821.66445 | I149: =Ops!I1025+Ops!I1042 -> -1192.4892 | J149: =Ops!J1025+Ops!J1042 -> -1371.9521 | K149: =Ops!K1025+Ops!K1042 -> -1425.4557 | L149: =Ops!L1025+Ops!L1042 -> -1514.7918 | M149: =Ops!M1025+Ops!M1042 -> -2890.4568 | N149: =Ops!N1025+Ops!N1042 -> -2947.1606 | ... AM149: =Ops!AM1025+Ops!AM1042 -> 0
C150: Despesas com Juros | E150: $ 000s | F150: =SUM(G150:AM150) -> -21660.671 | G150: =-Debt!G276 -> -592.62671 | H150: =-Debt!H276 -> -673.61068 | I150: =-Debt!I276 -> -769.50201 | J150: =-Debt!J276 -> -736.38711 | K150: =-Debt!K276 -> -721.71531 | L150: =-Debt!L276 -> -1338.3756 | M150: =-Debt!M276 -> -1229.9928 | N150: =-Debt!N276 -> -1557.3986 | ... AM150: =-Debt!AM276 -> 0
C151: Outras despesas financeiras (Fiança Dívida) | E151: $ 000s | F151: =SUM(G151:AM151) -> -1887.1175 | G151: =-Debt!G118-(+Debt!G71) -> -134.68789 | H151: =-Debt!H118-(+Debt!H71) -> -126.15576 | I151: =-Debt!I118-(+Debt!I71) -> -134.27462 | J151: =-Debt!J118-(+Debt!J71) -> -124.58261 | K151: =-Debt!K118-(+Debt!K71) -> -122.19377 | L151: =-Debt!L118-(+Debt!L71) -> -251.98289 | M151: =-Debt!M118-(+Debt!M71) -> -201.87554 | N151: =-Debt!N118-(+Debt!N71) -> -272.17374 | ... AM151: =-Debt!AM118-(+Debt!AM71) -> 0
C152: Receitas Financeiras | E152: $ 000s | F152: =SUM(G152:AM152) -> 9915.5511 | G152: =Ops!G1078 -> 0 | H152: =Ops!H1078 -> 0 | I152: =Ops!I1078 -> 0 | J152: =Ops!J1078 -> 63.531546 | K152: =Ops!K1078 -> 178.43002 | L152: =Ops!L1078 -> 137.15562 | M152: =Ops!M1078 -> 55.993643 | N152: =Ops!N1078 -> 6.5349826 | ... AM152: =Ops!AM1078 -> 0
C153: Custo de Construção (IFRIC 12) | E153: $ 000s | F153: =SUM(G153:AM153) -> -76776.486 | G153: =-Ops!G1023-Ops!G1040 -> -10775.031 | H153: =-Ops!H1023-Ops!H1040 -> -1472.4358 | I153: =-Ops!I1023-Ops!I1040 -> -1743.4787 | J153: =-Ops!J1023-Ops!J1040 -> -397.26424 | K153: =-Ops!K1023-Ops!K1040 -> -763.15204 | L153: =-Ops!L1023-Ops!L1040 -> -12305.513 | M153: =-Ops!M1023-Ops!M1040 -> -241.59493 | N153: =-Ops!N1023-Ops!N1040 -> -8189.1826 | ... AM153: =-Ops!AM1023-Ops!AM1040 -> 0
C154: EBT | E154: $ 000s | F154: =SUM(G154:AJ154) -> 88595.65 | G154: =SUM(G149:G153)+G147 -> -648.84855 | H154: =SUM(H149:H153)+H147 -> -2044.3735 | I154: =SUM(I149:I153)+I147 -> 1656.6352 | J154: =SUM(J149:J153)+J147 -> 2071.7232 | K154: =SUM(K149:K153)+K147 -> 2556.2518 | L154: =SUM(L149:L153)+L147 -> 3118.0276 | M154: =SUM(M149:M153)+M147 -> 2293.3984 | N154: =SUM(N149:N153)+N147 -> 3745.2496 | ... AM154: =SUM(AM149:AM153)+AM147 -> 0
C156: Outras receitas não operacionais | E156: $ 000s | F156: =SUM(G156:AM156) -> 13979.128 | G156: =Ops!G927 -> 0 | H156: =Ops!H927 -> 0 | I156: =Ops!I927 -> 0 | J156: =Ops!J927 -> 0 | K156: =Ops!K927 -> 0 | L156: =Ops!L927 -> 0 | M156: =Ops!M927 -> 0 | N156: =Ops!N927 -> 3479.9394 | ... AM156: =Ops!AM927 -> 0
C157: Despesas de IR / CSLL | E157: $ 000s | F157: =SUM(G157:AJ157) -> -31628.191 | G157: =-Ops!G986 -> 0 | H157: =-Ops!H986 -> 0 | I157: =-Ops!I986 -> -370.27919 | J157: =-Ops!J986 -> -469.07013 | K157: =-Ops!K986 -> -584.38794 | L157: =-Ops!L986 -> -761.46413 | M157: =-Ops!M986 -> -755.75547 | N157: =-Ops!N986 -> -1249.3849 | ... AM157: =-Ops!AM986 -> 0
...

Sheet Usos e fontes
A1: Usos e fontes total
B3: Usos e Fontes | C3: Unit | D3: Total | E3: =DFs!G8 -> 1 | F3: =DFs!H8 -> 2 | G3: =DFs!I8 -> 3 | H3: =DFs!J8 -> 4 | I3: =DFs!K8 -> 5 | J3: =DFs!L8 -> 6 | K3: =DFs!M8 -> 7 | L3: =DFs!N8 -> 8 | ... AH3: =DFs!AJ8 -> 30
B5: Custos | C5: $ 000s | D5: =SUM(E5:AH5) -> -537686.56 | E5: =DFs!G40 -> -15824.479 | F5: =DFs!H40 -> -16558.897 | G5: =DFs!I40 -> -17000.823 | H5: =DFs!J40 -> -17371.108 | I5: =DFs!K40 -> -17423.765 | J5: =DFs!L40 -> -17544.076 | K5: =DFs!M40 -> -18476.67 | L5: =DFs!N40 -> -17683.236 | ... AH5: =DFs!AJ40 -> -18600.254
B6: Investimentos | C6: $ 000s | D6: =SUM(E6:AH6) -> -76776.486 | E6: =DFs!G49 -> -10775.031 | F6: =DFs!H49 -> -1472.4358 | G6: =DFs!I49 -> -1743.4787 | H6: =DFs!J49 -> -397.26424 | I6: =DFs!K49 -> -763.15204 | J6: =DFs!L49 -> -12305.513 | K6: =DFs!M49 -> -241.59493 | L6: =DFs!N49 -> -8189.1826 | ... AH6: =DFs!AJ49 -> -63.404542
B7: Imposto de renda pago | C7: $ 000s | D7: =SUM(E7:AH7) -> -36456.505 | E7: =DFs!G60 -> 0 | F7: =DFs!H60 -> 0 | G7: =DFs!I60 -> -22.884311 | H7: =DFs!J60 -> -72.053827 | I7: =DFs!K60 -> -139.53091 | J7: =DFs!L60 -> -594.61205 | K7: =DFs!M60 -> -408.23945 | L7: =DFs!N60 -> -513.92216 | ... AH7: =DFs!AJ60 -> -2241.3367
B8: =DFs!C72 -> Depósitos Conta Reserva | C8: $ 000s | D8: =SUM(E8:AH8) -> -3069.3201 | E8: =DFs!G72 -> 0 | F8: =DFs!H72 -> -423.05955 | G8: =DFs!I72 -> 0 | H8: =DFs!J72 -> -5.7087338 | I8: =DFs!K72 -> -392.0006 | J8: =DFs!L72 -> 0 | K8: =DFs!M72 -> -260.78678 | L8: =DFs!N72 -> 0 | ... AH8: =DFs!AJ72 -> 0
B9: =DFs!C65 -> Pagamento de Juros | C9: $ 000s | D9: =SUM(E9:AH9) -> -21660.671 | E9: =DFs!G65 -> -592.62671 | F9: =DFs!H65 -> -673.61068 | G9: =DFs!I65 -> -769.50201 | H9: =DFs!J65 -> -736.38711 | I9: =DFs!K65 -> -721.71531 | J9: =DFs!L65 -> -1338.3756 | K9: =DFs!M65 -> -1229.9928 | L9: =DFs!N65 -> -1557.3986 | ... AH9: =DFs!AJ65 -> -347.14569
B10: =DFs!C66 -> Pagamento de Principal | C10: $ 000s | D10: =SUM(E10:AH10) -> -38388.243 | E10: =DFs!G66 -> 0 | F10: =DFs!H66 -> 0 | G10: =DFs!I66 -> -499.67663 | H10: =DFs!J66 -> -514.95602 | I10: =DFs!K66 -> -546.75403 | J10: =DFs!L66 -> -1106.0955 | K10: =DFs!M66 -> -1118.1753 | L10: =DFs!N66 -> -1573.1299 | ... AH10: =DFs!AJ66 -> -3155.8699
B11: =DFs!C79 -> Fiança Bancária | C11: $ 000s | D11: =SUM(E11:AH11) -> -1695.1763 | E11: =DFs!G79 -> -107.75031 | F11: =DFs!H79 -> -122.47467 | G11: =DFs!I79 -> -129.91592 | H11: =DFs!J79 -> -123.58945 | I11: =DFs!K79 -> -120.28589 | J11: =DFs!L79 -> -221.21911 | K11: =DFs!M79 -> -201.27155 | L11: =DFs!N79 -> -251.70078 | ... AH11: =DFs!AJ79 -> 0
B12: Capital de Giro | C12: $ 000s | D12: =SUM(E12:AH12) -> 0 | E12: =DFs!G42 -> -603.77923 | F12: =DFs!H42 -> 69.238522 | G12: =DFs!I42 -> -330.52969 | H12: =DFs!J42 -> -12.209749 | I12: =DFs!K42 -> -33.827984 | J12: =DFs!L42 -> -116.2054 | K12: =DFs!M42 -> -19.017917 | L12: =DFs!N42 -> -92.622665 | ... AH12: =DFs!AJ42 -> 1467.776
B13: =DFs!C83 -> Dividendos | C13: $ 000s | D13: =SUM(E13:AH13) -> -73282.204 | E13: =DFs!G83 -> 0 | F13: =DFs!H83 -> 0 | G13: =DFs!I83 -> 0 | H13: =DFs!J83 -> -51.336648 | I13: =DFs!K83 -> -1873.2707 | J13: =DFs!L83 -> -2238.7353 | K13: =DFs!M83 -> -1156.0627 | L13: =DFs!N83 -> -5007.8027 | ... AH13: =DFs!AJ83 -> 0
B14: Aumento / Redução conta caixa | C14: $ 000s | D14: =SUM(E14:AH14) -> -35134.32 | E14: =-DFs!G170+DFs!F170 -> 0 | F14: =-DFs!H170+DFs!G170 -> 0 | G14: =-DFs!I170+DFs!H170 -> -747.42996 | H14: =-DFs!J170+DFs!I170 -> -1351.7467 | I14: =-DFs!K170+DFs!J170 -> 485.58107 | J14: =-DFs!L170+DFs!K170 -> 954.84684 | K14: =-DFs!M170+DFs!L170 -> 581.8666 | L14: =-DFs!N170+DFs!M170 -> -221.90806 | ... AH14: =-DFs!AJ170+DFs!AI170 -> -8065.2305
B15: Usos totais do projeto | C15: $ 000s | D15: =SUM(E15:AH15) -> -824149.49 | E15: =SUM(E5:E14) -> -27903.667 | F15: =SUM(F5:F14) -> -19181.239 | G15: =SUM(G5:G14) -> -21244.241 | H15: =SUM(H5:H14) -> -20636.361 | I15: =SUM(I5:I14) -> -21528.721 | J15: =SUM(J5:J14) -> -34509.985 | K15: =SUM(K5:K14) -> -22529.944 | L15: =SUM(L5:L14) -> -35090.903 | ... AH15: =SUM(AH5:AH14) -> -31005.465 | AL15: =SUM(AL10:AL14) -> 0 | AM15: =SUM(AM10:AM14) -> 0
B17: Receitas | C17: $ 000s | D17: =SUM(E17:AH17) -> 730478.12 | E17: =DFs!G19+DFs!G156 -> 15876.008 | F17: =DFs!H19+DFs!H156 -> 15051.424 | G17: =DFs!I19+DFs!I156 -> 19494.817 | H17: =DFs!J19+DFs!J156 -> 20175.565 | I17: =DFs!K19+DFs!K156 -> 20587.139 | J17: =DFs!L19+DFs!L156 -> 22035.215 | K17: =DFs!M19+DFs!M156 -> 22232.356 | L17: =DFs!N19+DFs!N156 -> 26839.204 | ... AH17: =DFs!AJ19+DFs!AJ156 -> 27473.516
B18: Equity | C18: $ 000s | D18: =SUM(E18:AH18) -> 42298.25 | E18: =DFs!G52+Ops!G1063 -> 6640.1433 | F18: =DFs!H52+Ops!H1063 -> 3393.5972 | G18: =DFs!I52+Ops!I1063 -> 871.73935 | H18: =DFs!J52+Ops!J1063 -> 198.63212 | I18: =DFs!K52+Ops!K1063 -> 381.57602 | J18: =DFs!L52+Ops!L1063 -> 6152.7566 | K18: =DFs!M52+Ops!M1063 -> 120.79747 | L18: =DFs!N52+Ops!N1063 -> 4094.5913 | ... AH18: =DFs!AJ52+Ops!AJ1063 -> 31.702271
B19: Dívida Senior | C19: $ 000s | D19: =SUM(E19:AH19) -> 38388.243 | E19: =DFs!G53 -> 5387.5156 | F19: =DFs!H53 -> 736.2179 | G19: =DFs!I53 -> 871.73935 | H19: =DFs!J53 -> 198.63212 | I19: =DFs!K53 -> 381.57602 | J19: =DFs!L53 -> 6152.7566 | K19: =DFs!M53 -> 120.79747 | L19: =DFs!N53 -> 4094.5913 | ... AH19: =DFs!AJ53 -> 31.702271
B20: =DFs!C73 -> Saques Conta Reserva | C20: $ 000s | D20: =SUM(E20:AH20) -> 3069.3201 | E20: =DFs!G73 -> 0 | F20: =DFs!H73 -> 0 | G20: =DFs!I73 -> 5.9451673 | H20: =DFs!J73 -> 0 | I20: =DFs!K73 -> 0 | J20: =DFs!L73 -> 32.101013 | K20: =DFs!M73 -> 0 | L20: =DFs!N73 -> 55.981417 | ... AH20: =DFs!AJ73 -> 1167.6719
B21: =DFs!C78 -> Receitas Financeiras | C21: $ 000s | D21: =SUM(E21:AH21) -> 9915.5511 | E21: =DFs!G78 -> 0 | F21: =DFs!H78 -> 0 | G21: =DFs!I78 -> 0 | H21: =DFs!J78 -> 63.531546 | I21: =DFs!K78 -> 178.43002 | J21: =DFs!L78 -> 137.15562 | K21: =DFs!M78 -> 55.993643 | L21: =DFs!N78 -> 6.5349826 | ... AH21: =DFs!AJ78 -> 2300.8726
B22: Fontes totais do projeto | C22: $ 000s | D22: =SUM(E22:AH22) -> 824149.49 | E22: =SUM(E17:E21) -> 27903.667 | F22: =SUM(F17:F21) -> 19181.239 | G22: =SUM(G17:G21) -> 21244.241 | H22: =SUM(H17:H21) -> 20636.361 | I22: =SUM(I17:I21) -> 21528.721 | J22: =SUM(J17:J21) -> 34509.985 | K22: =SUM(K17:K21) -> 22529.944 | L22: =SUM(L17:L21) -> 35090.903 | ... AH22: =SUM(AH17:AH21) -> 31005.465
B24: Check | D24: =D18/-D6 -> 0.55092714 | E24: =SUM(E17:E21)+SUM(E5:E14) -> 0 | F24: =SUM(F17:F21)+SUM(F5:F14) -> 0 | G24: =SUM(G17:G21)+SUM(G5:G14) -> 0 | H24: =SUM(H17:H21)+SUM(H5:H14) -> 0 | I24: =SUM(I17:I21)+SUM(I5:I14) -> 0 | J24: =SUM(J17:J21)+SUM(J5:J14) -> 0 | K24: =SUM(K17:K21)+SUM(K5:K14) -> 0 | L24: =SUM(L17:L21)+SUM(L5:L14) -> 0 | ... AH24: =SUM(AH17:AH21)+SUM(AH5:AH14) -> 0

Sheet Inputs
A1: INPUTS
C3: SCENARIO SELECTION
C6: Premissas Modelo
C8: Modelo começa? | D8: Data | E8: 46388
C10: Meses no ano | E10: 12
C12: Cenários
C13: Cenário Base | E13: 1
C14: Investimentos Antecipados
C15: Cenário 2
C16: Cenário 3
C18: Real / Nominal
C19: Nominal | E19: 2 | F19: {=INDEX(C19:C20,E19)} -> Real
C20: Real
C23: Premissas Temporais
E25: Início
C26: Começo de Investimentos | E26: =Model_Start -> 46388
E28: Data Inicial
C29: Financial Close date | E29: =E26 -> 46388
E31: Prazo
C32: Concessão | E32: 30 | F32: Years
C34: Investimentos (CAPEX)
C36: CAPEX Investimento
C38: Sensibilidade CAPEX | D38: =CAPEX_Sens -> 0 | E38: %
C40: CAPEX segregado
C41: CAPEX de Investimento | D41: 1 | E41: =D41+1 -> 2 | F41: =E41+1 -> 3 | G41: =F41+1 -> 4 | H41: =G41+1 -> 5 | I41: =H41+1 -> 6 | J41: =I41+1 -> 7 | K41: =J41+1 -> 8 | L41: =K41+1 -> 9 | ... AL41: =AK41+1 -> 35
C42: Coleta Manual E Conteinerizada Rsc | D42: =CAPEX!C9*(1+$D$38) -> 4510.7924 | E42: =CAPEX!D9*(1+$D$38) -> 0 | F42: =CAPEX!E9*(1+$D$38) -> 713.825 | G42: =CAPEX!F9*(1+$D$38) -> 0 | H42: =CAPEX!G9*(1+$D$38) -> 713.825 | I42: =CAPEX!H9*(1+$D$38) -> 30 | J42: =CAPEX!I9*(1+$D$38) -> 0 | K42: =CAPEX!J9*(1+$D$38) -> 4459.6324 | ... AG42: =CAPEX!AF9*(1+$D$38) -> 0 | AM42: =SUM(D42:AL42) -> 28252.242
C43: Coleta De Materiais Recicláveis | D43: =CAPEX!C31*(1+$D$38) -> 1772.8062 | E43: =CAPEX!D31*(1+$D$38) -> 0 | F43: =CAPEX!E31*(1+$D$38) -> 0 | G43: =CAPEX!F31*(1+$D$38) -> 285.53 | H43: =CAPEX!G31*(1+$D$38) -> 0 | I43: =CAPEX!H31*(1+$D$38) -> 0 | J43: =CAPEX!I31*(1+$D$38) -> 0 | K43: =CAPEX!J31*(1+$D$38) -> 1772.8062 | ... AG43: =CAPEX!AF31*(1+$D$38) -> 0 | AM43: =SUM(D43:AL43) -> 10006.151
C44: Transporte E Destinação Final - Resíduos Pevs | D44: =CAPEX!C44*(1+$D$38) -> 0 | E44: =CAPEX!D44*(1+$D$38) -> 0 | F44: =CAPEX!E44*(1+$D$38) -> 651.48476 | G44: =CAPEX!F44*(1+$D$38) -> 0 | H44: =CAPEX!G44*(1+$D$38) -> 0 | I44: =CAPEX!H44*(1+$D$38) -> 0 | J44: =CAPEX!I44*(1+$D$38) -> 0 | K44: =CAPEX!J44*(1+$D$38) -> 0 | ... AG44: =CAPEX!AF44*(1+$D$38) -> 0 | AM44: =SUM(D44:AL44) -> 1954.4543
C45: Coleta Programada De Volumosos | D45: =CAPEX!C53*(1+$D$38) -> 1904.7017 | E45: =CAPEX!D53*(1+$D$38) -> 0 | F45: =CAPEX!E53*(1+$D$38) -> 0 | G45: =CAPEX!F53*(1+$D$38) -> 0 | H45: =CAPEX!G53*(1+$D$38) -> 0 | I45: =CAPEX!H53*(1+$D$38) -> 0 | J45: =CAPEX!I53*(1+$D$38) -> 0 | K45: =CAPEX!J53*(1+$D$38) -> 1904.7017 | ... AG45: =CAPEX!AF53*(1+$D$38) -> 0 | AM45: =SUM(D45:AL45) -> 9523.5085
C46: Varrição Manual | D46: =CAPEX!C62*(1+$D$38) -> 47.4866 | E46: =CAPEX!D62*(1+$D$38) -> 0 | F46: =CAPEX!E62*(1+$D$38) -> 0 | G46: =CAPEX!F62*(1+$D$38) -> 3.0772 | H46: =CAPEX!G62*(1+$D$38) -> 0 | I46: =CAPEX!H62*(1+$D$38) -> 23.2494 | J46: =CAPEX!I62*(1+$D$38) -> 3.0772 | K46: =CAPEX!J62*(1+$D$38) -> 0 | ... AG46: =CAPEX!AF62*(1+$D$38) -> 0 | AM46: =SUM(D46:AL46) -> 236.6058
C47: Serviços Gerais | D47: =CAPEX!C75*(1+$D$38) -> 415.933 | E47: =CAPEX!D75*(1+$D$38) -> 0 | F47: =CAPEX!E75*(1+$D$38) -> 0 | G47: =CAPEX!F75*(1+$D$38) -> 10.47 | H47: =CAPEX!G75*(1+$D$38) -> 0 | I47: =CAPEX!H75*(1+$D$38) -> 0 | J47: =CAPEX!I75*(1+$D$38) -> 10.47 | K47: =CAPEX!J75*(1+$D$38) -> 0 | ... AG47: =CAPEX!AF75*(1+$D$38) -> 0 | AM47: =SUM(D47:AL47) -> 1321.089
C48: Roçada | D48: =CAPEX!C92*(1+$D$38) -> 455.722 | E48: =CAPEX!D92*(1+$D$38) -> 0 | F48: =CAPEX!E92*(1+$D$38) -> 0 | G48: =CAPEX!F92*(1+$D$38) -> 48.86 | H48: =CAPEX!G92*(1+$D$38) -> 0 | I48: =CAPEX!H92*(1+$D$38) -> 0 | J48: =CAPEX!I92*(1+$D$38) -> 48.86 | K48: =CAPEX!J92*(1+$D$38) -> 0 | ... AG48: =CAPEX!AF92*(1+$D$38) -> 0 | AM48: =SUM(D48:AL48) -> 1709.186
C49: Investimentos Destinação Final | D49: =CAPEX!C108*(1+$D$38) -> 365.43042 | E49: =CAPEX!D108*(1+$D$38) -> 1410.9264 | F49: =CAPEX!E108*(1+$D$38) -> 378.16894 | G49: =CAPEX!F108*(1+$D$38) -> 49.327042 | H49: =CAPEX!G108*(1+$D$38) -> 49.327042 | I49: =CAPEX!H108*(1+$D$38) -> 12201.004 | J49: =CAPEX!I108*(1+$D$38) -> 168.31293 | K49: =CAPEX!J108*(1+$D$38) -> 52.042302 | ... AG49: =CAPEX!AF108*(1+$D$38) -> 63.404542 | AM49: =SUM(D49:AL49) -> 21841.042
C50: Educação Ambiental | D50: =CAPEX!C183*(1+$D$38) -> 0 | E50: =CAPEX!D183*(1+$D$38) -> 0 | F50: =CAPEX!E183*(1+$D$38) -> 0 | G50: =CAPEX!F183*(1+$D$38) -> 0 | H50: =CAPEX!G183*(1+$D$38) -> 0 | I50: =CAPEX!H183*(1+$D$38) -> 0 | J50: =CAPEX!I183*(1+$D$38) -> 0 | K50: =CAPEX!J183*(1+$D$38) -> 0 | ... AG50: =CAPEX!AF183*(1+$D$38) -> 0 | AM50: =SUM(D50:AL50) -> 0
C51: Relação Com O Usuário | D51: =CAPEX!C189*(1+$D$38) -> 175.2099 | E51: =CAPEX!D189*(1+$D$38) -> 61.50941 | F51: =CAPEX!E189*(1+$D$38) -> 0 | G51: =CAPEX!F189*(1+$D$38) -> 0 | H51: =CAPEX!G189*(1+$D$38) -> 0 | I51: =CAPEX!H189*(1+$D$38) -> 25.2099 | J51: =CAPEX!I189*(1+$D$38) -> 10.8748 | K51: =CAPEX!J189*(1+$D$38) -> 0 | ... AG51: =CAPEX!AF189*(1+$D$38) -> 0 | AM51: =SUM(D51:AL51) -> 473.21203
C52: Administração Local | D52: =CAPEX!C210*(1+$D$38) -> 126.94889 | E52: =CAPEX!D210*(1+$D$38) -> 0 | F52: =CAPEX!E210*(1+$D$38) -> 0 | G52: =CAPEX!F210*(1+$D$38) -> 0 | H52: =CAPEX!G210*(1+$D$38) -> 0 | I52: =CAPEX!H210*(1+$D$38) -> 26.0495 | J52: =CAPEX!I210*(1+$D$38) -> 0 | K52: =CAPEX!J210*(1+$D$38) -> 0 | ... AG52: =CAPEX!AF210*(1+$D$38) -> 0 | AM52: =SUM(D52:AL52) -> 458.99517
C53: Reembolso Do PMI | D53: =CAPEX!C219*(1+$D$38) -> 1000 | E53: =CAPEX!D219*(1+$D$38) -> 0 | F53: =CAPEX!E219*(1+$D$38) -> 0 | G53: =CAPEX!F219*(1+$D$38) -> 0 | H53: =CAPEX!G219*(1+$D$38) -> 0 | I53: =CAPEX!H219*(1+$D$38) -> 0 | J53: =CAPEX!I219*(1+$D$38) -> 0 | K53: =CAPEX!J219*(1+$D$38) -> 0 | ... AG53: =CAPEX!AF219*(1+$D$38) -> 0 | AM53: =SUM(D53:AL53) -> 1000
C55: Investimentos divisíveis e indivisíveis
C56: CAPEX de Investimento | D56: #
C57: Coleta Manual E Conteinerizada Rsc | D57: Divisivel | F57: Divisivel
C58: Coleta De Materiais Recicláveis | D58: Divisivel | F58: Indivisível
C59: Coleta De Resíduos Do Serviço De Saúde Municipal | D59: Divisivel
C60: Transporte E Destinação Final - Resíduos Pevs | D60: Divisivel
C61: Coleta Programada De Volumosos | D61: Divisivel
C62: Varrição Manual | D62: Indivisível
C63: Roçada | D63: Divisivel
C64: Serviços Gerais | D64: Indivisível
C65: Investimentos Destinação Final | D65: Divisivel
C66: Educação Ambiental | D66: Indivisível
C67: Relação Com O Usuário | D67: Indivisível
C68: Administração Local | D68: Indivisível
C69: Reembolso Do PMI | D69: Indivisível
C73: Contraprestação Pública Mensal
C75: Contraprestação Ano 1 | D75: 6261.4 | E75: BRL R$
C77: Contraprestação transitória | D77: =Ops!D167*(1-Inputs!D132) -> 9190.3172 | E77: BRL R$
C79: Desconto | D79: 0 | E79: %
C81: Parcela A - Remuneração Investimentos | D81: 0.5 | E81: %
C82: Parcela B - Remuneração Serviços | D82: 0.5 | E82: %
C84: Fator de Desempenho | D84: 1 | E84: Fator
D86: =YEAR(Model_Start) -> 2027 | E86: =D86+1 -> 2028 | F86: =E86+1 -> 2029 | G86: =F86+1 -> 2030 | H86: =G86+1 -> 2031
C87: % de recebimento contraprestação - faseado | D87: =(CP+D77)/CP -> 2.4677735 | E87: 1 | F87: =E87 -> 1 | G87: =F87 -> 1 | H87: =G87 -> 1
C91: Receitas tarifárias
C93: Tarifa
C94: Aumento Real | D94: =Ops!D137 -> 0.4035 | E94: %
C97: Residenciais Frequência Semanal - 6 vezes | D97: =595.5*(1+0.063) -> 633.0165 | E97: Valor básico referencial
C98: ResidenciaisFrequência Semanal - 3 vezes | D98: =397*(1+0.063) -> 422.011 | E98: Valor básico referencial
C99: Residenciais - Tarifa Social | D99: =198.5*(1+0.063) -> 211.0055 | E99: Valor básico referencial
C100: Não Residenciais | D100: =3388511.67*(1+0.063) -> 3601987.9 | E100: Valor básico referencial
C107: Receitas acessórias
C109: =C75 -> Contraprestação Ano 1 | D109: =D75 -> 6261.4 | E109: =E75 -> BRL R$
C110: % de Receitas Acessórias | D110: 0 | E110: %
C111: Receitas acessórias esperadas | D111: =D109*D110 -> 0
C114: Crescimento Populacional
C116: PROJEÇÃO POPULACIONAL | E116: =YEAR(Model_Start) -> 2027 | F116: =E116+1 -> 2028 | G116: =F116+1 -> 2029 | H116: =G116+1 -> 2030 | I116: =H116+1 -> 2031 | J116: =I116+1 -> 2032 | K116: =J116+1 -> 2033 | L116: =K116+1 -> 2034 | M116: =L116+1 -> 2035 | ... AH116: =AG116+1 -> 2056
C117: Ano Concessão | D117: ANO 0 | E117: ANO 1 | F117: ANO 2 | G117: ANO 3 | H117: ANO 4 | I117: ANO 5 | J117: ANO 6 | K117: ANO 7 | L117: ANO 8 | M117: ANO 9 | N117: ANO 10 | O117: ANO 11 | P117: ANO 12 | Q117: ANO 13 | R117: ANO 14 | S117: ANO 15 | T117: ANO 16 | U117: ANO 17 | V117: ANO 18 | W117: ANO 19 | X117: ANO 20 | Y117: ANO 21 | Z117: ANO 22 | AA117: ANO 23 | AB117: ANO 24 | AC117: ANO 25 | AD117: ANO 26 | AE117: ANO 27 | AF117: ANO 28 | AG117: ANO 29 | AH117: ANO 30
C118: População Total | D118: 52853.5 | E118: 53476.75 | F118: 54100 | G118: 54723.25 | H118: 55346.5 | I118: 55969.75 | J118: 56593 | K118: 57216.25 | L118: 57839.5 | M118: 58462.75 | N118: 59086 | O118: 59709.25 | P118: 60332.5 | Q118: 60955.75 | R118: 61579 | S118: 62202.25 | T118: 62825.5 | U118: 63448.75 | V118: 64072 | W118: 64695.25 | X118: 65318.5 | Y118: 65941.75 | Z118: 66565 | AA118: 67188.25 | AB118: 67811.5 | AC118: 68434.75 | AD118: 69058 | AE118: 69681.25 | AF118: 70304.5 | AG118: 70927.75 | AH118: 71551
C119: Crescimento % | D119: 0 | E119: =(E118/D118)-1 -> 0.011792029 | F119: =(F118/E118)-1 -> 0.011654598 | G119: =(G118/F118)-1 -> 0.011520333 | H119: =(H118/G118)-1 -> 0.011389126 | I119: =(I118/H118)-1 -> 0.011260875 | J119: =(J118/I118)-1 -> 0.011135479 | K119: =(K118/J118)-1 -> 0.011012846 | L119: =(L118/K118)-1 -> 0.010892884 | ... AH119: =(AH118/AG118)-1 -> 0.0087871108
C123: Deduções da Receita
C125: Imposto s/ serviço - (ISS) | D125: 0.03 | E125: %
C126: Programa Integração Social - (PIS) | D126: 0.0165 | E126: %
C127: Contribuição para Financiamento de Seguridade Social - (COFINS) | D127: 0.076 | E127: %
C129: Crédito de PIS / Cofins a ser utilizado sobre CAPEX e OPEX | D129: 1 | E129: %
C131: Ano | D131: 2 | E131: =D131+1 -> 3 | F131: =E131+1 -> 4 | G131: =F131+1 -> 5 | H131: =G131+1 -> 6 | I131: =H131+1 -> 7 | J131: =I131+1 -> 8 | K131: =J131+1 -> 9 | L131: =K131+1 -> 10 | ... N131: =M131+1 -> 12
C132: Inadimplência das Receitas Tarifárias | D132: 0.2 | E132: =D132-2% -> 0.18 | F132: =E132-2% -> 0.16 | G132: =F132-2% -> 0.14 | H132: =G132-2% -> 0.12 | I132: =H132-2% -> 0.1 | J132: =I132-2% -> 0.08 | K132: =J132-2% -> 0.06 | L132: =K132 -> 0.06 | M132: =L132 -> 0.06 | N132: =M132 -> 0.06
C134: Recuperação da Inadimplência | D134: 0.5 | E134: %
C136: Custos e Despesas Operacionais (OPEX)
C138: Custos e Despesas
C140: Valor do contrato de PPP | D140: =Summary!E66 -> 76776.486
C141: Gerenciamento do Contrato | D141: 0.001
C143: Sensibilidade OPEX | D143: =OPEX_Sens -> 0 | E143: %
C146: Custos e Despesas | D146: =YEAR(Model_Start) -> 2027 | E146: =D146+1 -> 2028 | F146: =E146+1 -> 2029 | G146: =F146+1 -> 2030 | H146: =G146+1 -> 2031 | I146: =H146+1 -> 2032 | J146: =I146+1 -> 2033 | K146: =J146+1 -> 2034 | L146: =K146+1 -> 2035 | ... AG146: =AF146+1 -> 2056
C147: Coleta Manual E Conteinerizada Resíduos Comuns | D147: =OPEX!C9 -> 3802.4183 | E147: =OPEX!D9 -> 3802.4183 | F147: =OPEX!E9 -> 3832.3823 | G147: =OPEX!F9 -> 3862.3463 | H147: =OPEX!G9 -> 3862.3463 | I147: =OPEX!H9 -> 3862.3463 | J147: =OPEX!I9 -> 3862.3463 | K147: =OPEX!J9 -> 3862.3463 | ... AG147: =OPEX!AF9 -> 4187.1798
C148: Coleta Materias Recicláveis | D148: =OPEX!C245 -> 1214.1572 | E148: =OPEX!D245 -> 1214.1572 | F148: =OPEX!E245 -> 1214.1572 | G148: =OPEX!F245 -> 1538.9907 | H148: =OPEX!G245 -> 1538.9907 | I148: =OPEX!H245 -> 1538.9907 | J148: =OPEX!I245 -> 1538.9907 | K148: =OPEX!J245 -> 1538.9907 | ... AG148: =OPEX!AF245 -> 1538.9907
C149: Transporte E Destinação - Resíduos Dos Pevs | D149: =OPEX!C419 -> 0 | E149: =OPEX!D419 -> 0 | F149: =OPEX!E419 -> 263.2136 | G149: =OPEX!F419 -> 263.2136 | H149: =OPEX!G419 -> 263.2136 | I149: =OPEX!H419 -> 263.2136 | J149: =OPEX!I419 -> 263.2136 | K149: =OPEX!J419 -> 263.2136 | ... AG149: =OPEX!AF419 -> 263.2136
C150: Coleta Programada De Volumosos | D150: =OPEX!C519 -> 670.10933 | E150: =OPEX!D519 -> 670.10933 | F150: =OPEX!E519 -> 670.10933 | G150: =OPEX!F519 -> 670.10933 | H150: =OPEX!G519 -> 670.10933 | I150: =OPEX!H519 -> 670.10933 | J150: =OPEX!I519 -> 670.10933 | K150: =OPEX!J519 -> 670.10933 | ... AG150: =OPEX!AF519 -> 670.10933
C151: Varrição Manual | D151: =OPEX!C618 -> 902.85759 | E151: =OPEX!D618 -> 1027.1445 | F151: =OPEX!E618 -> 1027.4156 | G151: =OPEX!F618 -> 1027.4156 | H151: =OPEX!G618 -> 1027.4156 | I151: =OPEX!H618 -> 1027.4156 | J151: =OPEX!I618 -> 1027.4156 | K151: =OPEX!J618 -> 1027.4156 | ... AG151: =OPEX!AF618 -> 1214.7087
C152: Serviços Gerais (Tipos I E II) | D152: =OPEX!C750 -> 2479.9108 | E152: =OPEX!D750 -> 2479.9108 | F152: =OPEX!E750 -> 2479.9108 | G152: =OPEX!F750 -> 2479.9108 | H152: =OPEX!G750 -> 2479.9108 | I152: =OPEX!H750 -> 2479.9108 | J152: =OPEX!I750 -> 2479.9108 | K152: =OPEX!J750 -> 2479.9108 | ... AG152: =OPEX!AF750 -> 2479.9108
C153: Roçada | D153: =OPEX!C929 -> 1404.737 | E153: =OPEX!D929 -> 1404.737 | F153: =OPEX!E929 -> 1404.737 | G153: =OPEX!F929 -> 1404.737 | H153: =OPEX!G929 -> 1404.737 | I153: =OPEX!H929 -> 1404.737 | J153: =OPEX!I929 -> 1404.737 | K153: =OPEX!J929 -> 1404.737 | ... AG153: =OPEX!AF929 -> 1404.737
C154: Destinação Final | D154: =OPEX!C1083 -> 3730.344 | E154: =OPEX!D1083 -> 3844.8985 | F154: =OPEX!E1083 -> 3992.61 | G154: =OPEX!F1083 -> 4036.0045 | H154: =OPEX!G1083 -> 4084.313 | I154: =OPEX!H1083 -> 4129.8043 | J154: =OPEX!I1083 -> 5098.4926 | K154: =OPEX!J1083 -> 4282.164 | ... AG154: =OPEX!AF1083 -> 4630.7232
C155: Educaçao Ambiental | D155: =OPEX!C1380 -> 266.27881 | E155: =OPEX!D1380 -> 266.27881 | F155: =OPEX!E1380 -> 266.27881 | G155: =OPEX!F1380 -> 266.27881 | H155: =OPEX!G1380 -> 266.27881 | I155: =OPEX!H1380 -> 266.27881 | J155: =OPEX!I1380 -> 200.02161 | K155: =OPEX!J1380 -> 200.02161 | ... AG155: =OPEX!AF1380 -> 200.02161
...

Sheet Ops
A1: OPERAÇÕES | D1: Alerta | E1: Erro | F1: IRR | G1: NPV | H1: Macro
D2: =CHECKS!$F$9 -> 0 | E2: =CHECKS!$F$15 -> 0 | F2: =Project_IRR -> 0.10790613 | G2: =Project_NPV -> 0.44602649 | H2: =Master_Check -> 0
C4: =Flags!C4 -> Começo período | G4: =Flags!G4 -> 46388 | H4: =Flags!H4 -> 46753 | I4: =Flags!I4 -> 47119 | J4: =Flags!J4 -> 47484 | K4: =Flags!K4 -> 47849 | L4: =Flags!L4 -> 48214 | M4: =Flags!M4 -> 48580 | N4: =Flags!N4 -> 48945 | ... AN4: =Flags!AN4 -> 58441
C5: =Flags!C5 -> Fim período | G5: =Flags!G5 -> 46752 | H5: =Flags!H5 -> 47118 | I5: =Flags!I5 -> 47483 | J5: =Flags!J5 -> 47848 | K5: =Flags!K5 -> 48213 | L5: =Flags!L5 -> 48579 | M5: =Flags!M5 -> 48944 | N5: =Flags!N5 -> 49309 | ... AN5: =Flags!AN5 -> 58806
C6: Ano | G6: =YEAR(G5) -> 2027 | H6: =YEAR(H5) -> 2028 | I6: =YEAR(I5) -> 2029 | J6: =YEAR(J5) -> 2030 | K6: =YEAR(K5) -> 2031 | L6: =YEAR(L5) -> 2032 | M6: =YEAR(M5) -> 2033 | N6: =YEAR(N5) -> 2034 | ... AN6: =YEAR(AN5) -> 2060
C7: Ano de Concessão | G7: =Flags!G15 -> 1 | H7: =Flags!H15 -> 2 | I7: =Flags!I15 -> 3 | J7: =Flags!J15 -> 4 | K7: =Flags!K15 -> 5 | L7: =Flags!L15 -> 6 | M7: =Flags!M15 -> 7 | N7: =Flags!N15 -> 8 | ... AN7: =Flags!AN15 -> 34
C8: =Flags!C6 -> Timeline | G8: =Flags!G90 -> Ops | H8: =Flags!H90 -> Ops | I8: =Flags!I90 -> Ops | J8: =Flags!J90 -> Ops | K8: =Flags!K90 -> Ops | L8: =Flags!L90 -> Ops | M8: =Flags!M90 -> Ops | N8: =Flags!N90 -> Ops | ... AN8: =Flags!AN90 -> Post Ops.
D10: =Flags!D8 -> Inputs | E10: =Flags!E8 -> Units | F10: =Flags!F8 -> Total
C12: Correção Monetária
C14: Ano de Operação | E14: Ano | G14: =YEAR(G$5) -> 2027 | H14: =YEAR(H$5) -> 2028 | I14: =YEAR(I$5) -> 2029 | J14: =YEAR(J$5) -> 2030 | K14: =YEAR(K$5) -> 2031 | L14: =YEAR(L$5) -> 2032 | M14: =YEAR(M$5) -> 2033 | N14: =YEAR(N$5) -> 2034 | ... AN14: =YEAR(AN$5) -> 2060
C15: Dias no período | E15: Dias | G15: =Flags!H$26 -> 366 | H15: =Flags!I$26 -> 365 | I15: =Flags!J$26 -> 365 | J15: =Flags!K$26 -> 365 | K15: =Flags!L$26 -> 366 | L15: =Flags!M$26 -> 365 | M15: =Flags!N$26 -> 365 | N15: =Flags!O$26 -> 365 | ... AN15: =Flags!AO$26 -> 0
C16: Dias no ano | E16: Dias | G16: =SUMIF($G$14:$AN$14,G14,$G$15:$AN$15) -> 366 | H16: =SUMIF($G$14:$AN$14,H14,$G$15:$AN$15) -> 365 | I16: =SUMIF($G$14:$AN$14,I14,$G$15:$AN$15) -> 365 | J16: =SUMIF($G$14:$AN$14,J14,$G$15:$AN$15) -> 365 | K16: =SUMIF($G$14:$AN$14,K14,$G$15:$AN$15) -> 366 | L16: =SUMIF($G$14:$AN$14,L14,$G$15:$AN$15) -> 365 | M16: =SUMIF($G$14:$AN$14,M14,$G$15:$AN$15) -> 365 | N16: =SUMIF($G$14:$AN$14,N14,$G$15:$AN$15) -> 365 | ... AN16: =SUMIF($G$14:$AN$14,AN14,$G$15:$AN$15) -> 0
C18: Correção
C19: % p.a
C20: =Inputs!C337 -> None | E20: % p.a | G20: =LOOKUP(G$14,Inputs!$G$336:$K$336,Inputs!$G337:$K337) -> 0 | H20: =LOOKUP(H$14,Inputs!$G$336:$K$336,Inputs!$G337:$K337) -> 0 | I20: =LOOKUP(I$14,Inputs!$G$336:$K$336,Inputs!$G337:$K337) -> 0 | J20: =LOOKUP(J$14,Inputs!$G$336:$K$336,Inputs!$G337:$K337) -> 0 | K20: =LOOKUP(K$14,Inputs!$G$336:$K$336,Inputs!$G337:$K337) -> 0 | L20: =LOOKUP(L$14,Inputs!$G$336:$K$336,Inputs!$G337:$K337) -> 0 | M20: =LOOKUP(M$14,Inputs!$G$336:$K$336,Inputs!$G337:$K337) -> 0 | N20: =LOOKUP(N$14,Inputs!$G$336:$K$336,Inputs!$G337:$K337) -> 0 | ... AN20: =LOOKUP(AN$14,Inputs!$G$336:$K$336,Inputs!$G337:$K337) -> 0
C21: =Inputs!C338 -> IPG-M | E21: % p.a | G21: =LOOKUP(G$14,Inputs!$G$336:$K$336,Inputs!$G338:$K338) -> 0.038 | H21: =LOOKUP(H$14,Inputs!$G$336:$K$336,Inputs!$G338:$K338) -> 0.038 | I21: =LOOKUP(I$14,Inputs!$G$336:$K$336,Inputs!$G338:$K338) -> 0.038 | J21: =LOOKUP(J$14,Inputs!$G$336:$K$336,Inputs!$G338:$K338) -> 0.038 | K21: =LOOKUP(K$14,Inputs!$G$336:$K$336,Inputs!$G338:$K338) -> 0.038 | L21: =LOOKUP(L$14,Inputs!$G$336:$K$336,Inputs!$G338:$K338) -> 0.038 | M21: =LOOKUP(M$14,Inputs!$G$336:$K$336,Inputs!$G338:$K338) -> 0.038 | N21: =LOOKUP(N$14,Inputs!$G$336:$K$336,Inputs!$G338:$K338) -> 0.038 | ... AN21: =LOOKUP(AN$14,Inputs!$G$336:$K$336,Inputs!$G338:$K338) -> 0.038
C22: =Inputs!C339 -> PIB | E22: % p.a | G22: =LOOKUP(G$14,Inputs!$G$336:$K$336,Inputs!$G339:$K339) -> 0.02 | H22: =LOOKUP(H$14,Inputs!$G$336:$K$336,Inputs!$G339:$K339) -> 0.02 | I22: =LOOKUP(I$14,Inputs!$G$336:$K$336,Inputs!$G339:$K339) -> 0.02 | J22: =LOOKUP(J$14,Inputs!$G$336:$K$336,Inputs!$G339:$K339) -> 0.02 | K22: =LOOKUP(K$14,Inputs!$G$336:$K$336,Inputs!$G339:$K339) -> 0.02 | L22: =LOOKUP(L$14,Inputs!$G$336:$K$336,Inputs!$G339:$K339) -> 0.02 | M22: =LOOKUP(M$14,Inputs!$G$336:$K$336,Inputs!$G339:$K339) -> 0.02 | N22: =LOOKUP(N$14,Inputs!$G$336:$K$336,Inputs!$G339:$K339) -> 0.02 | ... AN22: =LOOKUP(AN$14,Inputs!$G$336:$K$336,Inputs!$G339:$K339) -> 0.02
C23: =Inputs!C340 -> PIB Serviços | E23: % p.a | G23: =LOOKUP(G$14,Inputs!$G$336:$K$336,Inputs!$G340:$K340) -> 0.025 | H23: =LOOKUP(H$14,Inputs!$G$336:$K$336,Inputs!$G340:$K340) -> 0.025 | I23: =LOOKUP(I$14,Inputs!$G$336:$K$336,Inputs!$G340:$K340) -> 0.025 | J23: =LOOKUP(J$14,Inputs!$G$336:$K$336,Inputs!$G340:$K340) -> 0.025 | K23: =LOOKUP(K$14,Inputs!$G$336:$K$336,Inputs!$G340:$K340) -> 0.025 | L23: =LOOKUP(L$14,Inputs!$G$336:$K$336,Inputs!$G340:$K340) -> 0.025 | M23: =LOOKUP(M$14,Inputs!$G$336:$K$336,Inputs!$G340:$K340) -> 0.025 | N23: =LOOKUP(N$14,Inputs!$G$336:$K$336,Inputs!$G340:$K340) -> 0.025 | ... AN23: =LOOKUP(AN$14,Inputs!$G$336:$K$336,Inputs!$G340:$K340) -> 0.025
C24: =Inputs!C341 -> CPI US | E24: % p.a | G24: =LOOKUP(G$14,Inputs!$G$336:$K$336,Inputs!$G341:$K341) -> 0.031 | H24: =LOOKUP(H$14,Inputs!$G$336:$K$336,Inputs!$G341:$K341) -> 0.031 | I24: =LOOKUP(I$14,Inputs!$G$336:$K$336,Inputs!$G341:$K341) -> 0.031 | J24: =LOOKUP(J$14,Inputs!$G$336:$K$336,Inputs!$G341:$K341) -> 0.031 | K24: =LOOKUP(K$14,Inputs!$G$336:$K$336,Inputs!$G341:$K341) -> 0.031 | L24: =LOOKUP(L$14,Inputs!$G$336:$K$336,Inputs!$G341:$K341) -> 0.031 | M24: =LOOKUP(M$14,Inputs!$G$336:$K$336,Inputs!$G341:$K341) -> 0.031 | N24: =LOOKUP(N$14,Inputs!$G$336:$K$336,Inputs!$G341:$K341) -> 0.031 | ... AN24: =LOOKUP(AN$14,Inputs!$G$336:$K$336,Inputs!$G341:$K341) -> 0.031
C25: =Inputs!C342 -> SELIC | E25: % p.a | G25: =LOOKUP(G$14,Inputs!$G$336:$K$336,Inputs!$G342:$K342) -> 0.085 | H25: =LOOKUP(H$14,Inputs!$G$336:$K$336,Inputs!$G342:$K342) -> 0.085 | I25: =LOOKUP(I$14,Inputs!$G$336:$K$336,Inputs!$G342:$K342) -> 0.085 | J25: =LOOKUP(J$14,Inputs!$G$336:$K$336,Inputs!$G342:$K342) -> 0.085 | K25: =LOOKUP(K$14,Inputs!$G$336:$K$336,Inputs!$G342:$K342) -> 0.085 | L25: =LOOKUP(L$14,Inputs!$G$336:$K$336,Inputs!$G342:$K342) -> 0.085 | M25: =LOOKUP(M$14,Inputs!$G$336:$K$336,Inputs!$G342:$K342) -> 0.085 | N25: =LOOKUP(N$14,Inputs!$G$336:$K$336,Inputs!$G342:$K342) -> 0.085 | ... AN25: =LOOKUP(AN$14,Inputs!$G$336:$K$336,Inputs!$G342:$K342) -> 0.085
C26: =Inputs!C343 -> CDI | E26: % p.a | G26: =LOOKUP(G$14,Inputs!$G$336:$K$336,Inputs!$G343:$K343) -> 0.085 | H26: =LOOKUP(H$14,Inputs!$G$336:$K$336,Inputs!$G343:$K343) -> 0.085 | I26: =LOOKUP(I$14,Inputs!$G$336:$K$336,Inputs!$G343:$K343) -> 0.085 | J26: =LOOKUP(J$14,Inputs!$G$336:$K$336,Inputs!$G343:$K343) -> 0.085 | K26: =LOOKUP(K$14,Inputs!$G$336:$K$336,Inputs!$G343:$K343) -> 0.085 | L26: =LOOKUP(L$14,Inputs!$G$336:$K$336,Inputs!$G343:$K343) -> 0.085 | M26: =LOOKUP(M$14,Inputs!$G$336:$K$336,Inputs!$G343:$K343) -> 0.085 | N26: =LOOKUP(N$14,Inputs!$G$336:$K$336,Inputs!$G343:$K343) -> 0.085 | ... AN26: =LOOKUP(AN$14,Inputs!$G$336:$K$336,Inputs!$G343:$K343) -> 0.085
C27: =Inputs!C344 -> TLP | E27: % p.a | G27: =LOOKUP(G$14,Inputs!$G$336:$K$336,Inputs!$G344:$K344) -> 0.0898 | H27: =LOOKUP(H$14,Inputs!$G$336:$K$336,Inputs!$G344:$K344) -> 0.0898 | I27: =LOOKUP(I$14,Inputs!$G$336:$K$336,Inputs!$G344:$K344) -> 0.0898 | J27: =LOOKUP(J$14,Inputs!$G$336:$K$336,Inputs!$G344:$K344) -> 0.0898 | K27: =LOOKUP(K$14,Inputs!$G$336:$K$336,Inputs!$G344:$K344) -> 0.0898 | L27: =LOOKUP(L$14,Inputs!$G$336:$K$336,Inputs!$G344:$K344) -> 0.0898 | M27: =LOOKUP(M$14,Inputs!$G$336:$K$336,Inputs!$G344:$K344) -> 0.0898 | N27: =LOOKUP(N$14,Inputs!$G$336:$K$336,Inputs!$G344:$K344) -> 0.0898 | ... AN27: =LOOKUP(AN$14,Inputs!$G$336:$K$336,Inputs!$G344:$K344) -> 0.0898
C28: =Inputs!C345 -> IPCA | E28: % p.a | G28: =LOOKUP(G$14,Inputs!$G$336:$K$336,Inputs!$G345:$K345) -> 0.035 | H28: =LOOKUP(H$14,Inputs!$G$336:$K$336,Inputs!$G345:$K345) -> 0.035 | I28: =LOOKUP(I$14,Inputs!$G$336:$K$336,Inputs!$G345:$K345) -> 0.035 | J28: =LOOKUP(J$14,Inputs!$G$336:$K$336,Inputs!$G345:$K345) -> 0.035 | K28: =LOOKUP(K$14,Inputs!$G$336:$K$336,Inputs!$G345:$K345) -> 0.035 | L28: =LOOKUP(L$14,Inputs!$G$336:$K$336,Inputs!$G345:$K345) -> 0.035 | M28: =LOOKUP(M$14,Inputs!$G$336:$K$336,Inputs!$G345:$K345) -> 0.035 | N28: =LOOKUP(N$14,Inputs!$G$336:$K$336,Inputs!$G345:$K345) -> 0.035 | ... AN28: =LOOKUP(AN$14,Inputs!$G$336:$K$336,Inputs!$G345:$K345) -> 0.035
C30: Index
C31: =C20 -> None | F31: =Inputs!E337 -> 1 | G31: =IFERROR(F31*(1+G20)^(G$15/G$16),1) -> 1 | H31: =IFERROR(G31*(1+H20)^(H$15/H$16),1) -> 1 | I31: =IFERROR(H31*(1+I20)^(I$15/I$16),1) -> 1 | J31: =IFERROR(I31*(1+J20)^(J$15/J$16),1) -> 1 | K31: =IFERROR(J31*(1+K20)^(K$15/K$16),1) -> 1 | L31: =IFERROR(K31*(1+L20)^(L$15/L$16),1) -> 1 | M31: =IFERROR(L31*(1+M20)^(M$15/M$16),1) -> 1 | N31: =IFERROR(M31*(1+N20)^(N$15/N$16),1) -> 1 | ... AN31: =IFERROR(AM31*(1+AN20)^(AN$15/AN$16),1) -> 1
C32: =C21 -> IPG-M | F32: =Inputs!E338 -> 1 | G32: =IFERROR(F32*(1+G21)^(G$15/G$16),1) -> 1.038 | H32: =IFERROR(G32*(1+H21)^(H$15/H$16),1) -> 1.077444 | I32: =IFERROR(H32*(1+I21)^(I$15/I$16),1) -> 1.1183869 | J32: =IFERROR(I32*(1+J21)^(J$15/J$16),1) -> 1.1608856 | K32: =IFERROR(J32*(1+K21)^(K$15/K$16),1) -> 1.2049992 | L32: =IFERROR(K32*(1+L21)^(L$15/L$16),1) -> 1.2507892 | M32: =IFERROR(L32*(1+M21)^(M$15/M$16),1) -> 1.2983192 | N32: =IFERROR(M32*(1+N21)^(N$15/N$16),1) -> 1.3476553 | ... AN32: =IFERROR(AM32*(1+AN21)^(AN$15/AN$16),1) -> 1
C33: =C22 -> PIB | F33: =Inputs!E339 -> 1 | G33: =IFERROR(F33*(1+G22)^(G$15/G$16),1) -> 1.02 | H33: =IFERROR(G33*(1+H22)^(H$15/H$16),1) -> 1.0404 | I33: =IFERROR(H33*(1+I22)^(I$15/I$16),1) -> 1.061208 | J33: =IFERROR(I33*(1+J22)^(J$15/J$16),1) -> 1.0824322 | K33: =IFERROR(J33*(1+K22)^(K$15/K$16),1) -> 1.1040808 | L33: =IFERROR(K33*(1+L22)^(L$15/L$16),1) -> 1.1261624 | M33: =IFERROR(L33*(1+M22)^(M$15/M$16),1) -> 1.1486857 | N33: =IFERROR(M33*(1+N22)^(N$15/N$16),1) -> 1.1716594 | ... AN33: =IFERROR(AM33*(1+AN22)^(AN$15/AN$16),1) -> 1
C34: =C23 -> PIB Serviços | F34: =Inputs!E340 -> 1 | G34: =IFERROR(F34*(1+G23)^(G$15/G$16),1) -> 1.025 | H34: =IFERROR(G34*(1+H23)^(H$15/H$16),1) -> 1.050625 | I34: =IFERROR(H34*(1+I23)^(I$15/I$16),1) -> 1.0768906 | J34: =IFERROR(I34*(1+J23)^(J$15/J$16),1) -> 1.1038129 | K34: =IFERROR(J34*(1+K23)^(K$15/K$16),1) -> 1.1314082 | L34: =IFERROR(K34*(1+L23)^(L$15/L$16),1) -> 1.1596934 | M34: =IFERROR(L34*(1+M23)^(M$15/M$16),1) -> 1.1886858 | N34: =IFERROR(M34*(1+N23)^(N$15/N$16),1) -> 1.2184029 | ... AN34: =IFERROR(AM34*(1+AN23)^(AN$15/AN$16),1) -> 1
C35: =C24 -> CPI US | F35: =Inputs!E341 -> 1 | G35: =IFERROR(F35*(1+G24)^(G$15/G$16),1) -> 1.031 | H35: =IFERROR(G35*(1+H24)^(H$15/H$16),1) -> 1.062961 | I35: =IFERROR(H35*(1+I24)^(I$15/I$16),1) -> 1.0959128 | J35: =IFERROR(I35*(1+J24)^(J$15/J$16),1) -> 1.1298861 | K35: =IFERROR(J35*(1+K24)^(K$15/K$16),1) -> 1.1649126 | L35: =IFERROR(K35*(1+L24)^(L$15/L$16),1) -> 1.2010248 | M35: =IFERROR(L35*(1+M24)^(M$15/M$16),1) -> 1.2382566 | N35: =IFERROR(M35*(1+N24)^(N$15/N$16),1) -> 1.2766426 | ... AN35: =IFERROR(AM35*(1+AN24)^(AN$15/AN$16),1) -> 1
C36: =C25 -> SELIC | F36: =Inputs!E342 -> 1 | G36: =IFERROR(F36*(1+G25)^(G$15/G$16),1) -> 1.085 | H36: =IFERROR(G36*(1+H25)^(H$15/H$16),1) -> 1.177225 | I36: =IFERROR(H36*(1+I25)^(I$15/I$16),1) -> 1.2772891 | J36: =IFERROR(I36*(1+J25)^(J$15/J$16),1) -> 1.3858587 | K36: =IFERROR(J36*(1+K25)^(K$15/K$16),1) -> 1.5036567 | L36: =IFERROR(K36*(1+L25)^(L$15/L$16),1) -> 1.6314675 | M36: =IFERROR(L36*(1+M25)^(M$15/M$16),1) -> 1.7701422 | N36: =IFERROR(M36*(1+N25)^(N$15/N$16),1) -> 1.9206043 | ... AN36: =IFERROR(AM36*(1+AN25)^(AN$15/AN$16),1) -> 1
C37: =C26 -> CDI | F37: =Inputs!E343 -> 1 | G37: =IFERROR(F37*(1+G26)^(G$15/G$16),1) -> 1.085 | H37: =IFERROR(G37*(1+H26)^(H$15/H$16),1) -> 1.177225 | I37: =IFERROR(H37*(1+I26)^(I$15/I$16),1) -> 1.2772891 | J37: =IFERROR(I37*(1+J26)^(J$15/J$16),1) -> 1.3858587 | K37: =IFERROR(J37*(1+K26)^(K$15/K$16),1) -> 1.5036567 | L37: =IFERROR(K37*(1+L26)^(L$15/L$16),1) -> 1.6314675 | M37: =IFERROR(L37*(1+M26)^(M$15/M$16),1) -> 1.7701422 | N37: =IFERROR(M37*(1+N26)^(N$15/N$16),1) -> 1.9206043 | ... AN37: =IFERROR(AM37*(1+AN26)^(AN$15/AN$16),1) -> 1
C38: =C27 -> TLP | F38: =Inputs!E344 -> 1 | G38: =IFERROR(F38*(1+G27)^(G$15/G$16),1) -> 1.0898 | H38: =IFERROR(G38*(1+H27)^(H$15/H$16),1) -> 1.187664 | I38: =IFERROR(H38*(1+I27)^(I$15/I$16),1) -> 1.2943163 | J38: =IFERROR(I38*(1+J27)^(J$15/J$16),1) -> 1.4105459 | K38: =IFERROR(J38*(1+K27)^(K$15/K$16),1) -> 1.5372129 | L38: =IFERROR(K38*(1+L27)^(L$15/L$16),1) -> 1.6752546 | M38: =IFERROR(L38*(1+M27)^(M$15/M$16),1) -> 1.8256925 | N38: =IFERROR(M38*(1+N27)^(N$15/N$16),1) -> 1.9896397 | ... AN38: =IFERROR(AM38*(1+AN27)^(AN$15/AN$16),1) -> 1
C39: =C28 -> IPCA | F39: =Inputs!E345 -> 1 | G39: =IFERROR(F39*(1+G28)^(G$15/G$16),1) -> 1.035 | H39: =IFERROR(G39*(1+H28)^(H$15/H$16),1) -> 1.071225 | I39: =IFERROR(H39*(1+I28)^(I$15/I$16),1) -> 1.1087179 | J39: =IFERROR(I39*(1+J28)^(J$15/J$16),1) -> 1.147523 | K39: =IFERROR(J39*(1+K28)^(K$15/K$16),1) -> 1.1876863 | L39: =IFERROR(K39*(1+L28)^(L$15/L$16),1) -> 1.2292553 | M39: =IFERROR(L39*(1+M28)^(M$15/M$16),1) -> 1.2722793 | N39: =IFERROR(M39*(1+N28)^(N$15/N$16),1) -> 1.316809 | ... AN39: =IFERROR(AM39*(1+AN28)^(AN$15/AN$16),1) -> 1
C42: Receitas e Deduções
C44: Contraprestação Pública Mensal
C46: Contraprestação mensal máxima (CMM)
C48: 𝐶𝑀𝐴 = CONTRAPRESTAÇÃO MENSAL MÁXIMA
D50: =CP -> 6261.4 | E50: R$
D51: 0 | E51: %
D52: 1 | E52: %
C55: 𝐶𝑀𝐴1 = CONTRAPRESTAÇÃO MENSAL MÁXIMA - PARCELA A1,
C56: =Flags!C72 -> Cons + Ops Flag | E56: =Flags!E72 -> Flag | F56: =Flags!F72 -> 30 | G56: =Flags!G72 -> 1 | H56: =Flags!H72 -> 1 | I56: =Flags!I72 -> 1 | J56: =Flags!J72 -> 1 | K56: =Flags!K72 -> 1 | L56: =Flags!L72 -> 1 | ... AN56: =Flags!AN72 -> 0
C57: =Flags!C28 -> Ano | E57: =Flags!E28 -> Ano | G57: =Flags!G28 -> 2027 | H57: =Flags!H28 -> 2028 | I57: =Flags!I28 -> 2029 | J57: =Flags!J28 -> 2030 | K57: =Flags!K28 -> 2031 | L57: =Flags!L28 -> 2032 | M57: =Flags!M28 -> 2033 | N57: =Flags!N28 -> 2034 | ... AN57: =Flags!AN28 -> 2060
C58: % de recebimento contraprestação | E58: % | G58: =D52 -> 1 | H58: =G58 -> 1 | I58: =H58 -> 1 | J58: =I58 -> 1 | K58: =J58 -> 1 | L58: =K58 -> 1 | M58: =L58 -> 1 | N58: =M58 -> 1 | O58: =N58 -> 1 | ... AN58: =AM58 -> 1
E59: $R$ | F59: =SUM(G59:AN59) -> 216619.54 | G59: =(((($D$50*(1-$D$51))*$D$52)*G56)*G58)+((((($D$50*(1-$D$51))*$D$52)*G56)*G58)*G61) -> 6261.4 | H59: =(((((G59)*(1-$D$51)))*H56)*H58)+((((($D$50*(1-$D$51))*$D$52)*H56)*H58)*H61)+(G59*H63) -> 6334.3741 | I59: =(((((H59)*(1-$D$51)))*I56)*I58)+((((($D$50*(1-$D$51))*$D$52)*I56)*I58)*I61)+(H59*I63) -> 6406.5075 | J59: =(((((I59)*(1-$D$51)))*J56)*J58)+((((($D$50*(1-$D$51))*$D$52)*J56)*J58)*J61) -> 6477.8194 | K59: =(((((J59)*(1-$D$51)))*K56)*K58)+((((($D$50*(1-$D$51))*$D$52)*K56)*K58)*K61)+((((($D$50*(1-$D$51))*$D$52)*K56)*K58)*K63) -> 6548.3282 | L59: =(((((K59)*(1-$D$51)))*L56)*L58)+((((($D$50*(1-$D$51))*$D$52)*L56)*L58)*L61)+((((($D$50*(1-$D$51))*$D$52)*L56)*L58)*L63) -> 6618.0519 | M59: =(((((L59)*(1-$D$51)))*M56)*M58)+((((($D$50*(1-$D$51))*$D$52)*M56)*M58)*M61)+((((($D$50*(1-$D$51))*$D$52)*M56)*M58)*M63) -> 6687.0077 | N59: =(((((M59)*(1-$D$51)))*N56)*N58)+((((($D$50*(1-$D$51))*$D$52)*N56)*N58)*N61)+((((($D$50*(1-$D$51))*$D$52)*N56)*N58)*N63) -> 6755.2125 | O59: =(((((N59)*(1-$D$51)))*O56)*O58)+((((($D$50*(1-$D$51))*$D$52)*O56)*O58)*O61)+((((($D$50*(1-$D$51))*$D$52)*O56)*O58)*O63) -> 6822.6822 | P59: =(((((O59)*(1-$D$51)))*P56)*P58)+((((($D$50*(1-$D$51))*$D$52)*P56)*P58)*P61)+((((($D$50*(1-$D$51))*$D$52)*P56)*P58)*P63) -> 6889.4327 | Q59: =(((((P59)*(1-$D$51)))*Q56)*Q58)+((((($D$50*(1-$D$51))*$D$52)*Q56)*Q58)*Q61)+((((($D$50*(1-$D$51))*$D$52)*Q56)*Q58)*Q63) -> 6955.4791 | R59: =(((((Q59)*(1-$D$51)))*R56)*R58)+((((($D$50*(1-$D$51))*$D$52)*R56)*R58)*R61)+((((($D$50*(1-$D$51))*$D$52)*R56)*R58)*R63) -> 7020.8361 | ... AN59: =(((((AM59)*(1-$D$51)))*AN56)*AN58)+((((($D$50*(1-$D$51))*$D$52)*AN56)*AN58)*AN61)+((((($D$50*(1-$D$51))*$D$52)*AN56)*AN58)*AN63) -> 0
C61: CRESCIMENTO POPULACIONAL | H61: =Inputs!F119 -> 0.011654598 | I61: =Inputs!G119 -> 0.011520333 | J61: =Inputs!H119 -> 0.011389126 | K61: =Inputs!I119 -> 0.011260875 | L61: =Inputs!J119 -> 0.011135479 | M61: =Inputs!K119 -> 0.011012846 | N61: =Inputs!L119 -> 0.010892884 | O61: =Inputs!M119 -> 0.010775508 | ... AN61: =Inputs!AL119 -> 0
C63: ESCALONAMENTO DA CONTRAPRESTAÇÃO
C66: 𝐶𝑀𝐵 = CONTRAPRESTAÇÃO TRANSITÓRIA
C68: Contraprestação Transitória | D68: =Inputs!D77 -> 9190.3172 | E68: R$
D69: =Inputs!$D$79 -> 0 | E69: %
C70: Indicador | D70: =D52 -> 1 | E70: %
C72: =Flags!C72 -> Cons + Ops Flag | E72: =Flags!E72 -> Flag | F72: =Flags!F72 -> 30 | G72: =Flags!G72 -> 1 | H72: =Flags!H72 -> 1 | I72: =Flags!I72 -> 1 | J72: =Flags!J72 -> 1 | K72: =Flags!K72 -> 1 | L72: =Flags!L72 -> 1 | ... AN72: =Flags!AN72 -> 0
C73: =Inputs!C79 -> Desconto | E73: =Flags!E28 -> Ano | G73: =Flags!G28 -> 2027 | H73: =Flags!H28 -> 2028 | I73: =Flags!I28 -> 2029 | J73: =Flags!J28 -> 2030 | K73: =Flags!K28 -> 2031 | L73: =Flags!L28 -> 2032 | M73: =Flags!M28 -> 2033 | N73: =Flags!N28 -> 2034 | ... AN73: =Flags!AN28 -> 2060
C74: % de recebimento contraprestação | E74: % | G74: =D70 -> 1 | H74: =G74 -> 1 | I74: =H74 -> 1 | J74: =I74 -> 1 | K74: =J74 -> 1 | L74: =K74 -> 1 | M74: =L74 -> 1 | N74: =M74 -> 1 | O74: =N74 -> 1 | ... AN74: =AM74 -> 1
C76: 𝐶𝑀B = CONTRAPRESTAÇÃO MENSAL EXCEDENTE - PARCELA B (Total)
C77: Parcela B total | E77: $R$ | F77: =SUM(G77:AN77) -> 9190.3172 | G77: =(((($D$68*(1-$D$69))*$D$70)*G72)*G74)+((((($D$68*(1-$D$69))*$D$70)*G72)*G74)*G61) -> 9190.3172 | H77: 0 | I77: =H77 -> 0 | J77: =I77 -> 0 | K77: =J77 -> 0 | L77: =K77 -> 0 | M77: =L77 -> 0 | N77: =M77 -> 0 | O77: =N77 -> 0 | P77: =O77 -> 0 | ... AN77: =AM77 -> 0
C82: Contraprestação Pública Mensal
C84: Contraprestação mensal máxima (CMM)
C86: 𝐶𝑀𝐴 = CONTRAPRESTAÇÃO MENSAL MÁXIMA - PARCELA A
C88: =Inputs!C75 -> Contraprestação Ano 1 | E88: R$
C89: =Inputs!C79 -> Desconto | D89: =Inputs!D79 -> 0 | E89: %
C90: Parcela A | E90: %
C93: 𝐶𝑀𝐴1 = CONTRAPRESTAÇÃO MENSAL MÁXIMA - PARCELA A1,
C94: =Flags!C72 -> Cons + Ops Flag | E94: =Flags!E72 -> Flag | F94: =Flags!F72 -> 30 | G94: =Flags!G72 -> 1 | H94: =Flags!H72 -> 1 | I94: =Flags!I72 -> 1 | J94: =Flags!J72 -> 1 | K94: =Flags!K72 -> 1 | L94: =Flags!L72 -> 1 | ... AN94: =Flags!AN72 -> 0
C95: =Flags!C28 -> Ano | E95: =Flags!E28 -> Ano | G95: =Flags!G28 -> 2027 | H95: =Flags!H28 -> 2028 | I95: =Flags!I28 -> 2029 | J95: =Flags!J28 -> 2030 | K95: =Flags!K28 -> 2031 | L95: =Flags!L28 -> 2032 | M95: =Flags!M28 -> 2033 | N95: =Flags!N28 -> 2034 | ... AN95: =Flags!AN28 -> 2060
C96: % de recebimento contraprestação | E96: % | G96: =LOOKUP(G95,Inputs!$D$86:$H$86,Inputs!$D$87:$H$87) -> 2.4677735 | H96: =LOOKUP(H95,Inputs!$D$86:$H$86,Inputs!$D$87:$H$87) -> 1 | I96: =LOOKUP(I95,Inputs!$D$86:$H$86,Inputs!$D$87:$H$87) -> 1 | J96: =LOOKUP(J95,Inputs!$D$86:$H$86,Inputs!$D$87:$H$87) -> 1 | K96: =LOOKUP(K95,Inputs!$D$86:$H$86,Inputs!$D$87:$H$87) -> 1 | L96: =LOOKUP(L95,Inputs!$D$86:$H$86,Inputs!$D$87:$H$87) -> 1 | M96: =LOOKUP(M95,Inputs!$D$86:$H$86,Inputs!$D$87:$H$87) -> 1 | N96: =LOOKUP(N95,Inputs!$D$86:$H$86,Inputs!$D$87:$H$87) -> 1 | ... AN96: =LOOKUP(AN95,Inputs!$D$86:$H$86,Inputs!$D$87:$H$87) -> 1
E97: $R$ | F97: =SUM(G97:AN97) -> 0 | G97: =(((($D$88*(1-$D$89))*$D$90)*G94)*G96)+((((($D$88*(1-$D$89))*$D$90)*G94)*G96)*G139) -> 0 | H97: =(((($D$88*(1-$D$89))*$D$90)*H94)*H96)+((((($D$88*(1-$D$89))*$D$90)*H94)*H96)*H139) -> 0 | I97: =(((((H97)*(1-$D$89)))*I94)*I96)+((((($D$88*(1-$D$89))*$D$90)*I94)*I96)*I139) -> 0 | J97: =(((((I97)*(1-$D$89)))*J94)*J96)+((((($D$88*(1-$D$89))*$D$90)*J94)*J96)*J139) -> 0 | K97: =(((((J97)*(1-$D$89)))*K94)*K96)+((((($D$88*(1-$D$89))*$D$90)*K94)*K96)*K139) -> 0 | L97: =(((((K97)*(1-$D$89)))*L94)*L96)+((((($D$88*(1-$D$89))*$D$90)*L94)*L96)*L139) -> 0 | M97: =(((((L97)*(1-$D$89)))*M94)*M96)+((((($D$88*(1-$D$89))*$D$90)*M94)*M96)*M139) -> 0 | N97: =(((((M97)*(1-$D$89)))*N94)*N96)+((((($D$88*(1-$D$89))*$D$90)*N94)*N96)*N139) -> 0 | O97: =(((((N97)*(1-$D$89)))*O94)*O96)+((((($D$88*(1-$D$89))*$D$90)*O94)*O96)*O139) -> 0 | P97: =(((((O97)*(1-$D$89)))*P94)*P96)+((((($D$88*(1-$D$89))*$D$90)*P94)*P96)*P139) -> 0 | ... AN97: =(((((AM97)*(1-$D$89)))*AN94)*AN96)+((((($D$88*(1-$D$89))*$D$90)*AN94)*AN96)*AN139) -> 0
C100: 𝐶𝑀𝐵 = CONTRAPRESTAÇÃO MENSAL MÁXIMA - PARCELA B.
C102: =Inputs!C75 -> Contraprestação Ano 1 | E102: R$
C103: =Inputs!C79 -> Desconto | D103: =Inputs!$D$79 -> 0 | E103: %
C104: Parcela B | E104: %
C106: =Flags!C72 -> Cons + Ops Flag | E106: =Flags!E72 -> Flag | F106: =Flags!F72 -> 30 | G106: =Flags!G72 -> 1 | H106: =Flags!H72 -> 1 | I106: =Flags!I72 -> 1 | J106: =Flags!J72 -> 1 | K106: =Flags!K72 -> 1 | L106: =Flags!L72 -> 1 | ... AN106: =Flags!AN72 -> 0
C107: =Flags!C28 -> Ano | E107: =Flags!E28 -> Ano | G107: =Flags!G28 -> 2027 | H107: =Flags!H28 -> 2028 | I107: =Flags!I28 -> 2029 | J107: =Flags!J28 -> 2030 | K107: =Flags!K28 -> 2031 | L107: =Flags!L28 -> 2032 | M107: =Flags!M28 -> 2033 | N107: =Flags!N28 -> 2034 | ... AN107: =Flags!AN28 -> 2060
C108: % de recebimento contraprestação | E108: % | G108: =LOOKUP(G107,Inputs!$D$86:$H$86,Inputs!$D$87:$H$87) -> 2.4677735 | H108: =LOOKUP(H107,Inputs!$D$86:$H$86,Inputs!$D$87:$H$87) -> 1 | I108: =LOOKUP(I107,Inputs!$D$86:$H$86,Inputs!$D$87:$H$87) -> 1 | J108: =LOOKUP(J107,Inputs!$D$86:$H$86,Inputs!$D$87:$H$87) -> 1 | K108: =LOOKUP(K107,Inputs!$D$86:$H$86,Inputs!$D$87:$H$87) -> 1 | L108: =LOOKUP(L107,Inputs!$D$86:$H$86,Inputs!$D$87:$H$87) -> 1 | M108: =LOOKUP(M107,Inputs!$D$86:$H$86,Inputs!$D$87:$H$87) -> 1 | N108: =LOOKUP(N107,Inputs!$D$86:$H$86,Inputs!$D$87:$H$87) -> 1 | ... AN108: =LOOKUP(AN107,Inputs!$D$86:$H$86,Inputs!$D$87:$H$87) -> 1
C110: 𝐶𝑀B = CONTRAPRESTAÇÃO MENSAL MÁXIMA - PARCELA B (Total)
C111: Parcela B total | E111: $R$ | F111: =SUM(G111:AN111) -> 0 | G111: =(((($D$102*(1-$D$103))*$D$104)*G106)*G108)+((((($D$102*(1-$D$103))*$D$104)*G106)*G108)*G139) -> 0 | H111: =(((($D$102*(1-$D$103))*$D$104)*H106)*H108)+((((($D$102*(1-$D$103))*$D$104)*H106)*H108)*H139) -> 0 | I111: =(((((H111)*(1-$D$103)))*I106)*I108)+((((($D$102*(1-$D$103))*$D$104)*I106)*I108)*I139) -> 0 | J111: =(((((I111)*(1-$D$103)))*J106)*J108)+((((($D$102*(1-$D$103))*$D$104)*J106)*J108)*J139) -> 0 | K111: =(((((J111)*(1-$D$103)))*K106)*K108)+((((($D$102*(1-$D$103))*$D$104)*K106)*K108)*K139) -> 0 | L111: =(((((K111)*(1-$D$103)))*L106)*L108)+((((($D$102*(1-$D$103))*$D$104)*L106)*L108)*L139) -> 0 | M111: =(((((L111)*(1-$D$103)))*M106)*M108)+((((($D$102*(1-$D$103))*$D$104)*M106)*M108)*M139) -> 0 | N111: =(((((M111)*(1-$D$103)))*N106)*N108)+((((($D$102*(1-$D$103))*$D$104)*N106)*N108)*N139) -> 0 | O111: =(((((N111)*(1-$D$103)))*O106)*O108)+((((($D$102*(1-$D$103))*$D$104)*O106)*O108)*O139) -> 0 | P111: =(((((O111)*(1-$D$103)))*P106)*P108)+((((($D$102*(1-$D$103))*$D$104)*P106)*P108)*P139) -> 0 | ... AN111: =(((((AM111)*(1-$D$103)))*AN106)*AN108)+((((($D$102*(1-$D$103))*$D$104)*AN106)*AN108)*AN139) -> 0
C115: Contraprestação mensal máxima (CMM) | E115: $R$ | F115: =SUM(G115:AN115) -> 225809.86 | G115: =G59+G77 -> 15451.717 | H115: =H59+H77 -> 6334.3741 | I115: =I59+I77 -> 6406.5075 | J115: =J59+J77 -> 6477.8194 | K115: =K59+K77 -> 6548.3282 | L115: =L59+L77 -> 6618.0519 | M115: =M59+M77 -> 6687.0077 | N115: =N59+N77 -> 6755.2125 | ... AN115: =AN59+AN77 -> 0
C118: Fator de Desempenho
C119: =Inputs!C84 -> Fator de Desempenho | D119: =Inputs!D84 -> 1 | E119: Fator | G119: =IF(G115<>0,$D$119,0) -> 1 | H119: =IF(H115<>0,$D$119,0) -> 1 | I119: =IF(I115<>0,$D$119,0) -> 1 | J119: =IF(J115<>0,$D$119,0) -> 1 | K119: =IF(K115<>0,$D$119,0) -> 1 | L119: =IF(L115<>0,$D$119,0) -> 1 | M119: =IF(M115<>0,$D$119,0) -> 1 | N119: =IF(N115<>0,$D$119,0) -> 1 | ... AN119: =IF(AN115<>0,$D$119,0) -> 0
C121: Atualização IPCA
C123: =Flags!C$14 -> Counter | D123: =Flags!D$14 -> 0 | E123: =Flags!E$14 -> Counter | F123: =Flags!F$14 -> 0 | G123: =Flags!G$14 -> 1 | H123: =Flags!H$14 -> 2 | I123: =Flags!I$14 -> 3 | J123: =Flags!J$14 -> 4 | ... AN123: =Flags!AN$14 -> 34
C124: Atualização IPCA | E124: Flag | G124: =IF(G123=1,0,1) -> 0 | H124: =IF(H123=1,0,1) -> 1 | I124: =IF(I123=1,0,1) -> 1 | J124: =IF(J123=1,0,1) -> 1 | K124: =IF(K123=1,0,1) -> 1 | L124: =IF(L123=1,0,1) -> 1 | M124: =IF(M123=1,0,1) -> 1 | N124: =IF(N123=1,0,1) -> 1 | ... AN124: =IF(AN123=1,0,1) -> 1
C125: IPCA | E125: Fator | F125: 1 | G125: =IF(G124=1,G$39,F125) -> 1 | H125: =IF(H124=1,H$39,G125) -> 1.071225 | I125: =IF(I124=1,I$39,H125) -> 1.1087179 | J125: =IF(J124=1,J$39,I125) -> 1.147523 | K125: =IF(K124=1,K$39,J125) -> 1.1876863 | L125: =IF(L124=1,L$39,K125) -> 1.2292553 | M125: =IF(M124=1,M$39,L125) -> 1.2722793 | N125: =IF(N124=1,N$39,M125) -> 1.316809 | ... AN125: =IF(AN124=1,AN$39,AM125) -> 1
C127: Contraprestação anual | E127: R$ | F127: =SUM(G127:AN127) -> 225809.86 | G127: =IF(Inputs!$E$19=2,Ops!G115,G115*G119*G125) -> 15451.717 | H127: =IF(Inputs!$E$19=2,Ops!H115,H115*H119*H125) -> 6334.3741 | I127: =IF(Inputs!$E$19=2,Ops!I115,I115*I119*I125) -> 6406.5075 | J127: =IF(Inputs!$E$19=2,Ops!J115,J115*J119*J125) -> 6477.8194 | K127: =IF(Inputs!$E$19=2,Ops!K115,K115*K119*K125) -> 6548.3282 | L127: =IF(Inputs!$E$19=2,Ops!L115,L115*L119*L125) -> 6618.0519 | M127: =IF(Inputs!$E$19=2,Ops!M115,M115*M119*M125) -> 6687.0077 | N127: =IF(Inputs!$E$19=2,Ops!N115,N115*N119*N125) -> 6755.2125 | ... AN127: =IF(Inputs!$E$19=2,Ops!AN115,AN115*AN119*AN125) -> 0
C129: Receitas tarifárias
C131: Volume esperado
C132: =Flags!C50 -> Flag de operação | E132: =Flags!E50 -> Flag | F132: =Flags!F50 -> 29 | G132: =Flags!G50 -> 0 | H132: 1 | I132: =Flags!I50 -> 1 | J132: =Flags!J50 -> 1 | K132: =Flags!K50 -> 1 | L132: =Flags!L50 -> 1 | M132: =Flags!M50 -> 1 | N132: =Flags!N50 -> 1 | O132: =Flags!O50 -> 1 | P132: =Flags!P50 -> 1 | ... AN132: =Flags!AN50 -> 0
C134: Tarifas aplicáveis
C135: Flag de aumento | F135: =SUM(G135:AN135) -> 2 | G135: 0 | I135: 1 | J135: 0 | K135: 0 | L135: 0 | M135: 1 | N135: 0 | O135: 0 | P135: 0
C137: Aumento Real | D137: =F137 -> 0.4035 | F137: =SUM(G137:AN137) -> 0.4035 | G137: =IF(G135=1,Inputs!$D94/$F$135,0) -> 0 | H137: =IF(H135=1,Inputs!$D94/$F$135,0) -> 0 | I137: 0.3385 | J137: =IF(J135=1,Inputs!$D94/$F$135,0) -> 0 | K137: =IF(K135=1,Inputs!$D94/$F$135,0) -> 0 | L137: =IF(L135=1,Inputs!$D94/$F$135,0) -> 0 | M137: 0.065 | N137: =IF(N135=1,Inputs!$D94/$F$135,0) -> 0 | O137: =IF(O135=1,Inputs!$D94/$F$135,0) -> 0 | P137: =IF(P135=1,Inputs!$D94/$F$135,0) -> 0 | Q137: =IF(Q135=1,Inputs!$D94/$F$135,0) -> 0 | R137: =IF(R135=1,Inputs!$D94/$F$135,0) -> 0 | S137: =IF(S135=1,Inputs!$D94/$F$135,0) -> 0 | T137: =IF(T135=1,Inputs!$D94/$F$135,0) -> 0 | U137: =IF(U135=1,Inputs!$D94/$F$135,0) -> 0 | ... AN137: =IF(AN135=1,Inputs!$D94/$F$135,0) -> 0
C139: Crescimento unidades | E139: Crescimento unidades | G139: =Inputs!E119 -> 0.011792029 | H139: =Inputs!F119 -> 0.011654598 | I139: =Inputs!G119 -> 0.011520333 | J139: =Inputs!H119 -> 0.011389126 | K139: =Inputs!I119 -> 0.011260875 | L139: =Inputs!J119 -> 0.011135479 | M139: =Inputs!K119 -> 0.011012846 | N139: =Inputs!L119 -> 0.010892884 | ... AJ139: =Inputs!AH119 -> 0.0087871108
B141: 1 | C141: =Inputs!C97 -> Residenciais Frequência Semanal - 6 vezes | D141: =ROUND((1799*95%),0) -> 1709 | E141: Unidades geradoras | F141: =SUM(G141:AJ141) -> 60570 | G141: =ROUND(D141*(1+G$139),0) -> 1729 | H141: =ROUND(G141*(1+H$139),0) -> 1749 | I141: =ROUND(H141*(1+I$139),0) -> 1769 | J141: =ROUND(I141*(1+J$139),0) -> 1789 | K141: =ROUND(J141*(1+K$139),0) -> 1809 | L141: =ROUND(K141*(1+L$139),0) -> 1829 | M141: =ROUND(L141*(1+M$139),0) -> 1849 | N141: =ROUND(M141*(1+N$139),0) -> 1869 | O141: =ROUND(N141*(1+O$139),0) -> 1889 | ... AJ141: =ROUND(AI141*(1+AJ$139),0) -> 2309
B142: 2 | C142: =Inputs!C98 -> ResidenciaisFrequência Semanal - 3 vezes | D142: =ROUND(16490*95%,0) -> 15666 | E142: Unidades geradoras | F142: =SUM(G142:AJ142) -> 556005 | G142: =ROUND(D142*(1+G$139),0) -> 15851 | H142: =ROUND(G142*(1+H$139),0) -> 16036 | I142: =ROUND(H142*(1+I$139),0) -> 16221 | J142: =ROUND(I142*(1+J$139),0) -> 16406 | K142: =ROUND(J142*(1+K$139),0) -> 16591 | L142: =ROUND(K142*(1+L$139),0) -> 16776 | M142: =ROUND(L142*(1+M$139),0) -> 16961 | N142: =ROUND(M142*(1+N$139),0) -> 17146 | O142: =ROUND(N142*(1+O$139),0) -> 17331 | ... AJ142: =ROUND(AI142*(1+AJ$139),0) -> 21216
B143: 3 | C143: =Inputs!C99 -> Residenciais - Tarifa Social | D143: =ROUND(((16490*5%)+(1799*5%)),0) -> 914 | E143: Unidades geradoras | F143: =SUM(G143:AJ143) -> 32535 | G143: =ROUND(D143*(1+G$139),0) -> 925 | H143: =ROUND(G143*(1+H$139),0) -> 936 | I143: =ROUND(H143*(1+I$139),0) -> 947 | J143: =ROUND(I143*(1+J$139),0) -> 958 | K143: =ROUND(J143*(1+K$139),0) -> 969 | L143: =ROUND(K143*(1+L$139),0) -> 980 | M143: =ROUND(L143*(1+M$139),0) -> 991 | N143: =ROUND(M143*(1+N$139),0) -> 1002 | O143: =ROUND(N143*(1+O$139),0) -> 1013 | ... AJ143: =ROUND(AI143*(1+AJ$139),0) -> 1244
B144: 4 | C144: =Inputs!C100 -> Não Residenciais | D144: 1 | E144: Unidades geradoras | F144: =SUM(G144:AJ144) -> 35.483293 | G144: =$D144*(1+G$139) -> 1.011792 | H144: =G144*(1+H$139) -> 1.0235841 | I144: =IF(I$132=0,$D144*(1+I$139),H144*(1+I$139)) -> 1.0353761 | J144: =IF(J$132=0,$D144*(1+J$139),I144*(1+J$139)) -> 1.0471681 | K144: =IF(K$132=0,$D144*(1+K$139),J144*(1+K$139)) -> 1.0589601 | L144: =IF(L$132=0,$D144*(1+L$139),K144*(1+L$139)) -> 1.0707522 | M144: =IF(M$132=0,$D144*(1+M$139),L144*(1+M$139)) -> 1.0825442 | N144: =IF(N$132=0,$D144*(1+N$139),M144*(1+N$139)) -> 1.0943362 | O144: =IF(O$132=0,$D144*(1+O$139),N144*(1+O$139)) -> 1.1061283 | P144: =IF(P$132=0,$D144*(1+P$139),O144*(1+P$139)) -> 1.1179203 | ... AJ144: =IF(AJ$132=0,$D144*(1+AJ$139),AI144*(1+AJ$139)) -> 1.3537609
B145: 15 | C145: =Inputs!C101 -> 0 | D145: 0 | E145: Unidades geradoras | F145: =SUM(G145:AJ145) -> 0 | G145: =$D145*(1+G$139) -> 0 | H145: =G145*(1+H$139) -> 0 | I145: =IF(I$132=0,$D145*(1+I$139),H145*(1+I$139)) -> 0 | J145: =IF(J$132=0,$D145*(1+J$139),I145*(1+J$139)) -> 0 | K145: =IF(K$132=0,$D145*(1+K$139),J145*(1+K$139)) -> 0 | L145: =IF(L$132=0,$D145*(1+L$139),K145*(1+L$139)) -> 0 | M145: =IF(M$132=0,$D145*(1+M$139),L145*(1+M$139)) -> 0 | N145: =IF(N$132=0,$D145*(1+N$139),M145*(1+N$139)) -> 0 | O145: =IF(O$132=0,$D145*(1+O$139),N145*(1+O$139)) -> 0 | P145: =IF(P$132=0,$D145*(1+P$139),O145*(1+P$139)) -> 0 | ... AJ145: =IF(AJ$132=0,$D145*(1+AJ$139),AI145*(1+AJ$139)) -> 0
B146: 16 | C146: =Inputs!C102 -> 0 | D146: 0 | E146: Unidades geradoras | F146: =SUM(G146:AJ146) -> 0 | G146: =$D146*(1+G$139) -> 0 | H146: =G146*(1+H$139) -> 0 | I146: =IF(I$132=0,$D146*(1+I$139),H146*(1+I$139)) -> 0 | J146: =IF(J$132=0,$D146*(1+J$139),I146*(1+J$139)) -> 0 | K146: =IF(K$132=0,$D146*(1+K$139),J146*(1+K$139)) -> 0 | L146: =IF(L$132=0,$D146*(1+L$139),K146*(1+L$139)) -> 0 | M146: =IF(M$132=0,$D146*(1+M$139),L146*(1+M$139)) -> 0 | N146: =IF(N$132=0,$D146*(1+N$139),M146*(1+N$139)) -> 0 | O146: =IF(O$132=0,$D146*(1+O$139),N146*(1+O$139)) -> 0 | P146: =IF(P$132=0,$D146*(1+P$139),O146*(1+P$139)) -> 0 | ... AJ146: =IF(AJ$132=0,$D146*(1+AJ$139),AI146*(1+AJ$139)) -> 0
B147: 17 | C147: =Inputs!C103 -> 0 | D147: 0 | E147: Unidades geradoras | F147: =SUM(G147:AJ147) -> 0 | G147: =$D147*(1+G$139) -> 0 | H147: =G147*(1+H$139) -> 0 | I147: =IF(I$132=0,$D147*(1+I$139),H147*(1+I$139)) -> 0 | J147: =IF(J$132=0,$D147*(1+J$139),I147*(1+J$139)) -> 0 | K147: =IF(K$132=0,$D147*(1+K$139),J147*(1+K$139)) -> 0 | L147: =IF(L$132=0,$D147*(1+L$139),K147*(1+L$139)) -> 0 | M147: =IF(M$132=0,$D147*(1+M$139),L147*(1+M$139)) -> 0 | N147: =IF(N$132=0,$D147*(1+N$139),M147*(1+N$139)) -> 0 | O147: =IF(O$132=0,$D147*(1+O$139),N147*(1+O$139)) -> 0 | P147: =IF(P$132=0,$D147*(1+P$139),O147*(1+P$139)) -> 0 | ... AJ147: =IF(AJ$132=0,$D147*(1+AJ$139),AI147*(1+AJ$139)) -> 0
B149: 1 | C149: =C141 -> Residenciais Frequência Semanal - 6 vezes | D149: =Inputs!D97 -> 633.0165 | E149: Valor básico referencial | F149: =SUM(G149:AN149) -> 26312.002 | G149: =$D149*(1+G$137) -> 633.0165 | H149: =G149*(1+H$137) -> 633.0165 | I149: =H149*(1+I$137) -> 847.29259 | J149: =I149*(1+J$137) -> 847.29259 | K149: =J149*(1+K$137) -> 847.29259 | L149: =K149*(1+L$137) -> 847.29259 | M149: =L149*(1+M$137) -> 902.3666 | N149: =M149*(1+N$137) -> 902.3666 | O149: =N149*(1+O$137) -> 902.3666 | ... AJ149: =AI149*(1+AJ$137) -> 902.3666
B150: 2 | C150: =C142 -> ResidenciaisFrequência Semanal - 3 vezes | D150: =Inputs!D98 -> 422.011 | E150: Valor básico referencial | F150: =SUM(G150:AN150) -> 17541.335 | G150: =$D150*(1+G$137) -> 422.011 | H150: =G150*(1+H$137) -> 422.011 | I150: =H150*(1+I$137) -> 564.86172 | J150: =I150*(1+J$137) -> 564.86172 | K150: =J150*(1+K$137) -> 564.86172 | L150: =K150*(1+L$137) -> 564.86172 | M150: =L150*(1+M$137) -> 601.57774 | N150: =M150*(1+N$137) -> 601.57774 | O150: =N150*(1+O$137) -> 601.57774 | ... AJ150: =AI150*(1+AJ$137) -> 601.57774
...

Sheet Debt
A1: DÍVIDA E CONTA RESERVA | D1: Alerta | E1: Erro | F1: IRR | G1: NPV | H1: Macro
D2: =CHECKS!$F$9 -> 0 | E2: =CHECKS!$F$15 -> 0 | F2: =Project_IRR -> 0.10790613 | G2: =Project_NPV -> 0.44602649 | H2: =Master_Check -> 0
C4: =Flags!C4 -> Começo período | G4: =Flags!G4 -> 46388 | H4: =Flags!H4 -> 46753 | I4: =Flags!I4 -> 47119 | J4: =Flags!J4 -> 47484 | K4: =Flags!K4 -> 47849 | L4: =Flags!L4 -> 48214 | M4: =Flags!M4 -> 48580 | N4: =Flags!N4 -> 48945 | ... AN4: =Flags!AN4 -> 58441
C5: =Flags!C5 -> Fim período | G5: =Flags!G5 -> 46752 | H5: =Flags!H5 -> 47118 | I5: =Flags!I5 -> 47483 | J5: =Flags!J5 -> 47848 | K5: =Flags!K5 -> 48213 | L5: =Flags!L5 -> 48579 | M5: =Flags!M5 -> 48944 | N5: =Flags!N5 -> 49309 | ... AN5: =Flags!AN5 -> 58806
C6: Ano | G6: =YEAR(G5) -> 2027 | H6: =YEAR(H5) -> 2028 | I6: =YEAR(I5) -> 2029 | J6: =YEAR(J5) -> 2030 | K6: =YEAR(K5) -> 2031 | L6: =YEAR(L5) -> 2032 | M6: =YEAR(M5) -> 2033 | N6: =YEAR(N5) -> 2034 | ... AN6: =YEAR(AN5) -> 2060
C7: =Flags!C6 -> Timeline | G7: =Flags!G90 -> Ops | H7: =Flags!H90 -> Ops | I7: =Flags!I90 -> Ops | J7: =Flags!J90 -> Ops | K7: =Flags!K90 -> Ops | L7: =Flags!L90 -> Ops | M7: =Flags!M90 -> Ops | N7: =Flags!N90 -> Ops | ... AN7: =Flags!AN90 -> Post Ops.
D9: =Flags!D8 -> Inputs | E9: =Flags!E8 -> Units | F9: =Flags!F8 -> Total
C11: Correção Monetária
C13: Ano de Operação | E13: Ano | G13: =YEAR(G$5) -> 2027 | H13: =YEAR(H$5) -> 2028 | I13: =YEAR(I$5) -> 2029 | J13: =YEAR(J$5) -> 2030 | K13: =YEAR(K$5) -> 2031 | L13: =YEAR(L$5) -> 2032 | M13: =YEAR(M$5) -> 2033 | N13: =YEAR(N$5) -> 2034 | ... AN13: =YEAR(AN$5) -> 2060
C14: Dias no período | E14: Dias | G14: =Flags!H$26 -> 366 | H14: =Flags!I$26 -> 365 | I14: =Flags!J$26 -> 365 | J14: =Flags!K$26 -> 365 | K14: =Flags!L$26 -> 366 | L14: =Flags!M$26 -> 365 | M14: =Flags!N$26 -> 365 | N14: =Flags!O$26 -> 365 | ... AN14: =Flags!AO$26 -> 0
C15: Dias no ano | E15: Dias | G15: =SUMIF($G$13:$AN$13,G13,$G$14:$AN$14) -> 366 | H15: =SUMIF($G$13:$AN$13,H13,$G$14:$AN$14) -> 365 | I15: =SUMIF($G$13:$AN$13,I13,$G$14:$AN$14) -> 365 | J15: =SUMIF($G$13:$AN$13,J13,$G$14:$AN$14) -> 365 | K15: =SUMIF($G$13:$AN$13,K13,$G$14:$AN$14) -> 366 | L15: =SUMIF($G$13:$AN$13,L13,$G$14:$AN$14) -> 365 | M15: =SUMIF($G$13:$AN$13,M13,$G$14:$AN$14) -> 365 | N15: =SUMIF($G$13:$AN$13,N13,$G$14:$AN$14) -> 365 | ... AN15: =SUMIF($G$13:$AN$13,AN13,$G$14:$AN$14) -> 0
C17: Correção
C18: % p.a
C19: =Inputs!C337 -> None | E19: % p.a | G19: =LOOKUP(G$13,Inputs!$G$336:$K$336,Inputs!$G337:$K337) -> 0 | H19: =LOOKUP(H$13,Inputs!$G$336:$K$336,Inputs!$G337:$K337) -> 0 | I19: =LOOKUP(I$13,Inputs!$G$336:$K$336,Inputs!$G337:$K337) -> 0 | J19: =LOOKUP(J$13,Inputs!$G$336:$K$336,Inputs!$G337:$K337) -> 0 | K19: =LOOKUP(K$13,Inputs!$G$336:$K$336,Inputs!$G337:$K337) -> 0 | L19: =LOOKUP(L$13,Inputs!$G$336:$K$336,Inputs!$G337:$K337) -> 0 | M19: =LOOKUP(M$13,Inputs!$G$336:$K$336,Inputs!$G337:$K337) -> 0 | N19: =LOOKUP(N$13,Inputs!$G$336:$K$336,Inputs!$G337:$K337) -> 0 | ... AN19: =LOOKUP(AN$13,Inputs!$G$336:$K$336,Inputs!$G337:$K337) -> 0
C20: =Inputs!C338 -> IPG-M | E20: % p.a | G20: =LOOKUP(G$13,Inputs!$G$336:$K$336,Inputs!$G338:$K338) -> 0.038 | H20: =LOOKUP(H$13,Inputs!$G$336:$K$336,Inputs!$G338:$K338) -> 0.038 | I20: =LOOKUP(I$13,Inputs!$G$336:$K$336,Inputs!$G338:$K338) -> 0.038 | J20: =LOOKUP(J$13,Inputs!$G$336:$K$336,Inputs!$G338:$K338) -> 0.038 | K20: =LOOKUP(K$13,Inputs!$G$336:$K$336,Inputs!$G338:$K338) -> 0.038 | L20: =LOOKUP(L$13,Inputs!$G$336:$K$336,Inputs!$G338:$K338) -> 0.038 | M20: =LOOKUP(M$13,Inputs!$G$336:$K$336,Inputs!$G338:$K338) -> 0.038 | N20: =LOOKUP(N$13,Inputs!$G$336:$K$336,Inputs!$G338:$K338) -> 0.038 | ... AN20: =LOOKUP(AN$13,Inputs!$G$336:$K$336,Inputs!$G338:$K338) -> 0.038
C21: =Inputs!C339 -> PIB | E21: % p.a | G21: =LOOKUP(G$13,Inputs!$G$336:$K$336,Inputs!$G339:$K339) -> 0.02 | H21: =LOOKUP(H$13,Inputs!$G$336:$K$336,Inputs!$G339:$K339) -> 0.02 | I21: =LOOKUP(I$13,Inputs!$G$336:$K$336,Inputs!$G339:$K339) -> 0.02 | J21: =LOOKUP(J$13,Inputs!$G$336:$K$336,Inputs!$G339:$K339) -> 0.02 | K21: =LOOKUP(K$13,Inputs!$G$336:$K$336,Inputs!$G339:$K339) -> 0.02 | L21: =LOOKUP(L$13,Inputs!$G$336:$K$336,Inputs!$G339:$K339) -> 0.02 | M21: =LOOKUP(M$13,Inputs!$G$336:$K$336,Inputs!$G339:$K339) -> 0.02 | N21: =LOOKUP(N$13,Inputs!$G$336:$K$336,Inputs!$G339:$K339) -> 0.02 | ... AN21: =LOOKUP(AN$13,Inputs!$G$336:$K$336,Inputs!$G339:$K339) -> 0.02
C22: =Inputs!C340 -> PIB Serviços | E22: % p.a | G22: =LOOKUP(G$13,Inputs!$G$336:$K$336,Inputs!$G340:$K340) -> 0.025 | H22: =LOOKUP(H$13,Inputs!$G$336:$K$336,Inputs!$G340:$K340) -> 0.025 | I22: =LOOKUP(I$13,Inputs!$G$336:$K$336,Inputs!$G340:$K340) -> 0.025 | J22: =LOOKUP(J$13,Inputs!$G$336:$K$336,Inputs!$G340:$K340) -> 0.025 | K22: =LOOKUP(K$13,Inputs!$G$336:$K$336,Inputs!$G340:$K340) -> 0.025 | L22: =LOOKUP(L$13,Inputs!$G$336:$K$336,Inputs!$G340:$K340) -> 0.025 | M22: =LOOKUP(M$13,Inputs!$G$336:$K$336,Inputs!$G340:$K340) -> 0.025 | N22: =LOOKUP(N$13,Inputs!$G$336:$K$336,Inputs!$G340:$K340) -> 0.025 | ... AN22: =LOOKUP(AN$13,Inputs!$G$336:$K$336,Inputs!$G340:$K340) -> 0.025
C23: =Inputs!C341 -> CPI US | E23: % p.a | G23: =LOOKUP(G$13,Inputs!$G$336:$K$336,Inputs!$G341:$K341) -> 0.031 | H23: =LOOKUP(H$13,Inputs!$G$336:$K$336,Inputs!$G341:$K341) -> 0.031 | I23: =LOOKUP(I$13,Inputs!$G$336:$K$336,Inputs!$G341:$K341) -> 0.031 | J23: =LOOKUP(J$13,Inputs!$G$336:$K$336,Inputs!$G341:$K341) -> 0.031 | K23: =LOOKUP(K$13,Inputs!$G$336:$K$336,Inputs!$G341:$K341) -> 0.031 | L23: =LOOKUP(L$13,Inputs!$G$336:$K$336,Inputs!$G341:$K341) -> 0.031 | M23: =LOOKUP(M$13,Inputs!$G$336:$K$336,Inputs!$G341:$K341) -> 0.031 | N23: =LOOKUP(N$13,Inputs!$G$336:$K$336,Inputs!$G341:$K341) -> 0.031 | ... AN23: =LOOKUP(AN$13,Inputs!$G$336:$K$336,Inputs!$G341:$K341) -> 0.031
C24: =Inputs!C342 -> SELIC | E24: % p.a | G24: =LOOKUP(G$13,Inputs!$G$336:$K$336,Inputs!$G342:$K342) -> 0.085 | H24: =LOOKUP(H$13,Inputs!$G$336:$K$336,Inputs!$G342:$K342) -> 0.085 | I24: =LOOKUP(I$13,Inputs!$G$336:$K$336,Inputs!$G342:$K342) -> 0.085 | J24: =LOOKUP(J$13,Inputs!$G$336:$K$336,Inputs!$G342:$K342) -> 0.085 | K24: =LOOKUP(K$13,Inputs!$G$336:$K$336,Inputs!$G342:$K342) -> 0.085 | L24: =LOOKUP(L$13,Inputs!$G$336:$K$336,Inputs!$G342:$K342) -> 0.085 | M24: =LOOKUP(M$13,Inputs!$G$336:$K$336,Inputs!$G342:$K342) -> 0.085 | N24: =LOOKUP(N$13,Inputs!$G$336:$K$336,Inputs!$G342:$K342) -> 0.085 | ... AN24: =LOOKUP(AN$13,Inputs!$G$336:$K$336,Inputs!$G342:$K342) -> 0.085
C25: =Inputs!C343 -> CDI | E25: % p.a | G25: =LOOKUP(G$13,Inputs!$G$336:$K$336,Inputs!$G343:$K343) -> 0.085 | H25: =LOOKUP(H$13,Inputs!$G$336:$K$336,Inputs!$G343:$K343) -> 0.085 | I25: =LOOKUP(I$13,Inputs!$G$336:$K$336,Inputs!$G343:$K343) -> 0.085 | J25: =LOOKUP(J$13,Inputs!$G$336:$K$336,Inputs!$G343:$K343) -> 0.085 | K25: =LOOKUP(K$13,Inputs!$G$336:$K$336,Inputs!$G343:$K343) -> 0.085 | L25: =LOOKUP(L$13,Inputs!$G$336:$K$336,Inputs!$G343:$K343) -> 0.085 | M25: =LOOKUP(M$13,Inputs!$G$336:$K$336,Inputs!$G343:$K343) -> 0.085 | N25: =LOOKUP(N$13,Inputs!$G$336:$K$336,Inputs!$G343:$K343) -> 0.085 | ... AN25: =LOOKUP(AN$13,Inputs!$G$336:$K$336,Inputs!$G343:$K343) -> 0.085
C26: =Inputs!C344 -> TLP | E26: % p.a | G26: =LOOKUP(G$13,Inputs!$G$336:$K$336,Inputs!$G344:$K344) -> 0.0898 | H26: =LOOKUP(H$13,Inputs!$G$336:$K$336,Inputs!$G344:$K344) -> 0.0898 | I26: =LOOKUP(I$13,Inputs!$G$336:$K$336,Inputs!$G344:$K344) -> 0.0898 | J26: =LOOKUP(J$13,Inputs!$G$336:$K$336,Inputs!$G344:$K344) -> 0.0898 | K26: =LOOKUP(K$13,Inputs!$G$336:$K$336,Inputs!$G344:$K344) -> 0.0898 | L26: =LOOKUP(L$13,Inputs!$G$336:$K$336,Inputs!$G344:$K344) -> 0.0898 | M26: =LOOKUP(M$13,Inputs!$G$336:$K$336,Inputs!$G344:$K344) -> 0.0898 | N26: =LOOKUP(N$13,Inputs!$G$336:$K$336,Inputs!$G344:$K344) -> 0.0898 | ... AN26: =LOOKUP(AN$13,Inputs!$G$336:$K$336,Inputs!$G344:$K344) -> 0.0898
C27: =Inputs!C345 -> IPCA | E27: % p.a | G27: =LOOKUP(G$13,Inputs!$G$336:$K$336,Inputs!$G345:$K345) -> 0.035 | H27: =LOOKUP(H$13,Inputs!$G$336:$K$336,Inputs!$G345:$K345) -> 0.035 | I27: =LOOKUP(I$13,Inputs!$G$336:$K$336,Inputs!$G345:$K345) -> 0.035 | J27: =LOOKUP(J$13,Inputs!$G$336:$K$336,Inputs!$G345:$K345) -> 0.035 | K27: =LOOKUP(K$13,Inputs!$G$336:$K$336,Inputs!$G345:$K345) -> 0.035 | L27: =LOOKUP(L$13,Inputs!$G$336:$K$336,Inputs!$G345:$K345) -> 0.035 | M27: =LOOKUP(M$13,Inputs!$G$336:$K$336,Inputs!$G345:$K345) -> 0.035 | N27: =LOOKUP(N$13,Inputs!$G$336:$K$336,Inputs!$G345:$K345) -> 0.035 | ... AN27: =LOOKUP(AN$13,Inputs!$G$336:$K$336,Inputs!$G345:$K345) -> 0.035
C29: Index
C30: =C19 -> None | F30: =Inputs!E337 -> 1 | G30: =IFERROR(F30*(1+G19)^(G$14/G$15),1) -> 1 | H30: =IFERROR(G30*(1+H19)^(H$14/H$15),1) -> 1 | I30: =IFERROR(H30*(1+I19)^(I$14/I$15),1) -> 1 | J30: =IFERROR(I30*(1+J19)^(J$14/J$15),1) -> 1 | K30: =IFERROR(J30*(1+K19)^(K$14/K$15),1) -> 1 | L30: =IFERROR(K30*(1+L19)^(L$14/L$15),1) -> 1 | M30: =IFERROR(L30*(1+M19)^(M$14/M$15),1) -> 1 | N30: =IFERROR(M30*(1+N19)^(N$14/N$15),1) -> 1 | ... AN30: =IFERROR(AM30*(1+AN19)^(AN$14/AN$15),1) -> 1
C31: =C20 -> IPG-M | F31: =Inputs!E338 -> 1 | G31: =IFERROR(F31*(1+G20)^(G$14/G$15),1) -> 1.038 | H31: =IFERROR(G31*(1+H20)^(H$14/H$15),1) -> 1.077444 | I31: =IFERROR(H31*(1+I20)^(I$14/I$15),1) -> 1.1183869 | J31: =IFERROR(I31*(1+J20)^(J$14/J$15),1) -> 1.1608856 | K31: =IFERROR(J31*(1+K20)^(K$14/K$15),1) -> 1.2049992 | L31: =IFERROR(K31*(1+L20)^(L$14/L$15),1) -> 1.2507892 | M31: =IFERROR(L31*(1+M20)^(M$14/M$15),1) -> 1.2983192 | N31: =IFERROR(M31*(1+N20)^(N$14/N$15),1) -> 1.3476553 | ... AN31: =IFERROR(AM31*(1+AN20)^(AN$14/AN$15),1) -> 1
C32: =C21 -> PIB | F32: =Inputs!E339 -> 1 | G32: =IFERROR(F32*(1+G21)^(G$14/G$15),1) -> 1.02 | H32: =IFERROR(G32*(1+H21)^(H$14/H$15),1) -> 1.0404 | I32: =IFERROR(H32*(1+I21)^(I$14/I$15),1) -> 1.061208 | J32: =IFERROR(I32*(1+J21)^(J$14/J$15),1) -> 1.0824322 | K32: =IFERROR(J32*(1+K21)^(K$14/K$15),1) -> 1.1040808 | L32: =IFERROR(K32*(1+L21)^(L$14/L$15),1) -> 1.1261624 | M32: =IFERROR(L32*(1+M21)^(M$14/M$15),1) -> 1.1486857 | N32: =IFERROR(M32*(1+N21)^(N$14/N$15),1) -> 1.1716594 | ... AN32: =IFERROR(AM32*(1+AN21)^(AN$14/AN$15),1) -> 1
C33: =C22 -> PIB Serviços | F33: =Inputs!E340 -> 1 | G33: =IFERROR(F33*(1+G22)^(G$14/G$15),1) -> 1.025 | H33: =IFERROR(G33*(1+H22)^(H$14/H$15),1) -> 1.050625 | I33: =IFERROR(H33*(1+I22)^(I$14/I$15),1) -> 1.0768906 | J33: =IFERROR(I33*(1+J22)^(J$14/J$15),1) -> 1.1038129 | K33: =IFERROR(J33*(1+K22)^(K$14/K$15),1) -> 1.1314082 | L33: =IFERROR(K33*(1+L22)^(L$14/L$15),1) -> 1.1596934 | M33: =IFERROR(L33*(1+M22)^(M$14/M$15),1) -> 1.1886858 | N33: =IFERROR(M33*(1+N22)^(N$14/N$15),1) -> 1.2184029 | ... AN33: =IFERROR(AM33*(1+AN22)^(AN$14/AN$15),1) -> 1
C34: =C23 -> CPI US | F34: =Inputs!E341 -> 1 | G34: =IFERROR(F34*(1+G23)^(G$14/G$15),1) -> 1.031 | H34: =IFERROR(G34*(1+H23)^(H$14/H$15),1) -> 1.062961 | I34: =IFERROR(H34*(1+I23)^(I$14/I$15),1) -> 1.0959128 | J34: =IFERROR(I34*(1+J23)^(J$14/J$15),1) -> 1.1298861 | K34: =IFERROR(J34*(1+K23)^(K$14/K$15),1) -> 1.1649126 | L34: =IFERROR(K34*(1+L23)^(L$14/L$15),1) -> 1.2010248 | M34: =IFERROR(L34*(1+M23)^(M$14/M$15),1) -> 1.2382566 | N34: =IFERROR(M34*(1+N23)^(N$14/N$15),1) -> 1.2766426 | ... AN34: =IFERROR(AM34*(1+AN23)^(AN$14/AN$15),1) -> 1
C35: =C24 -> SELIC | F35: =Inputs!E342 -> 1 | G35: =IFERROR(F35*(1+G24)^(G$14/G$15),1) -> 1.085 | H35: =IFERROR(G35*(1+H24)^(H$14/H$15),1) -> 1.177225 | I35: =IFERROR(H35*(1+I24)^(I$14/I$15),1) -> 1.2772891 | J35: =IFERROR(I35*(1+J24)^(J$14/J$15),1) -> 1.3858587 | K35: =IFERROR(J35*(1+K24)^(K$14/K$15),1) -> 1.5036567 | L35: =IFERROR(K35*(1+L24)^(L$14/L$15),1) -> 1.6314675 | M35: =IFERROR(L35*(1+M24)^(M$14/M$15),1) -> 1.7701422 | N35: =IFERROR(M35*(1+N24)^(N$14/N$15),1) -> 1.9206043 | ... AN35: =IFERROR(AM35*(1+AN24)^(AN$14/AN$15),1) -> 1
C36: =C25 -> CDI | F36: =Inputs!E343 -> 1 | G36: =IFERROR(F36*(1+G25)^(G$14/G$15),1) -> 1.085 | H36: =IFERROR(G36*(1+H25)^(H$14/H$15),1) -> 1.177225 | I36: =IFERROR(H36*(1+I25)^(I$14/I$15),1) -> 1.2772891 | J36: =IFERROR(I36*(1+J25)^(J$14/J$15),1) -> 1.3858587 | K36: =IFERROR(J36*(1+K25)^(K$14/K$15),1) -> 1.5036567 | L36: =IFERROR(K36*(1+L25)^(L$14/L$15),1) -> 1.6314675 | M36: =IFERROR(L36*(1+M25)^(M$14/M$15),1) -> 1.7701422 | N36: =IFERROR(M36*(1+N25)^(N$14/N$15),1) -> 1.9206043 | ... AN36: =IFERROR(AM36*(1+AN25)^(AN$14/AN$15),1) -> 1
C37: =C26 -> TLP | F37: =Inputs!E344 -> 1 | G37: =IFERROR(F37*(1+G26)^(G$14/G$15),1) -> 1.0898 | H37: =IFERROR(G37*(1+H26)^(H$14/H$15),1) -> 1.187664 | I37: =IFERROR(H37*(1+I26)^(I$14/I$15),1) -> 1.2943163 | J37: =IFERROR(I37*(1+J26)^(J$14/J$15),1) -> 1.4105459 | K37: =IFERROR(J37*(1+K26)^(K$14/K$15),1) -> 1.5372129 | L37: =IFERROR(K37*(1+L26)^(L$14/L$15),1) -> 1.6752546 | M37: =IFERROR(L37*(1+M26)^(M$14/M$15),1) -> 1.8256925 | N37: =IFERROR(M37*(1+N26)^(N$14/N$15),1) -> 1.9896397 | ... AN37: =IFERROR(AM37*(1+AN26)^(AN$14/AN$15),1) -> 1
C38: =C27 -> IPCA | F38: =Inputs!E345 -> 1 | G38: =IFERROR(F38*(1+G27)^(G$14/G$15),1) -> 1.035 | H38: =IFERROR(G38*(1+H27)^(H$14/H$15),1) -> 1.071225 | I38: =IFERROR(H38*(1+I27)^(I$14/I$15),1) -> 1.1087179 | J38: =IFERROR(I38*(1+J27)^(J$14/J$15),1) -> 1.147523 | K38: =IFERROR(J38*(1+K27)^(K$14/K$15),1) -> 1.1876863 | L38: =IFERROR(K38*(1+L27)^(L$14/L$15),1) -> 1.2292553 | M38: =IFERROR(L38*(1+M27)^(M$14/M$15),1) -> 1.2722793 | N38: =IFERROR(M38*(1+N27)^(N$14/N$15),1) -> 1.316809 | ... AN38: =IFERROR(AM38*(1+AN27)^(AN$14/AN$15),1) -> 1
C42: Dívida Senior - Comercial
C44: Dívida Senior - Comercial
C46: CAPEX Total | E46: =Ops!E413 -> $ 000s | F46: =Ops!F414 -> 76776.486 | G46: =Ops!G414 -> 10775.031 | H46: =Ops!H414 -> 1472.4358 | I46: =Ops!I414 -> 1743.4787 | J46: =Ops!J414 -> 397.26424 | K46: =Ops!K414 -> 763.15204 | L46: =Ops!L414 -> 12305.513 | M46: =Ops!M414 -> 241.59493 | ... AN46: =Ops!AN414 -> 0
C48: =Inputs!C237 -> Alavancagem Indivisíveis | D48: =Inputs!E237 -> 0.5
C50: =Flags!C72 -> Cons + Ops Flag | E50: =Flags!E72 -> Flag | F50: =Flags!F72 -> 30 | G50: =Flags!G72 -> 1 | H50: =Flags!H72 -> 1 | I50: =Flags!I72 -> 1 | J50: =Flags!J72 -> 1 | K50: =Flags!K72 -> 1 | L50: =Flags!L72 -> 1 | ... AN50: =Flags!AN72 -> 0
C51: =Flags!C15 -> Counter Concessão | E51: =Flags!E15 -> Ano | G51: =Flags!G15 -> 1 | H51: =Flags!H15 -> 2 | I51: =Flags!I15 -> 3 | J51: =Flags!J15 -> 4 | K51: =Flags!K15 -> 5 | L51: =Flags!L15 -> 6 | M51: =Flags!M15 -> 7 | N51: =Flags!N15 -> 8 | ... AN51: =Flags!AN15 -> 34
C53: Ciclo investimentos em anos | D53: 15 | E53: Anos
C55: Flag de desembolsos | E55: Flag | F55: =Flags!F76 -> 0 | G55: =IF(MOD(G51,$D$53)=1,1,0)*G50 -> 1 | H55: =IF(MOD(H51,$D$53)=1,1,0)*H50 -> 0 | I55: =IF(MOD(I51,$D$53)=1,1,0)*I50 -> 0 | J55: =IF(MOD(J51,$D$53)=1,1,0)*J50 -> 0 | K55: =IF(MOD(K51,$D$53)=1,1,0)*K50 -> 0 | L55: =IF(MOD(L51,$D$53)=1,1,0)*L50 -> 0 | M55: =IF(MOD(M51,$D$53)=1,1,0)*M50 -> 0 | N55: =IF(MOD(N51,$D$53)=1,1,0)*N50 -> 0 | ... AN55: =IF(MOD(AN51,$D$53)=1,1,0)*AN50 -> 0
C56: Counter desembolsos | E56: Counter | G56: =(G55+F56)*G50 -> 1 | H56: =(H55+G56)*H50 -> 1 | I56: =(I55+H56)*I50 -> 1 | J56: =(J55+I56)*J50 -> 1 | K56: =(K55+J56)*K50 -> 1 | L56: =(L55+K56)*L50 -> 1 | M56: =(M55+L56)*M50 -> 1 | N56: =(N55+M56)*N50 -> 1 | ... AN56: =(AN55+AM56)*AN50 -> 0
C58: =Flags!C15 -> Counter Concessão | E58: =Flags!E15 -> Ano | G58: =Flags!G15*G50 -> 1 | H58: =Flags!H15*H50 -> 2 | I58: =Flags!I15*I50 -> 3 | J58: =Flags!J15*J50 -> 4 | K58: =Flags!K15*K50 -> 5 | L58: =Flags!L15*L50 -> 6 | M58: =Flags!M15*M50 -> 7 | N58: =Flags!N15*N50 -> 8 | ... AN58: =Flags!AN15*AN50 -> 0
C60: Distribuição de investimentos | G60: =IF(G55=1,SUM(OFFSET(IF(G55=1,G46,0),0,0,1,$D$53)),F60) -> 48486.886 | H60: =IF(H55=1,SUM(OFFSET(IF(H55=1,H46,0),0,0,1,$D$53)),G60) -> 48486.886 | I60: =IF(I55=1,SUM(OFFSET(IF(I55=1,I46,0),0,0,1,$D$53)),H60) -> 48486.886 | J60: =IF(J55=1,SUM(OFFSET(IF(J55=1,J46,0),0,0,1,$D$53)),I60) -> 48486.886 | K60: =IF(K55=1,SUM(OFFSET(IF(K55=1,K46,0),0,0,1,$D$53)),J60) -> 48486.886 | L60: =IF(L55=1,SUM(OFFSET(IF(L55=1,L46,0),0,0,1,$D$53)),K60) -> 48486.886 | M60: =IF(M55=1,SUM(OFFSET(IF(M55=1,M46,0),0,0,1,$D$53)),L60) -> 48486.886 | N60: =IF(N55=1,SUM(OFFSET(IF(N55=1,N46,0),0,0,1,$D$53)),M60) -> 48486.886 | ... AN60: =IF(AN55=1,SUM(OFFSET(IF(AN55=1,AN46,0),0,0,1,$D$53)),AM60) -> 28289.6
C62: Alocação de desembolsos para ICSD 1º Ciclo | E62: % | F62: =SUM(G62:AN62) -> 1 | G62: =Inputs!H288 -> 0.22222568 | H62: =Inputs!I288 -> 0.030367712 | I62: =Inputs!J288 -> 0.035957737 | J62: =Inputs!K288 -> 0.0081932306 | K62: =Inputs!L288 -> 0.015739349 | L62: =Inputs!M288 -> 0.25379054 | M62: =Inputs!N288 -> 0.0049826861 | N62: =Inputs!O288 -> 0.16889479 | ... AN62: =Inputs!AO288 -> 0
C63: Alocação de desembolsos para ICSD 2º Ciclo | E63: % | F63: =SUM(G63:AN63) -> 1 | G63: =Inputs!H289 -> 0 | H63: =Inputs!I289 -> 0 | I63: =Inputs!J289 -> 0 | J63: =Inputs!K289 -> 0 | K63: =Inputs!L289 -> 0 | L63: =Inputs!M289 -> 0 | M63: =Inputs!N289 -> 0 | N63: =Inputs!O289 -> 0 | ... AN63: =Inputs!AO289 -> 0
C65: Distribuição de investimentos para dívida | F65: =SUM(G65:AN65) -> 76776.486 | G65: =G60*SUM(G62:G63) -> 10775.031 | H65: =H60*SUM(H62:H63) -> 1472.4358 | I65: =I60*SUM(I62:I63) -> 1743.4787 | J65: =J60*SUM(J62:J63) -> 397.26424 | K65: =K60*SUM(K62:K63) -> 763.15204 | L65: =L60*SUM(L62:L63) -> 12305.513 | M65: =M60*SUM(M62:M63) -> 241.59493 | N65: =N60*SUM(N62:N63) -> 8189.1826 | ... AN65: =AN60*SUM(AN62:AN63) -> 0
C67: Dívida | F67: =SUM(G67:AN67) -> 38388.243 | G67: =G65*$D48 -> 5387.5156 | H67: =H65*$D48 -> 736.2179 | I67: =I65*$D48 -> 871.73935 | J67: =J65*$D48 -> 198.63212 | K67: =K65*$D48 -> 381.57602 | L67: =L65*$D48 -> 6152.7566 | M67: =M65*$D48 -> 120.79747 | N67: =N65*$D48 -> 4094.5913 | ... AN67: =AN65*$D48 -> 0
C68: Equity | F68: =SUM(G68:AN68) -> 38388.243 | G68: =G65-G67 -> 5387.5156 | H68: =H65-H67 -> 736.2179 | I68: =I65-I67 -> 871.73935 | J68: =J65-J67 -> 198.63212 | K68: =K65-K67 -> 381.57602 | L68: =L65-L67 -> 6152.7566 | M68: =M65-M67 -> 120.79747 | N68: =N65-N67 -> 4094.5913 | ... AN68: =AN65-AN67 -> 0
C69: Check | F69: =SUM(F67:F68)-F46 -> 0
C71: Upfront fee da dívida | D71: =Inputs!$E$242 -> 0.005 | E71: $ 000s | F71: =SUM(G71:AN71) -> 191.94122 | G71: =G67*$D71 -> 26.937578 | H71: =H67*$D71 -> 3.6810895 | I71: =I67*$D71 -> 4.3586967 | J71: =J67*$D71 -> 0.9931606 | K71: =K67*$D71 -> 1.9078801 | L71: =L67*$D71 -> 30.763783 | M71: =M67*$D71 -> 0.60398733 | N71: =N67*$D71 -> 20.472957 | ... AN71: =AN67*$D71 -> 0
C74: Dívida Senior - Comercial - Balanço
C75: Dívida Senior - Comercial (b/f) | E75: $ 000s | G75: =F78 -> 0 | H75: =G78 -> 5387.5156 | I75: =H78 -> 6123.7335 | J75: =I78 -> 6495.7962 | K75: =J78 -> 6179.4723 | L75: =K78 -> 6014.2943 | M75: =L78 -> 11060.955 | N75: =M78 -> 10063.578 | ... AN75: =AM78 -> 0
C76: Conversão após investimentos | E76: $ 000s | F76: =SUM(G76:AN76) -> 38388.243 | G76: =G67 -> 5387.5156 | H76: =H67 -> 736.2179 | I76: =I67 -> 871.73935 | J76: =J67 -> 198.63212 | K76: =K67 -> 381.57602 | L76: =L67 -> 6152.7566 | M76: =M67 -> 120.79747 | N76: =N67 -> 4094.5913 | ... AN76: =AN67 -> 0
C77: Repagamento | E77: $ 000s | F77: =SUM(G77:AN77) -> -38388.243 | G77: =-G277 -> 0 | H77: =-H277 -> 0 | I77: =-I277 -> -499.67663 | J77: =-J277 -> -514.95602 | K77: =-K277 -> -546.75403 | L77: =-L277 -> -1106.0955 | M77: =-M277 -> -1118.1753 | N77: =-N277 -> -1573.1299 | ... AN77: =-AN277 -> 0
C78: Dívida Senior - Comercial (c/f) | E78: $ 000s | G78: =SUM(G75:G77) -> 5387.5156 | H78: =SUM(H75:H77) -> 6123.7335 | I78: =SUM(I75:I77) -> 6495.7962 | J78: =SUM(J75:J77) -> 6179.4723 | K78: =SUM(K75:K77) -> 6014.2943 | L78: =SUM(L75:L77) -> 11060.955 | M78: =SUM(M75:M77) -> 10063.578 | N78: =SUM(N75:N77) -> 12585.039 | ... AN78: =SUM(AN75:AN77) -> 0
C80: 1º Ciclo repagamento da dívida
C81: Debt Start date | D81: =Model_Start -> 46388 | E81: Data
C82: Carencia | D82: =Inputs!D295 -> 2 | E82: Anos
C83: Meses no ano | D83: =Months_yr -> 12 | E83: Meses
C84: Fim da carência | D84: =EOMONTH(D81,D82*D83-1) -> 47118 | E84: Data
C85: Início pagamento dívida longo prazo | D85: =D84+1 -> 47119 | E85: Data
C87: =C85 -> Início pagamento dívida longo prazo | D87: =D85 -> 47119 | E87: Data
C88: Term loan repayment period end | D88: =EOMONTH(D87,(Inputs!D294+Inputs!D295)*Months_yr) -> 52262 | E88: Data
E89: Data | F89: =SUM(G90:AN90) -> 14 | G89: =Flags!G$49 -> 46752 | H89: =Flags!H$49 -> 47118 | I89: =Flags!I$49 -> 47483 | J89: =Flags!J$49 -> 47848 | K89: =Flags!K$49 -> 48213 | L89: =Flags!L$49 -> 48579 | M89: =Flags!M$49 -> 48944 | N89: =Flags!N$49 -> 49309 | ... AN89: =Flags!AN$49 -> 58806
C90: Flag de repagamento dívida | E90: Flag | G90: =IF(AND(G89>=$D87,G89<=$D88),1,0) -> 0 | H90: =IF(AND(H89>=$D87,H89<=$D88),1,0) -> 0 | I90: =IF(AND(I89>=$D87,I89<=$D88),1,0) -> 1 | J90: =IF(AND(J89>=$D87,J89<=$D88),1,0) -> 1 | K90: =IF(AND(K89>=$D87,K89<=$D88),1,0) -> 1 | L90: =IF(AND(L89>=$D87,L89<=$D88),1,0) -> 1 | M90: =IF(AND(M89>=$D87,M89<=$D88),1,0) -> 1 | N90: =IF(AND(N89>=$D87,N89<=$D88),1,0) -> 1 | ... AN90: =IF(AND(AN89>=$D87,AN89<=$D88),1,0) -> 0
C91: Counter de periodo dívida | E91: Counter | G91: =$F89-SUM($F90:F90) -> 14 | H91: =$F89-SUM($F90:G90) -> 14 | I91: =$F89-SUM($F90:H90) -> 14 | J91: =$F89-SUM($F90:I90) -> 13 | K91: =$F89-SUM($F90:J90) -> 12 | L91: =$F89-SUM($F90:K90) -> 11 | M91: =$F89-SUM($F90:L90) -> 10 | N91: =$F89-SUM($F90:M90) -> 9 | ... AN91: =$F89-SUM($F90:AM90) -> 0
C93: 2º Ciclo repagamento da dívida
C94: Debt Start date | D94: =D88 -> 52262 | E94: Data
C95: =C82 -> Carencia | D95: =Inputs!D308 -> 0 | E95: Anos
C96: =C83 -> Meses no ano | D96: =Months_yr -> 12 | E96: Meses
C97: =C84 -> Fim da carência | D97: =EOMONTH(D94,D95*D96-1) -> 52231 | E97: Data
C98: =C85 -> Início pagamento dívida longo prazo | D98: =D97+1 -> 52232 | E98: Data
C100: =C87 -> Início pagamento dívida longo prazo | D100: =D98 -> 52232 | E100: Data
C101: =C88 -> Term loan repayment period end | D101: =EOMONTH(D100,(Inputs!D294+Inputs!D295)*Months_yr) -> 57376 | E101: Data
E102: Data | F102: =SUM(G103:AN103) -> 14 | G102: =Flags!G$49 -> 46752 | H102: =Flags!H$49 -> 47118 | I102: =Flags!I$49 -> 47483 | J102: =Flags!J$49 -> 47848 | K102: =Flags!K$49 -> 48213 | L102: =Flags!L$49 -> 48579 | M102: =Flags!M$49 -> 48944 | N102: =Flags!N$49 -> 49309 | ... AN102: =Flags!AN$49 -> 58806
C103: Flag de repagamento dívida | E103: Flag | G103: =IF(AND(G102>=$D100,G102<=$D101),1,0) -> 0 | H103: =IF(AND(H102>=$D100,H102<=$D101),1,0) -> 0 | I103: =IF(AND(I102>=$D100,I102<=$D101),1,0) -> 0 | J103: =IF(AND(J102>=$D100,J102<=$D101),1,0) -> 0 | K103: =IF(AND(K102>=$D100,K102<=$D101),1,0) -> 0 | L103: =IF(AND(L102>=$D100,L102<=$D101),1,0) -> 0 | M103: =IF(AND(M102>=$D100,M102<=$D101),1,0) -> 0 | N103: =IF(AND(N102>=$D100,N102<=$D101),1,0) -> 0 | ... AN103: =IF(AND(AN102>=$D100,AN102<=$D101),1,0) -> 0
C104: Counter de periodo dívida | E104: Counter | G104: =$F102-SUM($F103:F103) -> 14 | H104: =$F102-SUM($F103:G103) -> 14 | I104: =$F102-SUM($F103:H103) -> 14 | J104: =$F102-SUM($F103:I103) -> 14 | K104: =$F102-SUM($F103:J103) -> 14 | L104: =$F102-SUM($F103:K103) -> 14 | M104: =$F102-SUM($F103:L103) -> 14 | N104: =$F102-SUM($F103:M103) -> 14 | ... AN104: =$F102-SUM($F103:AM103) -> 0
C106: Fiança Bancária
C107: Taxa Fiança Bancária | D107: =Inputs!D299 -> 0.02 | E107: % p.a
C109: =DFs!C184 -> Dívida Senior - Comercial | E109: =DFs!E184 -> $ 000s | G109: =DFs!G184 -> 5387.5156 | H109: =DFs!H184 -> 6123.7335 | I109: =DFs!I184 -> 6495.7962 | J109: =DFs!J184 -> 6179.4723 | K109: =DFs!K184 -> 6014.2943 | L109: =DFs!L184 -> 11060.955 | M109: =DFs!M184 -> 10063.578 | N109: =DFs!N184 -> 12585.039 | ... AN109: =DFs!AN184 -> 0
C110: Saldo elegível Fiança | E110: $ 000s | G110: =SUM(G109:G109) -> 5387.5156 | H110: =SUM(H109:H109) -> 6123.7335 | I110: =SUM(I109:I109) -> 6495.7962 | J110: =SUM(J109:J109) -> 6179.4723 | K110: =SUM(K109:K109) -> 6014.2943 | L110: =SUM(L109:L109) -> 11060.955 | M110: =SUM(M109:M109) -> 10063.578 | N110: =SUM(N109:N109) -> 12585.039 | ... AN110: =SUM(AN109:AN109) -> 0
C113: =Flags!C$15 -> Counter Concessão | E113: =Flags!E$15 -> Ano | G113: =Flags!G$15 -> 1 | H113: =Flags!H$15 -> 2 | I113: =Flags!I$15 -> 3 | J113: =Flags!J$15 -> 4 | K113: =Flags!K$15 -> 5 | L113: =Flags!L$15 -> 6 | M113: =Flags!M$15 -> 7 | N113: =Flags!N$15 -> 8 | ... AN113: =Flags!AN$15 -> 34
C114: Prazo da fiança | D114: =Inputs!D300 -> 10 | E114: Período
C115: Flag da Fiança Bancária | E115: Flag | F115: =SUM(G115:AN115) -> 10 | G115: =IF(G113<=$D114,1,0) -> 1 | H115: =IF(H113<=$D114,1,0) -> 1 | I115: =IF(I113<=$D114,1,0) -> 1 | J115: =IF(J113<=$D114,1,0) -> 1 | K115: =IF(K113<=$D114,1,0) -> 1 | L115: =IF(L113<=$D114,1,0) -> 1 | M115: =IF(M113<=$D114,1,0) -> 1 | N115: =IF(N113<=$D114,1,0) -> 1 | ... AN115: =IF(AN113<=$D114,1,0) -> 0
C118: Fiança Bancária | E118: $ 000s | F118: =SUM(G118:AN118) -> 1695.1763 | G118: =IF(G115=1,G110*$D107,0) -> 107.75031 | H118: =IF(H115=1,H110*$D107,0) -> 122.47467 | I118: =IF(I115=1,I110*$D107,0) -> 129.91592 | J118: =IF(J115=1,J110*$D107,0) -> 123.58945 | K118: =IF(K115=1,K110*$D107,0) -> 120.28589 | L118: =IF(L115=1,L110*$D107,0) -> 221.21911 | M118: =IF(M115=1,M110*$D107,0) -> 201.27155 | N118: =IF(N115=1,N110*$D107,0) -> 251.70078 | ... AN118: =IF(AN115=1,AN110*$D107,0) -> 0
C120: PRICE
C122: Juros durante operação - PRICE
C123: Taxa de juros
C124: =Inputs!$C$285 -> Base | D124: =Inputs!$D$285 -> CDI | E124: % / Ano
C125: =Inputs!$C$286 -> Indexador | D125: =Inputs!$D$286 -> None | E125: % / Ano
C127: =Flags!C$47 -> Financial close date | D127: =Cons_start -> 46388 | E127: Flag
C128: =C88 -> Term loan repayment period end | D128: =$D$88 -> 52262 | E128: =E88 -> Data
C129: =Flags!C$50&"+ Prazo" -> Flag de operação+ Prazo | E129: Flag | F129: =SUM(G129:AN129) -> 16 | G129: =IF(AND(G130>=$D127,G130<=$D128),1,0) -> 1 | H129: =IF(AND(H130>=$D127,H130<=$D128),1,0) -> 1 | I129: =IF(AND(I130>=$D127,I130<=$D128),1,0) -> 1 | J129: =IF(AND(J130>=$D127,J130<=$D128),1,0) -> 1 | K129: =IF(AND(K130>=$D127,K130<=$D128),1,0) -> 1 | L129: =IF(AND(L130>=$D127,L130<=$D128),1,0) -> 1 | M129: =IF(AND(M130>=$D127,M130<=$D128),1,0) -> 1 | N129: =IF(AND(N130>=$D127,N130<=$D128),1,0) -> 1 | ... AN129: =IF(AND(AN130>=$D127,AN130<=$D128),1,0) -> 0
C130: =Flags!C$49 -> Fim período | E130: =Flags!E$49 -> Meses | G130: =Flags!G$49 -> 46752 | H130: =Flags!H$49 -> 47118 | I130: =Flags!I$49 -> 47483 | J130: =Flags!J$49 -> 47848 | K130: =Flags!K$49 -> 48213 | L130: =Flags!L$49 -> 48579 | M130: =Flags!M$49 -> 48944 | N130: =Flags!N$49 -> 49309 | ... AN130: =Flags!AN$49 -> 58806
C131: =C124 -> Base | E131: % | G131: =IF(G$129=1,INDEX(G$19:G$27,MATCH($D124,$C$19:$C$27,0)),0) -> 0.085 | H131: =IF(H$129=1,INDEX(H$19:H$27,MATCH($D124,$C$19:$C$27,0)),0) -> 0.085 | I131: =IF(I$129=1,INDEX(I$19:I$27,MATCH($D124,$C$19:$C$27,0)),0) -> 0.085 | J131: =IF(J$129=1,INDEX(J$19:J$27,MATCH($D124,$C$19:$C$27,0)),0) -> 0.085 | K131: =IF(K$129=1,INDEX(K$19:K$27,MATCH($D124,$C$19:$C$27,0)),0) -> 0.085 | L131: =IF(L$129=1,INDEX(L$19:L$27,MATCH($D124,$C$19:$C$27,0)),0) -> 0.085 | M131: =IF(M$129=1,INDEX(M$19:M$27,MATCH($D124,$C$19:$C$27,0)),0) -> 0.085 | N131: =IF(N$129=1,INDEX(N$19:N$27,MATCH($D124,$C$19:$C$27,0)),0) -> 0.085 | ... AN131: =IF(AN$129=1,INDEX(AN$19:AN$27,MATCH($D124,$C$19:$C$27,0)),0) -> 0
C132: =C125 -> Indexador | E132: % | G132: =IF(G129=1,INDEX(G$19:G$27,MATCH($D125,$C$19:$C$27,0)),0) -> 0 | H132: =IF(H129=1,INDEX(H$19:H$27,MATCH($D125,$C$19:$C$27,0)),0) -> 0 | I132: =IF(I129=1,INDEX(I$19:I$27,MATCH($D125,$C$19:$C$27,0)),0) -> 0 | J132: =IF(J129=1,INDEX(J$19:J$27,MATCH($D125,$C$19:$C$27,0)),0) -> 0 | K132: =IF(K129=1,INDEX(K$19:K$27,MATCH($D125,$C$19:$C$27,0)),0) -> 0 | L132: =IF(L129=1,INDEX(L$19:L$27,MATCH($D125,$C$19:$C$27,0)),0) -> 0 | M132: =IF(M129=1,INDEX(M$19:M$27,MATCH($D125,$C$19:$C$27,0)),0) -> 0 | N132: =IF(N129=1,INDEX(N$19:N$27,MATCH($D125,$C$19:$C$27,0)),0) -> 0 | ... AN132: =IF(AN129=1,INDEX(AN$19:AN$27,MATCH($D125,$C$19:$C$27,0)),0) -> 0
C134: Spread dívida senior | D134: =Inputs!$D$288 -> 0.025 | E134: %
C135: All-in p.a. | E135: % | G135: =IF(G129=1,$D$134+G131+G132,0) -> 0.11 | H135: =IF(H129=1,$D$134+H131+H132,0) -> 0.11 | I135: =IF(I129=1,$D$134+I131+I132,0) -> 0.11 | J135: =IF(J129=1,$D$134+J131+J132,0) -> 0.11 | K135: =IF(K129=1,$D$134+K131+K132,0) -> 0.11 | L135: =IF(L129=1,$D$134+L131+L132,0) -> 0.11 | M135: =IF(M129=1,$D$134+M131+M132,0) -> 0.11 | N135: =IF(N129=1,$D$134+N131+N132,0) -> 0.11 | ... AN135: =IF(AN129=1,$D$134+AN131+AN132,0) -> 0
C137: Juros durante operações | E137: $ 000s | F137: =SUM(G137:AN137) -> 17886.062 | G137: =G135*SUM(G140:G141) -> 592.62671 | H137: =H135*SUM(H140:H141) -> 673.61068 | I137: =I135*SUM(I140:I141) -> 769.50201 | J137: =J135*SUM(J140:J141) -> 765.78237 | K137: =K135*SUM(K140:K141) -> 778.54038 | L137: =L135*SUM(L140:L141) -> 1421.0666 | M137: =M135*SUM(M140:M141) -> 1361.7079 | N137: =N135*SUM(N140:N141) -> 1730.6809 | ... AN137: =AN135*SUM(AN140:AN141) -> 0
C139: Dívida Senior - PRICE - Dívida Senior - Comercial
...

Sheet NPV, TIR e Payback
A1: VALUATION | D1: Alerta | E1: Erro | F1: IRR | G1: NPV | H1: Macro
D2: =CHECKS!$F$9 -> 0 | E2: =CHECKS!$F$15 -> 0 | F2: =Project_IRR -> 0.10790613 | G2: =Project_NPV -> 0.44602649 | H2: =Master_Check -> 0
C4: =Flags!C4 -> Começo período | G4: =Flags!G4 -> 46388 | H4: =Flags!H4 -> 46753 | I4: =Flags!I4 -> 47119 | J4: =Flags!J4 -> 47484 | K4: =Flags!K4 -> 47849 | L4: =Flags!L4 -> 48214 | M4: =Flags!M4 -> 48580 | N4: =Flags!N4 -> 48945 | ... AN4: =Flags!AN4 -> 58441
C5: =Flags!C5 -> Fim período | G5: =Flags!G5 -> 46752 | H5: =Flags!H5 -> 47118 | I5: =Flags!I5 -> 47483 | J5: =Flags!J5 -> 47848 | K5: =Flags!K5 -> 48213 | L5: =Flags!L5 -> 48579 | M5: =Flags!M5 -> 48944 | N5: =Flags!N5 -> 49309 | ... AN5: =Flags!AN5 -> 58806
C6: =Flags!C6 -> Timeline | G6: =Flags!G90 -> Ops | H6: =Flags!H90 -> Ops | I6: =Flags!I90 -> Ops | J6: =Flags!J90 -> Ops | K6: =Flags!K90 -> Ops | L6: =Flags!L90 -> Ops | M6: =Flags!M90 -> Ops | N6: =Flags!N90 -> Ops | ... AN6: =Flags!AN90 -> Post Ops.
D8: =Flags!D8 -> Inputs | E8: =Flags!E8 -> Units | F8: =Flags!F8 -> Total
C10: Valuation
C12: Equity
C13: Fator de Desconto - Equity
C14: Data valuation | D14: =G4 -> 46388 | E14: Data
C15: Dias no ano | D15: 365 | E15: Dias
C16: Fim período | E16: Data | G16: =G5 -> 46752 | H16: =H5 -> 47118 | I16: =I5 -> 47483 | J16: =J5 -> 47848 | K16: =K5 -> 48213 | L16: =L5 -> 48579 | M16: =M5 -> 48944 | N16: =N5 -> 49309 | ... AM16: =AM5 -> 58440
C17: Anos entre data valuation | E17: Ano | G17: =IF(G16<$D14,0,((G16-$D14)/$D15)) -> 0.99726027 | H17: =IF(H16<$D14,0,((H16-$D14)/$D15)) -> 2 | I17: =IF(I16<$D14,0,((I16-$D14)/$D15)) -> 3 | J17: =IF(J16<$D14,0,((J16-$D14)/$D15)) -> 4 | K17: =IF(K16<$D14,0,((K16-$D14)/$D15)) -> 5 | L17: =IF(L16<$D14,0,((L16-$D14)/$D15)) -> 6.0027397 | M17: =IF(M16<$D14,0,((M16-$D14)/$D15)) -> 7.0027397 | N17: =IF(N16<$D14,0,((N16-$D14)/$D15)) -> 8.0027397 | ... AM17: =IF(AM16<$D14,0,((AM16-$D14)/$D15)) -> 33.019178
C19: CAPM | D19: =Inputs!D327 -> 0.16399713 | E19: %
C20: =C17 -> Anos entre data valuation | E20: =E17 -> Ano | G20: =G17 -> 0.99726027 | H20: =H17 -> 2 | I20: =I17 -> 3 | J20: =J17 -> 4 | K20: =K17 -> 5 | L20: =L17 -> 6.0027397 | M20: =M17 -> 7.0027397 | N20: =N17 -> 8.0027397 | ... AM20: =AM17 -> 33.019178
C21: Fator de desconto | E21: Fator | G21: =1/(1+$D$19)^G20 -> 0.85946616 | H21: =1/(1+$D$19)^H20 -> 0.73806766 | I21: =1/(1+$D$19)^I20 -> 0.63408031 | J21: =1/(1+$D$19)^J20 -> 0.54474388 | K21: =1/(1+$D$19)^K20 -> 0.46799417 | L21: =1/(1+$D$19)^L20 -> 0.4018906 | M21: =1/(1+$D$19)^M20 -> 0.34526769 | N21: =1/(1+$D$19)^N20 -> 0.29662245 | ... AM21: =1/(1+$D$19)^AM20 -> 0.0066423555
C23: Dividendo IRR
C24: Fim período | E24: Data | G24: =G5 -> 46752 | H24: =H5 -> 47118 | I24: =I5 -> 47483 | J24: =J5 -> 47848 | K24: =K5 -> 48213 | L24: =L5 -> 48579 | M24: =M5 -> 48944 | N24: =N5 -> 49309 | ... AM24: =AM5 -> 58440
C26: =DFs!C143 -> Contraprestação Pública Anual + Receitas Tarifárias | E26: =DFs!E143 -> $ 000s | F26: =SUM(G26:AM26) -> 730478.12 | G26: =DFs!G143+DFs!G58 -> 15876.008 | H26: =DFs!H143+DFs!H58 -> 15051.424 | I26: =DFs!I143+DFs!I58 -> 19494.817 | J26: =DFs!J143+DFs!J58 -> 20175.565 | K26: =DFs!K143+DFs!K58 -> 20587.139 | L26: =DFs!L143+DFs!L58 -> 22035.215 | M26: =DFs!M143+DFs!M58 -> 22232.356 | N26: =DFs!N143+DFs!N58 -> 26839.204 | ... AM26: =DFs!AM143+DFs!AM58 -> 0
C27: =DFs!C144 -> Custos e Despesas Operacionais | E27: =DFs!E144 -> $ 000s | F27: =SUM(G27:AM27) -> -537494.62 | G27: =DFs!G144 -> -15797.542 | H27: =DFs!H144 -> -16555.216 | I27: =DFs!I144 -> -16996.465 | J27: =DFs!J144 -> -17370.115 | K27: =DFs!K144 -> -17421.857 | L27: =DFs!L144 -> -17513.312 | M27: =DFs!M144 -> -18476.066 | N27: =DFs!N144 -> -17662.763 | ... AM27: =DFs!AM144 -> 0
C28: =DFs!C60 -> IR / CSLL pagos | E28: =DFs!E60 -> $ 000s | F28: =SUM(G28:AM28) -> -36456.505 | G28: =DFs!G60 -> 0 | H28: =DFs!H60 -> 0 | I28: =DFs!I60 -> -22.884311 | J28: =DFs!J60 -> -72.053827 | K28: =DFs!K60 -> -139.53091 | L28: =DFs!L60 -> -594.61205 | M28: =DFs!M60 -> -408.23945 | N28: =DFs!N60 -> -513.92216 | ... AM28: =DFs!AM60 -> 0
C29: =DFs!C42 -> Ajustes de Capital de Giro | E29: =DFs!E42 -> $ 000s | F29: =SUM(G29:AM29) -> -2.2737368e-13 | G29: =DFs!G42 -> -603.77923 | H29: =DFs!H42 -> 69.238522 | I29: =DFs!I42 -> -330.52969 | J29: =DFs!J42 -> -12.209749 | K29: =DFs!K42 -> -33.827984 | L29: =DFs!L42 -> -116.2054 | M29: =DFs!M42 -> -19.017917 | N29: =DFs!N42 -> -92.622665 | ... AM29: =DFs!AM42 -> 0
C30: =DFs!C49 -> CAPEX total | E30: =DFs!E49 -> $ 000s | F30: =SUM(G30:AM30) -> -76776.486 | G30: =DFs!G49 -> -10775.031 | H30: =DFs!H49 -> -1472.4358 | I30: =DFs!I49 -> -1743.4787 | J30: =DFs!J49 -> -397.26424 | K30: =DFs!K49 -> -763.15204 | L30: =DFs!L49 -> -12305.513 | M30: =DFs!M49 -> -241.59493 | N30: =DFs!N49 -> -8189.1826 | ... AM30: =DFs!AM49 -> 0
C31: Captação e Pagamento / Juros de empréstimos | E31: =DFs!E67 -> $ 000s | F31: =SUM(G31:AM31) -> -21660.671 | G31: =DFs!G67+DFs!G53 -> 4794.8888 | H31: =DFs!H67+DFs!H53 -> 62.607224 | I31: =DFs!I67+DFs!I53 -> -397.43929 | J31: =DFs!J67+DFs!J53 -> -1052.711 | K31: =DFs!K67+DFs!K53 -> -886.89332 | L31: =DFs!L67+DFs!L53 -> 3708.2854 | M31: =DFs!M67+DFs!M53 -> -2227.3706 | N31: =DFs!N67+DFs!N53 -> 964.06287 | ... AM31: =DFs!AM67+DFs!AM53 -> 0
C32: Indenização e Alienação ativos fim da concessão | E32: $ 000s | F32: =SUM(G32:AM32) -> 6931.0525 | AJ32: =Ops!AJ897+Ops!AJ905 -> 6931.0525
C33: Fluxo para o acionista | E33: =DFs!E69 -> $ 000s | F33: =SUM(G33:AM33) -> 65020.893 | G33: =SUM(G26:G32) -> -6505.4554 | H33: =SUM(H26:H32) -> -2844.3819 | I33: =SUM(I26:I32) -> 4.0200613 | J33: =SUM(J26:J32) -> 1271.211 | K33: =SUM(K26:K32) -> 1341.878 | L33: =SUM(L26:L32) -> -4786.1419 | M33: =SUM(M26:M32) -> 860.0673 | N33: =SUM(N26:N32) -> 1344.7768 | ... AM33: =SUM(AM26:AM32) -> 0
C35: Equity IRR | D35: =MIRR(G33:AM33,Kd,D19) -> 0.1375585 | E35: $ R$
C38: Projeto
C39: Fator de Desconto - Projeto
C40: =C14 -> Data valuation | D40: =D14 -> 46388 | E40: Data
C41: =C15 -> Dias no ano | D41: =Days_yr -> 365 | E41: Dias
C42: =C16 -> Fim período | E42: Data | G42: =G16 -> 46752 | H42: =H16 -> 47118 | I42: =I16 -> 47483 | J42: =J16 -> 47848 | K42: =K16 -> 48213 | L42: =L16 -> 48579 | M42: =M16 -> 48944 | N42: =N16 -> 49309 | ... AM42: =AM16 -> 58440
C43: =C17 -> Anos entre data valuation | E43: Ano | G43: =G17 -> 0.99726027 | H43: =H17 -> 2 | I43: =I17 -> 3 | J43: =J17 -> 4 | K43: =K17 -> 5 | L43: =L17 -> 6.0027397 | M43: =M17 -> 7.0027397 | N43: =N17 -> 8.0027397 | ... AM43: =AM17 -> 33.019178
C45: WACC | D45: =Inputs!D328 -> 0.10790357 | E45: %
C46: =C43 -> Anos entre data valuation | E46: =E43 -> Ano | G46: =G43 -> 0.99726027 | H46: =H43 -> 2 | I46: =I43 -> 3 | J46: =J43 -> 4 | K46: =K43 -> 5 | L46: =L43 -> 6.0027397 | M46: =M43 -> 7.0027397 | N46: =N43 -> 8.0027397 | ... AM46: =AM43 -> 33.019178
C47: =C21 -> Fator de desconto | E47: Fator | G47: =1/(1+$D$45)^G46 -> 0.90285906 | H47: =1/(1+$D$45)^H46 -> 0.81469693 | I47: =1/(1+$D$45)^I46 -> 0.73535004 | J47: =1/(1+$D$45)^J46 -> 0.66373109 | K47: =1/(1+$D$45)^K46 -> 0.59908742 | L47: =1/(1+$D$45)^L46 -> 0.54058789 | M47: =1/(1+$D$45)^M46 -> 0.48793768 | N47: =1/(1+$D$45)^N46 -> 0.4404153 | ... AM47: =1/(1+$D$45)^AM46 -> 0.033929842
C49: Project NPV
C50: Fluxo de Caixa Operacional - Impostos | E50: $ R$ | F50: =SUM(G50:AN50) -> 149286.98 | G50: =DFs!G44+DFs!G60+G32 -> -552.25075 | H50: =DFs!H44+DFs!H60+H32 -> -1438.2344 | I50: =DFs!I44+DFs!I60+I32 -> 2140.5794 | J50: =DFs!J44+DFs!J60+J32 -> 2720.1931 | K50: =DFs!K44+DFs!K60+K32 -> 2990.0154 | L50: =DFs!L44+DFs!L60+L32 -> 3780.322 | M50: =DFs!M44+DFs!M60+M32 -> 3328.4289 | N50: =DFs!N44+DFs!N60+N32 -> 5069.4842 | ... AM50: =DFs!AM44+DFs!AM60+AM32 -> 0
C51: Investimentos | E51: $ R$ | F51: =SUM(G51:AN51) -> -76776.486 | G51: =DFs!G49 -> -10775.031 | H51: =DFs!H49 -> -1472.4358 | I51: =DFs!I49 -> -1743.4787 | J51: =DFs!J49 -> -397.26424 | K51: =DFs!K49 -> -763.15204 | L51: =DFs!L49 -> -12305.513 | M51: =DFs!M49 -> -241.59493 | N51: =DFs!N49 -> -8189.1826 | ... AM51: =DFs!AM49 -> 0
C52: Equity Cash Flow | E52: $ R$ | F52: =SUM(G52:AN52) -> 72510.495 | G52: =SUM(G50:G51) -> -11327.282 | H52: =SUM(H50:H51) -> -2910.6702 | I52: =SUM(I50:I51) -> 397.10066 | J52: =SUM(J50:J51) -> 2322.9289 | K52: =SUM(K50:K51) -> 2226.8634 | L52: =SUM(L50:L51) -> -8525.1911 | M52: =SUM(M50:M51) -> 3086.8339 | N52: =SUM(N50:N51) -> -3119.6984 | ... AM52: =SUM(AM50:AM51) -> 0
C54: =C47 -> Fator de desconto | E54: =E47 -> Fator | G54: =G47 -> 0.90285906 | H54: =H47 -> 0.81469693 | I54: =I47 -> 0.73535004 | J54: =J47 -> 0.66373109 | K54: =K47 -> 0.59908742 | L54: =L47 -> 0.54058789 | M54: =M47 -> 0.48793768 | N54: =N47 -> 0.4404153 | ... AM54: =AM47 -> 0.033929842
C55: NPV do projeto | E55: $ R$ | F55: =SUM(G55:AN55) -> 0.44602649 | G55: =G52*G54 -> -10226.939 | H55: =H52*H54 -> -2371.3141 | I55: =I52*I54 -> 292.00798 | J55: =J52*J54 -> 1541.8001 | K55: =K52*K54 -> 1334.0858 | L55: =L52*L54 -> -4608.6151 | M55: =M52*M54 -> 1506.1826 | N55: =N52*N54 -> -1373.9629 | ... AM55: =AM52*AM54 -> 0
C57: Project NPV | D57: =F55 -> 0.44602649 | E57: $ R$
C59: Project IRR
C60: Financial period end date | E60: Date | G60: =G16 -> 46752 | H60: =H16 -> 47118 | I60: =I16 -> 47483 | J60: =J16 -> 47848 | K60: =K16 -> 48213 | L60: =L16 -> 48579 | M60: =M16 -> 48944 | N60: =N16 -> 49309 | ... AM60: =AM16 -> 58440
C62: Investimentos | E62: $ R$ | F62: =SUM(G62:AN62) -> -76776.486 | G62: =G51 -> -10775.031 | H62: =H51 -> -1472.4358 | I62: =I51 -> -1743.4787 | J62: =J51 -> -397.26424 | K62: =K51 -> -763.15204 | L62: =L51 -> -12305.513 | M62: =M51 -> -241.59493 | N62: =N51 -> -8189.1826 | ... AM62: =AM51 -> 0
C63: =C50 -> Fluxo de Caixa Operacional - Impostos | E63: $ R$ | F63: =SUM(G63:AN63) -> 149286.98 | G63: =G50 -> -552.25075 | H63: =H50 -> -1438.2344 | I63: =I50 -> 2140.5794 | J63: =J50 -> 2720.1931 | K63: =K50 -> 2990.0154 | L63: =L50 -> 3780.322 | M63: =M50 -> 3328.4289 | N63: =N50 -> 5069.4842 | ... AM63: =AM50 -> 0
C64: Fluxo de Caixa para o projeto | E64: $ R$ | F64: =SUM(G64:AN64) -> 72510.495 | G64: =SUM(G62:G63) -> -11327.282 | H64: =SUM(H62:H63) -> -2910.6702 | I64: =SUM(I62:I63) -> 397.10066 | J64: =SUM(J62:J63) -> 2322.9289 | K64: =SUM(K62:K63) -> 2226.8634 | L64: =SUM(L62:L63) -> -8525.1911 | M64: =SUM(M62:M63) -> 3086.8339 | N64: =SUM(N62:N63) -> -3119.6984 | ... AM64: =SUM(AM62:AM63) -> 0
C66: @ Custo da dívida médio
C67: Project IRR | D67: =XIRR(G64:AJ64,G60:AJ60) -> 0.10790613 | E67: $ R$
C71: Payback
C73: Payback Simples (Projeto) | E73: =COUNTIF(G73:AQ73,"<0") -> 12 | G73: =F73+G52 -> -11327.282 | H73: =G73+H52 -> -14237.952 | I73: =H73+I52 -> -13840.851 | J73: =I73+J52 -> -11517.923 | K73: =J73+K52 -> -9291.0592 | L73: =K73+L52 -> -17816.25 | M73: =L73+M52 -> -14729.416 | N73: =M73+N52 -> -17849.115 | ... AN73: =AM73+AN52 -> 72510.495
C74: Payback Descontado (Projeto) | E74: =COUNTIF(G74:AQ74,"<0") -> 29 | G74: =F74+G55 -> -10226.939 | H74: =G74+H55 -> -12598.253 | I74: =H74+I55 -> -12306.245 | J74: =I74+J55 -> -10764.445 | K74: =J74+K55 -> -9430.3593 | L74: =K74+L55 -> -14038.974 | M74: =L74+M55 -> -12532.792 | N74: =M74+N55 -> -13906.755 | ... AN74: =AM74+AN55 -> 0.44602649

Sheet Value for Money (VfM)
A1: VALUE FOR MONEY - VfM | D1: Alerta | E1: Erro | F1: IRR | G1: NPV | H1: Macro
D2: =CHECKS!$F$9 -> 0 | E2: =CHECKS!$F$15 -> 0 | F2: =Project_IRR -> 0.10790613 | G2: =Project_NPV -> 0.44602649 | H2: =Master_Check -> 0
C4: =Flags!C4 -> Começo período | G4: =Flags!G4 -> 46388 | H4: =Flags!H4 -> 46753 | I4: =Flags!I4 -> 47119 | J4: =Flags!J4 -> 47484 | K4: =Flags!K4 -> 47849 | L4: =Flags!L4 -> 48214 | M4: =Flags!M4 -> 48580 | N4: =Flags!N4 -> 48945 | ... AN4: =Flags!AN4 -> 58441
C5: =Flags!C5 -> Fim período | G5: =Flags!G5 -> 46752 | H5: =Flags!H5 -> 47118 | I5: =Flags!I5 -> 47483 | J5: =Flags!J5 -> 47848 | K5: =Flags!K5 -> 48213 | L5: =Flags!L5 -> 48579 | M5: =Flags!M5 -> 48944 | N5: =Flags!N5 -> 49309 | ... AN5: =Flags!AN5 -> 58806
C6: Ano | G6: =YEAR(G5) -> 2027 | H6: =YEAR(H5) -> 2028 | I6: =YEAR(I5) -> 2029 | J6: =YEAR(J5) -> 2030 | K6: =YEAR(K5) -> 2031 | L6: =YEAR(L5) -> 2032 | M6: =YEAR(M5) -> 2033 | N6: =YEAR(N5) -> 2034 | ... AN6: =YEAR(AN5) -> 2060
C7: =Flags!C6 -> Timeline | G7: =Flags!G90 -> Ops | H7: =Flags!H90 -> Ops | I7: =Flags!I90 -> Ops | J7: =Flags!J90 -> Ops | K7: =Flags!K90 -> Ops | L7: =Flags!L90 -> Ops | M7: =Flags!M90 -> Ops | N7: =Flags!N90 -> Ops | ... AN7: =Flags!AN90 -> Post Ops.
D9: =Flags!D8 -> Inputs | E9: =Flags!E8 -> Units | F9: =Flags!F8 -> Total
C11: Correção Monetária
C13: Ano de Operação | E13: Ano | G13: =YEAR(G$5) -> 2027 | H13: =YEAR(H$5) -> 2028 | I13: =YEAR(I$5) -> 2029 | J13: =YEAR(J$5) -> 2030 | K13: =YEAR(K$5) -> 2031 | L13: =YEAR(L$5) -> 2032 | M13: =YEAR(M$5) -> 2033 | N13: =YEAR(N$5) -> 2034 | ... AN13: =YEAR(AN$5) -> 2060
C14: Dias no período | E14: Dias | G14: =Flags!H$26 -> 366 | H14: =Flags!I$26 -> 365 | I14: =Flags!J$26 -> 365 | J14: =Flags!K$26 -> 365 | K14: =Flags!L$26 -> 366 | L14: =Flags!M$26 -> 365 | M14: =Flags!N$26 -> 365 | N14: =Flags!O$26 -> 365 | ... AN14: =Flags!AO$26 -> 0
C15: Dias no ano | E15: Dias | G15: =SUMIF($G$13:$AN$13,G13,$G$14:$AN$14) -> 366 | H15: =SUMIF($G$13:$AN$13,H13,$G$14:$AN$14) -> 365 | I15: =SUMIF($G$13:$AN$13,I13,$G$14:$AN$14) -> 365 | J15: =SUMIF($G$13:$AN$13,J13,$G$14:$AN$14) -> 365 | K15: =SUMIF($G$13:$AN$13,K13,$G$14:$AN$14) -> 366 | L15: =SUMIF($G$13:$AN$13,L13,$G$14:$AN$14) -> 365 | M15: =SUMIF($G$13:$AN$13,M13,$G$14:$AN$14) -> 365 | N15: =SUMIF($G$13:$AN$13,N13,$G$14:$AN$14) -> 365 | ... AN15: =SUMIF($G$13:$AN$13,AN13,$G$14:$AN$14) -> 0
C17: Correção
C18: % p.a
C19: =Inputs!C337 -> None | E19: % p.a | G19: =LOOKUP(G$13,Inputs!$G$336:$K$336,Inputs!$G337:$K337) -> 0 | H19: =LOOKUP(H$13,Inputs!$G$336:$K$336,Inputs!$G337:$K337) -> 0 | I19: =LOOKUP(I$13,Inputs!$G$336:$K$336,Inputs!$G337:$K337) -> 0 | J19: =LOOKUP(J$13,Inputs!$G$336:$K$336,Inputs!$G337:$K337) -> 0 | K19: =LOOKUP(K$13,Inputs!$G$336:$K$336,Inputs!$G337:$K337) -> 0 | L19: =LOOKUP(L$13,Inputs!$G$336:$K$336,Inputs!$G337:$K337) -> 0 | M19: =LOOKUP(M$13,Inputs!$G$336:$K$336,Inputs!$G337:$K337) -> 0 | N19: =LOOKUP(N$13,Inputs!$G$336:$K$336,Inputs!$G337:$K337) -> 0 | ... AN19: =LOOKUP(AN$13,Inputs!$G$336:$K$336,Inputs!$G337:$K337) -> 0
C20: =Inputs!C338 -> IPG-M | E20: % p.a | G20: =LOOKUP(G$13,Inputs!$G$336:$K$336,Inputs!$G338:$K338) -> 0.038 | H20: =LOOKUP(H$13,Inputs!$G$336:$K$336,Inputs!$G338:$K338) -> 0.038 | I20: =LOOKUP(I$13,Inputs!$G$336:$K$336,Inputs!$G338:$K338) -> 0.038 | J20: =LOOKUP(J$13,Inputs!$G$336:$K$336,Inputs!$G338:$K338) -> 0.038 | K20: =LOOKUP(K$13,Inputs!$G$336:$K$336,Inputs!$G338:$K338) -> 0.038 | L20: =LOOKUP(L$13,Inputs!$G$336:$K$336,Inputs!$G338:$K338) -> 0.038 | M20: =LOOKUP(M$13,Inputs!$G$336:$K$336,Inputs!$G338:$K338) -> 0.038 | N20: =LOOKUP(N$13,Inputs!$G$336:$K$336,Inputs!$G338:$K338) -> 0.038 | ... AN20: =LOOKUP(AN$13,Inputs!$G$336:$K$336,Inputs!$G338:$K338) -> 0.038
C21: =Inputs!C339 -> PIB | E21: % p.a | G21: =LOOKUP(G$13,Inputs!$G$336:$K$336,Inputs!$G339:$K339) -> 0.02 | H21: =LOOKUP(H$13,Inputs!$G$336:$K$336,Inputs!$G339:$K339) -> 0.02 | I21: =LOOKUP(I$13,Inputs!$G$336:$K$336,Inputs!$G339:$K339) -> 0.02 | J21: =LOOKUP(J$13,Inputs!$G$336:$K$336,Inputs!$G339:$K339) -> 0.02 | K21: =LOOKUP(K$13,Inputs!$G$336:$K$336,Inputs!$G339:$K339) -> 0.02 | L21: =LOOKUP(L$13,Inputs!$G$336:$K$336,Inputs!$G339:$K339) -> 0.02 | M21: =LOOKUP(M$13,Inputs!$G$336:$K$336,Inputs!$G339:$K339) -> 0.02 | N21: =LOOKUP(N$13,Inputs!$G$336:$K$336,Inputs!$G339:$K339) -> 0.02 | ... AN21: =LOOKUP(AN$13,Inputs!$G$336:$K$336,Inputs!$G339:$K339) -> 0.02
C22: =Inputs!C340 -> PIB Serviços | E22: % p.a | G22: =LOOKUP(G$13,Inputs!$G$336:$K$336,Inputs!$G340:$K340) -> 0.025 | H22: =LOOKUP(H$13,Inputs!$G$336:$K$336,Inputs!$G340:$K340) -> 0.025 | I22: =LOOKUP(I$13,Inputs!$G$336:$K$336,Inputs!$G340:$K340) -> 0.025 | J22: =LOOKUP(J$13,Inputs!$G$336:$K$336,Inputs!$G340:$K340) -> 0.025 | K22: =LOOKUP(K$13,Inputs!$G$336:$K$336,Inputs!$G340:$K340) -> 0.025 | L22: =LOOKUP(L$13,Inputs!$G$336:$K$336,Inputs!$G340:$K340) -> 0.025 | M22: =LOOKUP(M$13,Inputs!$G$336:$K$336,Inputs!$G340:$K340) -> 0.025 | N22: =LOOKUP(N$13,Inputs!$G$336:$K$336,Inputs!$G340:$K340) -> 0.025 | ... AN22: =LOOKUP(AN$13,Inputs!$G$336:$K$336,Inputs!$G340:$K340) -> 0.025
C23: =Inputs!C341 -> CPI US | E23: % p.a | G23: =LOOKUP(G$13,Inputs!$G$336:$K$336,Inputs!$G341:$K341) -> 0.031 | H23: =LOOKUP(H$13,Inputs!$G$336:$K$336,Inputs!$G341:$K341) -> 0.031 | I23: =LOOKUP(I$13,Inputs!$G$336:$K$336,Inputs!$G341:$K341) -> 0.031 | J23: =LOOKUP(J$13,Inputs!$G$336:$K$336,Inputs!$G341:$K341) -> 0.031 | K23: =LOOKUP(K$13,Inputs!$G$336:$K$336,Inputs!$G341:$K341) -> 0.031 | L23: =LOOKUP(L$13,Inputs!$G$336:$K$336,Inputs!$G341:$K341) -> 0.031 | M23: =LOOKUP(M$13,Inputs!$G$336:$K$336,Inputs!$G341:$K341) -> 0.031 | N23: =LOOKUP(N$13,Inputs!$G$336:$K$336,Inputs!$G341:$K341) -> 0.031 | ... AN23: =LOOKUP(AN$13,Inputs!$G$336:$K$336,Inputs!$G341:$K341) -> 0.031
C24: =Inputs!C342 -> SELIC | E24: % p.a | G24: =LOOKUP(G$13,Inputs!$G$336:$K$336,Inputs!$G342:$K342) -> 0.085 | H24: =LOOKUP(H$13,Inputs!$G$336:$K$336,Inputs!$G342:$K342) -> 0.085 | I24: =LOOKUP(I$13,Inputs!$G$336:$K$336,Inputs!$G342:$K342) -> 0.085 | J24: =LOOKUP(J$13,Inputs!$G$336:$K$336,Inputs!$G342:$K342) -> 0.085 | K24: =LOOKUP(K$13,Inputs!$G$336:$K$336,Inputs!$G342:$K342) -> 0.085 | L24: =LOOKUP(L$13,Inputs!$G$336:$K$336,Inputs!$G342:$K342) -> 0.085 | M24: =LOOKUP(M$13,Inputs!$G$336:$K$336,Inputs!$G342:$K342) -> 0.085 | N24: =LOOKUP(N$13,Inputs!$G$336:$K$336,Inputs!$G342:$K342) -> 0.085 | ... AN24: =LOOKUP(AN$13,Inputs!$G$336:$K$336,Inputs!$G342:$K342) -> 0.085
C25: =Inputs!C343 -> CDI | E25: % p.a | G25: =LOOKUP(G$13,Inputs!$G$336:$K$336,Inputs!$G343:$K343) -> 0.085 | H25: =LOOKUP(H$13,Inputs!$G$336:$K$336,Inputs!$G343:$K343) -> 0.085 | I25: =LOOKUP(I$13,Inputs!$G$336:$K$336,Inputs!$G343:$K343) -> 0.085 | J25: =LOOKUP(J$13,Inputs!$G$336:$K$336,Inputs!$G343:$K343) -> 0.085 | K25: =LOOKUP(K$13,Inputs!$G$336:$K$336,Inputs!$G343:$K343) -> 0.085 | L25: =LOOKUP(L$13,Inputs!$G$336:$K$336,Inputs!$G343:$K343) -> 0.085 | M25: =LOOKUP(M$13,Inputs!$G$336:$K$336,Inputs!$G343:$K343) -> 0.085 | N25: =LOOKUP(N$13,Inputs!$G$336:$K$336,Inputs!$G343:$K343) -> 0.085 | ... AN25: =LOOKUP(AN$13,Inputs!$G$336:$K$336,Inputs!$G343:$K343) -> 0.085
C26: =Inputs!C344 -> TLP | E26: % p.a | G26: =LOOKUP(G$13,Inputs!$G$336:$K$336,Inputs!$G344:$K344) -> 0.0898 | H26: =LOOKUP(H$13,Inputs!$G$336:$K$336,Inputs!$G344:$K344) -> 0.0898 | I26: =LOOKUP(I$13,Inputs!$G$336:$K$336,Inputs!$G344:$K344) -> 0.0898 | J26: =LOOKUP(J$13,Inputs!$G$336:$K$336,Inputs!$G344:$K344) -> 0.0898 | K26: =LOOKUP(K$13,Inputs!$G$336:$K$336,Inputs!$G344:$K344) -> 0.0898 | L26: =LOOKUP(L$13,Inputs!$G$336:$K$336,Inputs!$G344:$K344) -> 0.0898 | M26: =LOOKUP(M$13,Inputs!$G$336:$K$336,Inputs!$G344:$K344) -> 0.0898 | N26: =LOOKUP(N$13,Inputs!$G$336:$K$336,Inputs!$G344:$K344) -> 0.0898 | ... AN26: =LOOKUP(AN$13,Inputs!$G$336:$K$336,Inputs!$G344:$K344) -> 0.0898
C27: =Inputs!C345 -> IPCA | E27: % p.a | G27: =LOOKUP(G$13,Inputs!$G$336:$K$336,Inputs!$G345:$K345) -> 0.035 | H27: =LOOKUP(H$13,Inputs!$G$336:$K$336,Inputs!$G345:$K345) -> 0.035 | I27: =LOOKUP(I$13,Inputs!$G$336:$K$336,Inputs!$G345:$K345) -> 0.035 | J27: =LOOKUP(J$13,Inputs!$G$336:$K$336,Inputs!$G345:$K345) -> 0.035 | K27: =LOOKUP(K$13,Inputs!$G$336:$K$336,Inputs!$G345:$K345) -> 0.035 | L27: =LOOKUP(L$13,Inputs!$G$336:$K$336,Inputs!$G345:$K345) -> 0.035 | M27: =LOOKUP(M$13,Inputs!$G$336:$K$336,Inputs!$G345:$K345) -> 0.035 | N27: =LOOKUP(N$13,Inputs!$G$336:$K$336,Inputs!$G345:$K345) -> 0.035 | ... AN27: =LOOKUP(AN$13,Inputs!$G$336:$K$336,Inputs!$G345:$K345) -> 0.035
C29: Index
C30: =C19 -> None | F30: =Inputs!E337 -> 1 | G30: =IFERROR(F30*(1+G19)^(G$14/G$15),1) -> 1 | H30: =IFERROR(G30*(1+H19)^(H$14/H$15),1) -> 1 | I30: =IFERROR(H30*(1+I19)^(I$14/I$15),1) -> 1 | J30: =IFERROR(I30*(1+J19)^(J$14/J$15),1) -> 1 | K30: =IFERROR(J30*(1+K19)^(K$14/K$15),1) -> 1 | L30: =IFERROR(K30*(1+L19)^(L$14/L$15),1) -> 1 | M30: =IFERROR(L30*(1+M19)^(M$14/M$15),1) -> 1 | N30: =IFERROR(M30*(1+N19)^(N$14/N$15),1) -> 1 | ... AN30: =IFERROR(AM30*(1+AN19)^(AN$14/AN$15),1) -> 1
C31: =C20 -> IPG-M | F31: =Inputs!E338 -> 1 | G31: =IFERROR(F31*(1+G20)^(G$14/G$15),1) -> 1.038 | H31: =IFERROR(G31*(1+H20)^(H$14/H$15),1) -> 1.077444 | I31: =IFERROR(H31*(1+I20)^(I$14/I$15),1) -> 1.1183869 | J31: =IFERROR(I31*(1+J20)^(J$14/J$15),1) -> 1.1608856 | K31: =IFERROR(J31*(1+K20)^(K$14/K$15),1) -> 1.2049992 | L31: =IFERROR(K31*(1+L20)^(L$14/L$15),1) -> 1.2507892 | M31: =IFERROR(L31*(1+M20)^(M$14/M$15),1) -> 1.2983192 | N31: =IFERROR(M31*(1+N20)^(N$14/N$15),1) -> 1.3476553 | ... AN31: =IFERROR(AM31*(1+AN20)^(AN$14/AN$15),1) -> 1
C32: =C21 -> PIB | F32: =Inputs!E339 -> 1 | G32: =IFERROR(F32*(1+G21)^(G$14/G$15),1) -> 1.02 | H32: =IFERROR(G32*(1+H21)^(H$14/H$15),1) -> 1.0404 | I32: =IFERROR(H32*(1+I21)^(I$14/I$15),1) -> 1.061208 | J32: =IFERROR(I32*(1+J21)^(J$14/J$15),1) -> 1.0824322 | K32: =IFERROR(J32*(1+K21)^(K$14/K$15),1) -> 1.1040808 | L32: =IFERROR(K32*(1+L21)^(L$14/L$15),1) -> 1.1261624 | M32: =IFERROR(L32*(1+M21)^(M$14/M$15),1) -> 1.1486857 | N32: =IFERROR(M32*(1+N21)^(N$14/N$15),1) -> 1.1716594 | ... AN32: =IFERROR(AM32*(1+AN21)^(AN$14/AN$15),1) -> 1
C33: =C22 -> PIB Serviços | F33: =Inputs!E340 -> 1 | G33: =IFERROR(F33*(1+G22)^(G$14/G$15),1) -> 1.025 | H33: =IFERROR(G33*(1+H22)^(H$14/H$15),1) -> 1.050625 | I33: =IFERROR(H33*(1+I22)^(I$14/I$15),1) -> 1.0768906 | J33: =IFERROR(I33*(1+J22)^(J$14/J$15),1) -> 1.1038129 | K33: =IFERROR(J33*(1+K22)^(K$14/K$15),1) -> 1.1314082 | L33: =IFERROR(K33*(1+L22)^(L$14/L$15),1) -> 1.1596934 | M33: =IFERROR(L33*(1+M22)^(M$14/M$15),1) -> 1.1886858 | N33: =IFERROR(M33*(1+N22)^(N$14/N$15),1) -> 1.2184029 | ... AN33: =IFERROR(AM33*(1+AN22)^(AN$14/AN$15),1) -> 1
C34: =C23 -> CPI US | F34: =Inputs!E341 -> 1 | G34: =IFERROR(F34*(1+G23)^(G$14/G$15),1) -> 1.031 | H34: =IFERROR(G34*(1+H23)^(H$14/H$15),1) -> 1.062961 | I34: =IFERROR(H34*(1+I23)^(I$14/I$15),1) -> 1.0959128 | J34: =IFERROR(I34*(1+J23)^(J$14/J$15),1) -> 1.1298861 | K34: =IFERROR(J34*(1+K23)^(K$14/K$15),1) -> 1.1649126 | L34: =IFERROR(K34*(1+L23)^(L$14/L$15),1) -> 1.2010248 | M34: =IFERROR(L34*(1+M23)^(M$14/M$15),1) -> 1.2382566 | N34: =IFERROR(M34*(1+N23)^(N$14/N$15),1) -> 1.2766426 | ... AN34: =IFERROR(AM34*(1+AN23)^(AN$14/AN$15),1) -> 1
C35: =C24 -> SELIC | F35: =Inputs!E342 -> 1 | G35: =IFERROR(F35*(1+G24)^(G$14/G$15),1) -> 1.085 | H35: =IFERROR(G35*(1+H24)^(H$14/H$15),1) -> 1.177225 | I35: =IFERROR(H35*(1+I24)^(I$14/I$15),1) -> 1.2772891 | J35: =IFERROR(I35*(1+J24)^(J$14/J$15),1) -> 1.3858587 | K35: =IFERROR(J35*(1+K24)^(K$14/K$15),1) -> 1.5036567 | L35: =IFERROR(K35*(1+L24)^(L$14/L$15),1) -> 1.6314675 | M35: =IFERROR(L35*(1+M24)^(M$14/M$15),1) -> 1.7701422 | N35: =IFERROR(M35*(1+N24)^(N$14/N$15),1) -> 1.9206043 | ... AN35: =IFERROR(AM35*(1+AN24)^(AN$14/AN$15),1) -> 1
C36: =C25 -> CDI | F36: =Inputs!E343 -> 1 | G36: =IFERROR(F36*(1+G25)^(G$14/G$15),1) -> 1.085 | H36: =IFERROR(G36*(1+H25)^(H$14/H$15),1) -> 1.177225 | I36: =IFERROR(H36*(1+I25)^(I$14/I$15),1) -> 1.2772891 | J36: =IFERROR(I36*(1+J25)^(J$14/J$15),1) -> 1.3858587 | K36: =IFERROR(J36*(1+K25)^(K$14/K$15),1) -> 1.5036567 | L36: =IFERROR(K36*(1+L25)^(L$14/L$15),1) -> 1.6314675 | M36: =IFERROR(L36*(1+M25)^(M$14/M$15),1) -> 1.7701422 | N36: =IFERROR(M36*(1+N25)^(N$14/N$15),1) -> 1.9206043 | ... AN36: =IFERROR(AM36*(1+AN25)^(AN$14/AN$15),1) -> 1
C37: =C26 -> TLP | F37: =Inputs!E344 -> 1 | G37: =IFERROR(F37*(1+G26)^(G$14/G$15),1) -> 1.0898 | H37: =IFERROR(G37*(1+H26)^(H$14/H$15),1) -> 1.187664 | I37: =IFERROR(H37*(1+I26)^(I$14/I$15),1) -> 1.2943163 | J37: =IFERROR(I37*(1+J26)^(J$14/J$15),1) -> 1.4105459 | K37: =IFERROR(J37*(1+K26)^(K$14/K$15),1) -> 1.5372129 | L37: =IFERROR(K37*(1+L26)^(L$14/L$15),1) -> 1.6752546 | M37: =IFERROR(L37*(1+M26)^(M$14/M$15),1) -> 1.8256925 | N37: =IFERROR(M37*(1+N26)^(N$14/N$15),1) -> 1.9896397 | ... AN37: =IFERROR(AM37*(1+AN26)^(AN$14/AN$15),1) -> 1
C38: =C27 -> IPCA | F38: =Inputs!E345 -> 1 | G38: =IFERROR(F38*(1+G27)^(G$14/G$15),1) -> 1.035 | H38: =IFERROR(G38*(1+H27)^(H$14/H$15),1) -> 1.071225 | I38: =IFERROR(H38*(1+I27)^(I$14/I$15),1) -> 1.1087179 | J38: =IFERROR(I38*(1+J27)^(J$14/J$15),1) -> 1.147523 | K38: =IFERROR(J38*(1+K27)^(K$14/K$15),1) -> 1.1876863 | L38: =IFERROR(K38*(1+L27)^(L$14/L$15),1) -> 1.2292553 | M38: =IFERROR(L38*(1+M27)^(M$14/M$15),1) -> 1.2722793 | N38: =IFERROR(M38*(1+N27)^(N$14/N$15),1) -> 1.316809 | ... AN38: =IFERROR(AM38*(1+AN27)^(AN$14/AN$15),1) -> 1
C40: Value for Money
C42: Obra Pública + Operação Própria
C44: Investimentos + Reeinvestimentos
C45: =Flags!C72 -> Cons + Ops Flag | E45: =Flags!E72 -> Flag | F45: =Flags!F72 -> 30 | G45: =Flags!G72 -> 1 | H45: =Flags!H72 -> 1 | I45: =Flags!I72 -> 1 | J45: =Flags!J72 -> 1 | K45: =Flags!K72 -> 1 | L45: =Flags!L72 -> 1 | ... AN45: =Flags!AN72 -> 0
C47: Investimentos | E47: =DFs!E47 -> $ 000s | F47: =SUM(G47:AN47) -> 73286.584 | G47: =-DFs!G47 -> 9009.4527 | H47: =-DFs!H47 -> 1410.9264 | I47: =-DFs!I47 -> 1743.4787 | J47: =-DFs!J47 -> 383.71704 | K47: =-DFs!K47 -> 763.15204 | L47: =-DFs!L47 -> 12231.004 | M47: =-DFs!M47 -> 217.17293 | N47: =-DFs!N47 -> 8189.1826 | ... AN47: =-DFs!AN47 -> 0
C48: OPEX Total de Operação | E48: =DFs!E48 -> $ 000s | F48: =SUM(G48:AN48) -> 537686.56 | G48: =-DFs!G40 -> 15824.479 | H48: =-DFs!H40 -> 16558.897 | I48: =-DFs!I40 -> 17000.823 | J48: =-DFs!J40 -> 17371.108 | K48: =-DFs!K40 -> 17423.765 | L48: =-DFs!L40 -> 17544.076 | M48: =-DFs!M40 -> 18476.67 | N48: =-DFs!N40 -> 17683.236 | ... AN48: =-DFs!AN40 -> 0
C49: Impostos pagos | E49: =DFs!E49 -> $ 000s | F49: =SUM(G49:AN49) -> 36456.505 | G49: =-DFs!G60 -> 0 | H49: =-DFs!H60 -> 0 | I49: =-DFs!I60 -> 22.884311 | J49: =-DFs!J60 -> 72.053827 | K49: =-DFs!K60 -> 139.53091 | L49: =-DFs!L60 -> 594.61205 | M49: =-DFs!M60 -> 408.23945 | N49: =-DFs!N60 -> 513.92216 | ... AN49: =-DFs!AN60 -> 0
C50: Investimento total por ano | E50: =DFs!E49 -> $ 000s | F50: =SUM(G50:AN50) -> 647429.65 | G50: =SUM(G47:G49) -> 24833.932 | H50: =SUM(H47:H49) -> 17969.823 | I50: =SUM(I47:I49) -> 18767.186 | J50: =SUM(J47:J49) -> 17826.879 | K50: =SUM(K47:K49) -> 18326.447 | L50: =SUM(L47:L49) -> 30369.692 | M50: =SUM(M47:M49) -> 19102.082 | N50: =SUM(N47:N49) -> 26386.341 | ... AN50: =SUM(AN47:AN49) -> 0
C53: Fator de Desconto
C54: Período para desconto | G54: =(F54+G$45)*G$45 -> 1 | H54: =(G54+H$45)*H$45 -> 2 | I54: =(H54+I$45)*I$45 -> 3 | J54: =(I54+J$45)*J$45 -> 4 | K54: =(J54+K$45)*K$45 -> 5 | L54: =(K54+L$45)*L$45 -> 6 | M54: =(L54+M$45)*M$45 -> 7 | N54: =(M54+N$45)*N$45 -> 8 | ... AN54: =(AM54+AN$45)*AN$45 -> 0
C55: =Inputs!$C$356&" - selecionada" -> Taxa de desconto Value for Money - selecionada | D55: =Inputs!D356 -> 0 | E55: #
C56: =Inputs!$C$357 -> Indexador | D56: =Inputs!$D$357 -> SELIC | E56: #
C58: =Inputs!$C$359 -> Taxa Social | D58: =Inputs!$D$359 -> 0.09 | E58: %
C60: Fator de Desconto | G60: =(1/(1+IF($D55<>1,$D58,INDEX(G$19:G$27,MATCH($D56,$C$19:$C$27,0))))^G54)*G$45 -> 0.91743119 | H60: =(1/(1+IF($D55<>1,$D58,INDEX(H$19:H$27,MATCH($D56,$C$19:$C$27,0))))^H54)*H$45 -> 0.84167999 | I60: =(1/(1+IF($D55<>1,$D58,INDEX(I$19:I$27,MATCH($D56,$C$19:$C$27,0))))^I54)*I$45 -> 0.77218348 | J60: =(1/(1+IF($D55<>1,$D58,INDEX(J$19:J$27,MATCH($D56,$C$19:$C$27,0))))^J54)*J$45 -> 0.70842521 | K60: =(1/(1+IF($D55<>1,$D58,INDEX(K$19:K$27,MATCH($D56,$C$19:$C$27,0))))^K54)*K$45 -> 0.64993139 | L60: =(1/(1+IF($D55<>1,$D58,INDEX(L$19:L$27,MATCH($D56,$C$19:$C$27,0))))^L54)*L$45 -> 0.59626733 | M60: =(1/(1+IF($D55<>1,$D58,INDEX(M$19:M$27,MATCH($D56,$C$19:$C$27,0))))^M54)*M$45 -> 0.54703424 | N60: =(1/(1+IF($D55<>1,$D58,INDEX(N$19:N$27,MATCH($D56,$C$19:$C$27,0))))^N54)*N$45 -> 0.50186628 | ... AN60: =(1/(1+IF($D55<>1,$D58,INDEX(AN$19:AN$27,MATCH($D56,$C$19:$C$27,0))))^AN54)*AN$45 -> 0
C62: Valor Presente
C63: =C42 -> Obra Pública + Operação Própria | D63: =SUMPRODUCT(G50:AN50,G$60:AN$60) -> 217402.7 | F63: =SUM(G63:AN63) -> 217402.7 | G63: =G60*G50 -> 22783.424 | H63: =H60*H50 -> 15124.841 | I63: =I60*I50 -> 14491.711 | J63: =J60*J50 -> 12629.011 | K63: =K60*K50 -> 11910.933 | L63: =L60*L50 -> 18108.455 | M63: =M60*M50 -> 10449.493 | N63: =N60*N50 -> 13242.415 | ... AN63: =AN60*AN50 -> 0
C64: =C47 -> Investimentos | D64: =SUMPRODUCT($G47:$AN47,G$60:AN$60) -> 30483.05
C67: PPP
C69: Contraprestação
C70: Contraprestação Anual e Receita Tarifária | D70: =Ops!D127 -> 0 | E70: =Ops!E127 -> R$ | F70: =SUM(G70:AN70) -> 781143.8 | G70: =Ops!G127+Ops!G167 -> 15451.717 | H70: =Ops!H127+Ops!H167 -> 18093.327 | I70: =Ops!I127+Ops!I167 -> 22327.27 | J70: =Ops!J127+Ops!J167 -> 22579.987 | K70: =Ops!K127+Ops!K167 -> 22831.9 | L70: =Ops!L127+Ops!L167 -> 23083.028 | M70: =Ops!M127+Ops!M167 -> 24415.403 | N70: =Ops!N127+Ops!N167 -> 24676.804 | ... AN70: =Ops!AN127+Ops!AN167 -> 0
C72: Impostos s/ contraprestação
C73: =Inputs!C125 -> Imposto s/ serviço - (ISS) | D73: =Inputs!D125 -> 0.03 | E73: =Inputs!E125 -> % | F73: =SUM(G73:AN73) -> -23434.314 | G73: =G$70*-$D73 -> -463.55151 | H73: =H$70*-$D73 -> -542.79981 | I73: =I$70*-$D73 -> -669.81811 | J73: =J$70*-$D73 -> -677.3996 | K73: =K$70*-$D73 -> -684.957 | L73: =L$70*-$D73 -> -692.49084 | M73: =M$70*-$D73 -> -732.46209 | N73: =N$70*-$D73 -> -740.30411 | ... AN73: =AN$70*-$D73 -> 0
C74: =Inputs!C126 -> Programa Integração Social - (PIS) | D74: =Inputs!D126 -> 0.0165 | E74: =Inputs!E126 -> % | F74: =SUM(G74:AN74) -> -12888.873 | G74: =G$70*-$D74 -> -254.95333 | H74: =H$70*-$D74 -> -298.53989 | I74: =I$70*-$D74 -> -368.39996 | J74: =J$70*-$D74 -> -372.56978 | K74: =K$70*-$D74 -> -376.72635 | L74: =L$70*-$D74 -> -380.86996 | M74: =M$70*-$D74 -> -402.85415 | N74: =N$70*-$D74 -> -407.16726 | ... AN74: =AN$70*-$D74 -> 0
C75: =Inputs!C127 -> Contribuição para Financiamento de Seguridade Social - (COFINS) | D75: =Inputs!D127 -> 0.076 | E75: =Inputs!E127 -> % | F75: =SUM(G75:AN75) -> -59366.929 | G75: =G$70*-$D75 -> -1174.3305 | H75: =H$70*-$D75 -> -1375.0928 | I75: =I$70*-$D75 -> -1696.8725 | J75: =J$70*-$D75 -> -1716.079 | K75: =K$70*-$D75 -> -1735.2244 | L75: =L$70*-$D75 -> -1754.3101 | M75: =M$70*-$D75 -> -1855.5706 | N75: =N$70*-$D75 -> -1875.4371 | ... AN75: =AN$70*-$D75 -> 0
C76: =DFs!C60 -> IR / CSLL pagos | F76: =SUM(G76:AN76) -> -36456.505 | G76: =DFs!G60 -> 0 | H76: =DFs!H60 -> 0 | I76: =DFs!I60 -> -22.884311 | J76: =DFs!J60 -> -72.053827 | K76: =DFs!K60 -> -139.53091 | L76: =DFs!L60 -> -594.61205 | M76: =DFs!M60 -> -408.23945 | N76: =DFs!N60 -> -513.92216 | ... AN76: =DFs!AN60 -> 0
C78: Contraprestação líquida | E78: $ R$ | F78: =SUM(F70:F76) -> 648997.18 | G78: =G70+SUM(G73:G76) -> 13558.882 | H78: =H70+SUM(H73:H76) -> 15876.894 | I78: =I70+SUM(I73:I76) -> 19569.295 | J78: =J70+SUM(J73:J76) -> 19741.884 | K78: =K70+SUM(K73:K76) -> 19895.461 | L78: =L70+SUM(L73:L76) -> 19660.745 | M78: =M70+SUM(M73:M76) -> 21016.277 | N78: =N70+SUM(N73:N76) -> 21139.973 | ... AN78: =AN70+SUM(AN73:AN76) -> 0
C80: Fator de Desconto
C81: Período para desconto | G81: =(F81+G$45)*G$45 -> 1 | H81: =(G81+H$45)*H$45 -> 2 | I81: =(H81+I$45)*I$45 -> 3 | J81: =(I81+J$45)*J$45 -> 4 | K81: =(J81+K$45)*K$45 -> 5 | L81: =(K81+L$45)*L$45 -> 6 | M81: =(L81+M$45)*M$45 -> 7 | N81: =(M81+N$45)*N$45 -> 8 | ... AN81: =(AM81+AN$45)*AN$45 -> 0
C82: =Inputs!$C$356&" - selecionada" -> Taxa de desconto Value for Money - selecionada | D82: =Inputs!$D$356 -> 0 | E82: #
C83: =Inputs!$C$357 -> Indexador | D83: =Inputs!$D$357 -> SELIC | E83: #
C85: =Inputs!$C$359 -> Taxa Social | D85: =Inputs!$D$359 -> 0.09 | E85: %
C87: Fator de Desconto | G87: =(1/(1+IF($D82<>1,$D85,INDEX(G$19:G$27,MATCH($D83,$C$19:$C$27,0))))^G81)*G$45 -> 0.91743119 | H87: =(1/(1+IF($D82<>1,$D85,INDEX(H$19:H$27,MATCH($D83,$C$19:$C$27,0))))^H81)*H$45 -> 0.84167999 | I87: =(1/(1+IF($D82<>1,$D85,INDEX(I$19:I$27,MATCH($D83,$C$19:$C$27,0))))^I81)*I$45 -> 0.77218348 | J87: =(1/(1+IF($D82<>1,$D85,INDEX(J$19:J$27,MATCH($D83,$C$19:$C$27,0))))^J81)*J$45 -> 0.70842521 | K87: =(1/(1+IF($D82<>1,$D85,INDEX(K$19:K$27,MATCH($D83,$C$19:$C$27,0))))^K81)*K$45 -> 0.64993139 | L87: =(1/(1+IF($D82<>1,$D85,INDEX(L$19:L$27,MATCH($D83,$C$19:$C$27,0))))^L81)*L$45 -> 0.59626733 | M87: =(1/(1+IF($D82<>1,$D85,INDEX(M$19:M$27,MATCH($D83,$C$19:$C$27,0))))^M81)*M$45 -> 0.54703424 | N87: =(1/(1+IF($D82<>1,$D85,INDEX(N$19:N$27,MATCH($D83,$C$19:$C$27,0))))^N81)*N$45 -> 0.50186628 | ... AN87: =(1/(1+IF($D82<>1,$D85,INDEX(AN$19:AN$27,MATCH($D83,$C$19:$C$27,0))))^AN81)*AN$45 -> 0
C89: Valor Presente
C90: Contraprestação | D90: =SUM(G90:AN90) -> 207144.89 | G90: =G87*G78 -> 12439.341 | H90: =H87*H78 -> 13363.264 | I90: =I87*I78 -> 15111.087 | J90: =J87*J78 -> 13985.649 | K90: =K87*K78 -> 12930.685 | L90: =L87*L78 -> 11723.06 | M90: =M87*M78 -> 11496.623 | N90: =N87*N78 -> 10609.44 | ... AN90: =AN87*AN78 -> 0
C93: Value for money
C95: =C62&": "&C63 -> Valor Presente: Obra Pública + Operação Própria | D95: =D63 -> 217402.7
C96: =C89&": "&C90 -> Valor Presente: Contraprestação | D96: =D90 -> 207144.89
C97: Viabilidade econômica resulta em: | D97: =IF(D96>D95,$C$42,$C$67) -> PPP

Sheet WACC
B3: Taxa de Desconto
B4: Representação | D4: Valores | E4: Comentários
B5: βU | C5: Beta desalavancada | D5: 0.79 | E5: Beta mercado emergentes - Damodaram
B6: D/E | C6: Alavancagem da empresa | D6: 1.4709922 | E6: Alavancagem Ambiental
B7: T | C7: Impostos sobre a renda | D7: 0.34 | E7: Regime de Tributação - Lucro Real
B8: βL | C8: Beta alavancada | D8: =D5*(1+(1-D7)*D6) -> 1.5569753 | E8: Beta alavancado
B10: Rf | C10: Taxa livre de risco | D10: 0.0563 | E10: Prêmio do Tesouro IPCA 2045
B11: βL | C11: Beta alavancada | D11: =D8 -> 1.5569753 | E11: Beta alavancado
B12: Rm-Rf | C12: Prêmio de risco de mercado | D12: 0.030634483 | E12: Média de retorno últimos dez anos Ibovespa vs Selic
B13: CRP | C13: Prêmio de risco país | D13: 0 | E13: Média do EMBI+ Brazil, média dos últimos 05 anos.
B14: PRI | C14: Prêmio de risco por iliquidez | D14: 0.01 | E14: Prêmio estimado conforme estudos da administração
B15: Size Premium | C15: Prêmio pelo tamanho | D15: 0 | E15: Média do EMBI+ Brazil, média dos últimos 05 anos
B16: KE | C16: Custo de Capital Próprio | D16: =D10+(D11*(D12)+D13+D15+D14) -> 0.11399713 | E16: USD, nominal
B18: CPI | C18: Inflação americana | D18: 0 | E18: Meta inflação americana CPI longo prazo
B19: KE | C19: Custo de capital próprio | D19: =D16 -> 0.11399713 | E19: BRL, real
B20: IPCA | C20: Inflação brasileira | D20: 0.05 | E20: Meta central de inflação longo prazo
B21: KE | C21: Custo de capital próprio | D21: =D19+D20-D18 -> 0.16399713 | E21: BRL, Nominal
B23: KE | C23: Custo de capital próprio | D23: =D21 -> 0.16399713 | E23: BRL, Nominal
B24: KD | C24: Custo médio ponderado da dívida | D24: =(10%+2.85%) -> 0.1285 | E24: CDI Longo Prazo + 2,85%, Nominal
B25: KD | C25: Custo médio ponderado da dívida | D25: =D24-D20 -> 0.0785 | E25: BRL, Real
B26: T | C26: Impostos sobre a renda | D26: 0.34 | E26: Regime de Tributação - Lucro Real
B27: KD (1-T) | C27: Custo da dívida após impostos | D27: =D24*(1-D26) -> 0.08481 | E27: BRL, Nominal
B28: KD (1-T) | C28: Custo da dívida após impostos | D28: =D25*(1-D26) -> 0.05181 | E28: BRL, Real
B30: % Debt | C30: Proporção da dívida | D30: 0.5 | E30: Estrutura de capital da empresa
B31: % Equity | C31: Proporção do patrimônio | D31: 0.5
B32: KD | C32: Custo da dívida | D32: =D28 -> 0.05181 | E32: BRL, Real
B33: KE | C33: Custo de capital próprio | D33: =D21 -> 0.16399713 | E33: BRL, Real
B34: WACC | C34: Custo médio ponderado de capital | D34: =(D33*D31)+(D32*D30) -> 0.10790357 | E34: BRL, Real

Sheet Flags
A1: TIMING | D1: Alerta | E1: Erro | F1: IRR | G1: NPV | H1: Macro
D2: =CHECKS!$F$9 -> 0 | E2: =CHECKS!$F$15 -> 0 | F2: =Project_IRR -> 0.10790613 | G2: =Project_NPV -> 0.44602649 | H2: =Master_Check -> 0
C4: =C22 -> Começo período | G4: =G22 -> 46388 | H4: =H22 -> 46753 | I4: =I22 -> 47119 | J4: =J22 -> 47484 | K4: =K22 -> 47849 | L4: =L22 -> 48214 | M4: =M22 -> 48580 | N4: =N22 -> 48945 | ... AN4: =AN22 -> 58441
C5: =C23 -> Fim período | G5: =G23 -> 46752 | H5: =H23 -> 47118 | I5: =I23 -> 47483 | J5: =J23 -> 47848 | K5: =K23 -> 48213 | L5: =L23 -> 48579 | M5: =M23 -> 48944 | N5: =N23 -> 49309 | ... AN5: =AN23 -> 58806
C6: Timeline | G6: =G90 -> Ops | H6: =H90 -> Ops | I6: =I90 -> Ops | J6: =J90 -> Ops | K6: =K90 -> Ops | L6: =L90 -> Ops | M6: =M90 -> Ops | N6: =N90 -> Ops | ... AN6: =AN90 -> Post Ops.
D8: Inputs | E8: Units | F8: Total
C10: Datas
C12: Geral
C14: Counter | E14: Counter | G14: =F14+1 -> 1 | H14: =G14+1 -> 2 | I14: =H14+1 -> 3 | J14: =I14+1 -> 4 | K14: =J14+1 -> 5 | L14: =K14+1 -> 6 | M14: =L14+1 -> 7 | N14: =M14+1 -> 8 | ... AN14: =AM14+1 -> 34
C15: Counter Concessão | E15: Ano | G15: =G14 -> 1 | H15: =H14 -> 2 | I15: =I14 -> 3 | J15: =J14 -> 4 | K15: =K14 -> 5 | L15: =L14 -> 6 | M15: =M14 -> 7 | N15: =N14 -> 8 | ... AN15: =AN14 -> 34
C17: Initial flag | E17: Flag | F17: =SUM(G17:AO17) -> 1 | G17: =IF(G14=1,1,0) -> 1 | H17: =IF(H14=1,1,0) -> 0 | I17: =IF(I14=1,1,0) -> 0 | J17: =IF(J14=1,1,0) -> 0 | K17: =IF(K14=1,1,0) -> 0 | L17: =IF(L14=1,1,0) -> 0 | M17: =IF(M14=1,1,0) -> 0 | N17: =IF(N14=1,1,0) -> 0 | ... AN17: =IF(AN14=1,1,0) -> 0
C19: Data inicial modelo | D19: =Model_Start -> 46388 | E19: Date
C20: Meses em um ano | D20: =Inputs!E10 -> 12 | E20: Month
C22: Começo período | D22: =D19 -> 46388 | E22: Date | G22: =IF(G17=1,$D$19,0) -> 46388 | H22: =DATE(YEAR(G22),MONTH(G22)+$D$20,1) -> 46753 | I22: =DATE(YEAR(H22),MONTH(H22)+$D$20,1) -> 47119 | J22: =DATE(YEAR(I22),MONTH(I22)+$D$20,1) -> 47484 | K22: =DATE(YEAR(J22),MONTH(J22)+$D$20,1) -> 47849 | L22: =DATE(YEAR(K22),MONTH(K22)+$D$20,1) -> 48214 | M22: =DATE(YEAR(L22),MONTH(L22)+$D$20,1) -> 48580 | N22: =DATE(YEAR(M22),MONTH(M22)+$D$20,1) -> 48945 | O22: =DATE(YEAR(N22),MONTH(N22)+$D$20,1) -> 49310 | ... AN22: =DATE(YEAR(AM22),MONTH(AM22)+$D$20,1) -> 58441
C23: Fim período | E23: Date | G23: =EOMONTH(G22-1,$D$20) -> 46752 | H23: =EOMONTH(H22-1,$D$20) -> 47118 | I23: =EOMONTH(I22-1,$D$20) -> 47483 | J23: =EOMONTH(J22-1,$D$20) -> 47848 | K23: =EOMONTH(K22-1,$D$20) -> 48213 | L23: =EOMONTH(L22-1,$D$20) -> 48579 | M23: =EOMONTH(M22-1,$D$20) -> 48944 | N23: =EOMONTH(N22-1,$D$20) -> 49309 | ... AN23: =EOMONTH(AN22-1,$D$20) -> 58806
C24: Fim do período anterior | E24: Date | G24: =EOMONTH(G23,$D$20*-1) -> 46387 | H24: =EOMONTH(H23,$D$20*-1) -> 46752 | I24: =EOMONTH(I23,$D$20*-1) -> 47118 | J24: =EOMONTH(J23,$D$20*-1) -> 47483 | K24: =EOMONTH(K23,$D$20*-1) -> 47848 | L24: =EOMONTH(L23,$D$20*-1) -> 48213 | M24: =EOMONTH(M23,$D$20*-1) -> 48579 | N24: =EOMONTH(N23,$D$20*-1) -> 48944 | ... AN24: =EOMONTH(AN23,$D$20*-1) -> 58440
C26: Dias no período | E26: Days | G26: =G23-G24 -> 365 | H26: =H23-H24 -> 366 | I26: =I23-I24 -> 365 | J26: =J23-J24 -> 365 | K26: =K23-K24 -> 365 | L26: =L23-L24 -> 366 | M26: =M23-M24 -> 365 | N26: =N23-N24 -> 365 | ... AN26: =AN23-AN24 -> 366
C28: Ano | E28: Ano | G28: =YEAR(G23) -> 2027 | H28: =YEAR(H23) -> 2028 | I28: =YEAR(I23) -> 2029 | J28: =YEAR(J23) -> 2030 | K28: =YEAR(K23) -> 2031 | L28: =YEAR(L23) -> 2032 | M28: =YEAR(M23) -> 2033 | N28: =YEAR(N23) -> 2034 | ... AN28: =YEAR(AN23) -> 2060
C31: Flags
C33: Flag de Financial Close
C34: Financial close date | D34: =FinancialCloseDate -> 46388 | E34: Date
C35: Começo período | E35: Date | G35: =G22 -> 46388 | H35: =H22 -> 46753 | I35: =I22 -> 47119 | J35: =J22 -> 47484 | K35: =K22 -> 47849 | L35: =L22 -> 48214 | M35: =M22 -> 48580 | N35: =N22 -> 48945 | ... AN35: =AN22 -> 58441
C36: Fim período | E36: Date | G36: =G23 -> 46752 | H36: =H23 -> 47118 | I36: =I23 -> 47483 | J36: =J23 -> 47848 | K36: =K23 -> 48213 | L36: =L23 -> 48579 | M36: =M23 -> 48944 | N36: =N23 -> 49309 | ... AN36: =AN23 -> 58806
C37: Financial close date flag | E37: Flag | F37: =SUM(G37:AO37) -> 1 | G37: =IF(AND($D$34>=G35,$D$34<=G36),1,0) -> 1 | H37: =IF(AND($D$34>=H35,$D$34<=H36),1,0) -> 0 | I37: =IF(AND($D$34>=I35,$D$34<=I36),1,0) -> 0 | J37: =IF(AND($D$34>=J35,$D$34<=J36),1,0) -> 0 | K37: =IF(AND($D$34>=K35,$D$34<=K36),1,0) -> 0 | L37: =IF(AND($D$34>=L35,$D$34<=L36),1,0) -> 0 | M37: =IF(AND($D$34>=M35,$D$34<=M36),1,0) -> 0 | N37: =IF(AND($D$34>=N35,$D$34<=N36),1,0) -> 0 | ... AN37: =IF(AND($D$34>=AN35,$D$34<=AN36),1,0) -> 0
C40: Flag de Operação
C41: =C34 -> Financial close date | D41: =EOMONTH(D34,1) -> 46446 | E41: Data
C42: Anos da concessão | D42: =Inputs!E32 -> 30 | E42: Anos
C43: Períodos em 1 ano | D43: =D42*12 -> 360 | E43: Meses
C44: Meses no período | D44: =D20 -> 12 | E44: Períodos
C45: Fim da operação | D45: =EOMONTH(D41-1,D43) -> 57404 | E45: Data
C47: =C41 -> Financial close date | D47: =D41 -> 46446 | E47: =E41 -> Data
C48: =C45 -> Fim da operação | D48: =D45 -> 57404 | E48: Data
C49: =C36 -> Fim período | E49: =E43 -> Meses | G49: =G36 -> 46752 | H49: =H36 -> 47118 | I49: =I36 -> 47483 | J49: =J36 -> 47848 | K49: =K36 -> 48213 | L49: =L36 -> 48579 | M49: =M36 -> 48944 | N49: =N36 -> 49309 | ... AN49: =AN36 -> 58806
C50: Flag de operação | E50: Flag | F50: =SUM(G50:AO50) -> 29 | G50: =IF(G37=1,0,IF(AND(G49>=$D$47,G49<=$D$48),1,0)) -> 0 | H50: =IF(H37=1,0,IF(AND(H49>=$D$47,H49<=$D$48),1,0)) -> 1 | I50: =IF(I37=1,0,IF(AND(I49>=$D$47,I49<=$D$48),1,0)) -> 1 | J50: =IF(J37=1,0,IF(AND(J49>=$D$47,J49<=$D$48),1,0)) -> 1 | K50: =IF(K37=1,0,IF(AND(K49>=$D$47,K49<=$D$48),1,0)) -> 1 | L50: =IF(L37=1,0,IF(AND(L49>=$D$47,L49<=$D$48),1,0)) -> 1 | M50: =IF(M37=1,0,IF(AND(M49>=$D$47,M49<=$D$48),1,0)) -> 1 | N50: =IF(N37=1,0,IF(AND(N49>=$D$47,N49<=$D$48),1,0)) -> 1 | ... AN50: =IF(AN37=1,0,IF(AND(AN49>=$D$47,AN49<=$D$48),1,0)) -> 0
C52: Counter de Operação
C53: =C50 -> Flag de operação | E53: Flag | F53: =SUM(G53:AO53) -> 29 | G53: =G50 -> 0 | H53: =H50 -> 1 | I53: =I50 -> 1 | J53: =J50 -> 1 | K53: =K50 -> 1 | L53: =L50 -> 1 | M53: =M50 -> 1 | N53: =N50 -> 1 | ... AN53: =AN50 -> 0
C54: Counter da operação | E54: Counter | G54: =IF(G53=1,F54+1,0) -> 0 | H54: =IF(H53=1,G54+1,0) -> 1 | I54: =IF(I53=1,H54+1,0) -> 2 | J54: =IF(J53=1,I54+1,0) -> 3 | K54: =IF(K53=1,J54+1,0) -> 4 | L54: =IF(L53=1,K54+1,0) -> 5 | M54: =IF(M53=1,L54+1,0) -> 6 | N54: =IF(N53=1,M54+1,0) -> 7 | ... AN54: =IF(AN53=1,AM54+1,0) -> 0
C56: Flag de último dia de operação
C57: =C48 -> Fim da operação | D57: =D48 -> 57404 | E57: Data
C58: =C49 -> Fim período | E58: Data | G58: =G49 -> 46752 | H58: =H49 -> 47118 | I58: =I49 -> 47483 | J58: =J49 -> 47848 | K58: =K49 -> 48213 | L58: =L49 -> 48579 | M58: =M49 -> 48944 | N58: =N49 -> 49309 | ... AN58: =AN49 -> 58806
C59: Flag último dia de operação | E59: Flag | F59: =SUM(G59:AO59) -> 1 | G59: =IF(H53=0,1,0)*G53 -> 0 | H59: =IF(I53=0,1,0)*H53 -> 0 | I59: =IF(J53=0,1,0)*I53 -> 0 | J59: =IF(K53=0,1,0)*J53 -> 0 | K59: =IF(L53=0,1,0)*K53 -> 0 | L59: =IF(M53=0,1,0)*L53 -> 0 | M59: =IF(N53=0,1,0)*M53 -> 0 | N59: =IF(O53=0,1,0)*N53 -> 0 | ... AN59: =IF(AO53=0,1,0)*AN53 -> 0
C61: 1º dia após fim de operações
C62: =C59 -> Flag último dia de operação | E62: Flag | G62: =G59 -> 0 | H62: =H59 -> 0 | I62: =I59 -> 0 | J62: =J59 -> 0 | K62: =K59 -> 0 | L62: =L59 -> 0 | M62: =M59 -> 0 | N62: =N59 -> 0 | ... AN62: =AN59 -> 0
C63: 1º dia após fim da operação | E63: Flag | F63: =SUM(G63:AO63) -> 1 | G63: =IF(F62=1,1,0) -> 0 | H63: =IF(G62=1,1,0) -> 0 | I63: =IF(H62=1,1,0) -> 0 | J63: =IF(I62=1,1,0) -> 0 | K63: =IF(J62=1,1,0) -> 0 | L63: =IF(K62=1,1,0) -> 0 | M63: =IF(L62=1,1,0) -> 0 | N63: =IF(M62=1,1,0) -> 0 | ... AN63: =IF(AM62=1,1,0) -> 0
C65: Flag Post Ops.
C66: =C63 -> 1º dia após fim da operação | E66: =E63 -> Flag | F66: =F63 -> 1 | G66: =G63 -> 0 | H66: =H63 -> 0 | I66: =I63 -> 0 | J66: =J63 -> 0 | K66: =K63 -> 0 | L66: =L63 -> 0 | ... AN66: =AN63 -> 0
C67: Flag pós operações | E67: Flag | F67: =F64 -> 0 | G67: =G66+F67 -> 0 | H67: =H66+G67 -> 0 | I67: =I66+H67 -> 0 | J67: =J66+I67 -> 0 | K67: =K66+J67 -> 0 | L67: =L66+K67 -> 0 | M67: =M66+L67 -> 0 | N67: =N66+M67 -> 0 | ... AN67: =AN66+AM67 -> 1
C69: Flag cons + ops
C70: =C37 -> Financial close date flag | E70: =E37 -> Flag | F70: =F37 -> 1 | G70: =G37 -> 1 | H70: =H37 -> 0 | I70: =I37 -> 0 | J70: =J37 -> 0 | K70: =K37 -> 0 | L70: =L37 -> 0 | ... AN70: =AN37 -> 0
C71: =Flags!C53 -> Flag de operação | E71: =Flags!E53 -> Flag | F71: =Flags!F53 -> 29 | G71: =G50 -> 0 | H71: =H50 -> 1 | I71: =I50 -> 1 | J71: =J50 -> 1 | K71: =K50 -> 1 | L71: =L50 -> 1 | M71: =M50 -> 1 | N71: =N50 -> 1 | ... AN71: =AN50 -> 0
C72: Cons + Ops Flag | E72: Flag | F72: =SUM(G72:AO72) -> 30 | G72: =IF(SUM(G70:G71)=0,0,1) -> 1 | H72: =IF(SUM(H70:H71)=0,0,1) -> 1 | I72: =IF(SUM(I70:I71)=0,0,1) -> 1 | J72: =IF(SUM(J70:J71)=0,0,1) -> 1 | K72: =IF(SUM(K70:K71)=0,0,1) -> 1 | L72: =IF(SUM(L70:L71)=0,0,1) -> 1 | M72: =IF(SUM(M70:M71)=0,0,1) -> 1 | N72: =IF(SUM(N70:N71)=0,0,1) -> 1 | ... AN72: =IF(SUM(AN70:AN71)=0,0,1) -> 0
C75: Timeline
C78: =C37 -> Financial close date flag | E78: =E37 -> Flag | F78: =SUM(G78:AO78) -> 1 | G78: =G37 -> 1 | H78: =H37 -> 0 | I78: =I37 -> 0 | J78: =J37 -> 0 | K78: =K37 -> 0 | L78: =L37 -> 0 | M78: =M37 -> 0 | N78: =N37 -> 0 | ... AN78: =AN37 -> 0
C79: =C50 -> Flag de operação | E79: =E50 -> Flag | F79: =SUM(G79:AO79) -> 29 | G79: =G50 -> 0 | H79: =H50 -> 1 | I79: =I50 -> 1 | J79: =J50 -> 1 | K79: =K50 -> 1 | L79: =L50 -> 1 | M79: =M50 -> 1 | N79: =N50 -> 1 | ... AN79: =AN50 -> 0
C80: =C59 -> Flag último dia de operação | E80: =E59 -> Flag | F80: =SUM(G80:AO80) -> 1 | G80: =G59 -> 0 | H80: =H59 -> 0 | I80: =I59 -> 0 | J80: =J59 -> 0 | K80: =K59 -> 0 | L80: =L59 -> 0 | M80: =M59 -> 0 | N80: =N59 -> 0 | ... AN80: =AN59 -> 0
C81: =C63 -> 1º dia após fim da operação | E81: =E63 -> Flag | F81: =SUM(G81:AO81) -> 1 | G81: =G63 -> 0 | H81: =H63 -> 0 | I81: =I63 -> 0 | J81: =J63 -> 0 | K81: =K63 -> 0 | L81: =L63 -> 0 | M81: =M63 -> 0 | N81: =N63 -> 0 | ... AN81: =AN63 -> 0
C82: =C67 -> Flag pós operações | E82: =E67 -> Flag | F82: =SUM(G82:AO82) -> 4 | G82: =G67 -> 0 | H82: =H67 -> 0 | I82: =I67 -> 0 | J82: =J67 -> 0 | K82: =K67 -> 0 | L82: =L67 -> 0 | M82: =M67 -> 0 | N82: =N67 -> 0 | ... AN82: =AN67 -> 1
C83: Counter | E83: =E68 -> 0 | F83: =SUM(G83:AO83) -> 34 | G83: =IF(SUM(G78:G82)>=1,1,0) -> 1 | H83: =IF(SUM(H78:H82)>=1,1,0) -> 1 | I83: =IF(SUM(I78:I82)>=1,1,0) -> 1 | J83: =IF(SUM(J78:J82)>=1,1,0) -> 1 | K83: =IF(SUM(K78:K82)>=1,1,0) -> 1 | L83: =IF(SUM(L78:L82)>=1,1,0) -> 1 | M83: =IF(SUM(M78:M82)>=1,1,0) -> 1 | N83: =IF(SUM(N78:N82)>=1,1,0) -> 1 | ... AN83: =IF(SUM(AN78:AN82)>=1,1,0) -> 1
C85: FC / Invest
C86: Invest
C87: Invest/Delay
C88: Ops
C89: Post Ops.
C90: Timeline | G90: =IF(SUM(G80:G83)>1,$C$89,$C$88) -> Ops | H90: =IF(SUM(H80:H83)>1,$C$89,$C$88) -> Ops | I90: =IF(SUM(I80:I83)>1,$C$89,$C$88) -> Ops | J90: =IF(SUM(J80:J83)>1,$C$89,$C$88) -> Ops | K90: =IF(SUM(K80:K83)>1,$C$89,$C$88) -> Ops | L90: =IF(SUM(L80:L83)>1,$C$89,$C$88) -> Ops | M90: =IF(SUM(M80:M83)>1,$C$89,$C$88) -> Ops | N90: =IF(SUM(N80:N83)>1,$C$89,$C$88) -> Ops | ... AI90: =IF(SUM(AI80:AI83)>1,$C$89,$C$88) -> Ops | AJ90: =IF(SUM(AJ79)>1,$C$89,$C$88) -> Ops | AK90: =IF(SUM(AK80:AK83)>1,$C$89,$C$88) -> Post Ops. | AL90: =IF(SUM(AL80:AL83)>1,$C$89,$C$88) -> Post Ops. | AM90: =IF(SUM(AM80:AM83)>1,$C$89,$C$88) -> Post Ops. | AN90: =IF(SUM(AN80:AN83)>1,$C$89,$C$88) -> Post Ops.

Sheet Sensitivity
D4: ="Aumento "&Inputs!F19&" na Tarifa com base na taxa de desconto de "&ROUND(Summary!D52,4)*100&"% a.a." -> Aumento Real na Tarifa com base na taxa de desconto de 10,79% a.a.
D5: OPEX
D6: CAPEX | E6: =Aumento_real -> 0.4035 | F6: =G6-5% -> -0.15 | G6: =H6-5% -> -0.1 | H6: =I6-5% -> -0.05 | I6: 0 | J6: 0.05 | K6: =J6+5% -> 0.1 | L6: =K6+5% -> 0.15
E7: =E8-5% -> -0.15 | F7: -0.17679711 | G7: -0.13002207 | H7: -0.088271177 | I7: -0.040485308 | J7: 0.027614165 | K7: 0.10401725 | L7: 0.18482227
E8: =E9-5% -> -0.1 | F8: -0.16055046 | G8: -0.11451361 | H8: -0.072485658 | I8: -0.026263182 | J8: 0.038809219 | K8: 0.11442918 | L8: 0.19505723
E9: =E10-5% -> -0.05 | F9: -0.14445279 | G9: -0.098685097 | H9: -0.057025348 | I9: -0.01297016 | J9: 0.050019303 | K9: 0.12488467 | L9: 0.20527821
E10: 0 | F10: -0.12891616 | G10: -0.082854247 | H10: -0.041664587 | I10: 0.00052632745 | J10: 0.061348912 | K10: 0.13544604 | L10: 0.21550294
E11: =E10+5% -> 0.05 | F11: -0.11306276 | G11: -0.067022431 | H11: -0.026213098 | I11: 0.014388366 | J11: 0.072784261 | K11: 0.14612236 | L11: 0.22573745
E12: =E11+5% -> 0.1 | F12: -0.097211686 | G12: -0.049929638 | H12: -0.010656377 | I12: 0.028694746 | J12: 0.084303764 | K12: 0.15681 | L12: 0.23602229
E13: =E12+5% -> 0.15 | F13: -0.081363515 | G13: -0.034356251 | H13: 0.0049983009 | I13: 0.043133508 | J13: 0.096433091 | K13: 0.16909792 | L13: 0.24630265
E15: CAPEX | F15: 0 | H15: OPEX | I15: 0
D17: Cenário Live | E17: 5 | G17: Sensibilidade -TIR | H17: 1 | I17: =H17+1 -> 2 | J17: =I17+1 -> 3 | K17: =J17+1 -> 4 | L17: =K17+1 -> 5
D18: =Inputs!C330 -> TIR Meta | E18: {=INDEX(H18:$L$23,,$E$17)} -> 0.1079 | G18: =Inputs!C330 -> TIR Meta | H18: =I18-0.5% -> 0.0879 | I18: =J18-0.5% -> 0.0929 | J18: =K18-0.5% -> 0.0979 | K18: =L18-0.5% -> 0.1029 | L18: 0.1079
E19: 0
E20: 0
E21: 0
E22: 0
E23: 0
G26: Cenário | H26: TIR Meta | I26: Aumento real necessário na tarifa
G27: =E17 -> 5 | H27: =E18 -> 0.1079 | I27: =Aumento_real -> 0.4035
F28: 1 | G28: 1 | H28: =H18 -> 0.0879 | I28: 0.27524785
F29: =F28+1 -> 2 | G29: 2 | H29: =I18 -> 0.0929 | I29: 0.29507839
F30: =F29+1 -> 3 | G30: 3 | H30: =J18 -> 0.0979 | I30: 0.31490893
F31: =F30+1 -> 4 | G31: 4 | H31: =K18 -> 0.1029 | I31: 0.33473946
F32: =F31+1 -> 5 | G32: 5 | H32: =L18 -> 0.1079 | I32: 0.35457
F35: Scenario Max
F36: =MAX(F28:F32) -> 5

Sheet Macro
A1: MACROS EXCEL
B6: IFRIC 12 | D6: Calculated | E6: Applied | F6: Delta
B7: Project IRR | D7: =E11 -> 0.10790613 | E7: 0.10031055 | F7: =E7-D7 -> -0.0075955868
E8: Total delta | F8: =ROUND(SUM(F7:F7),0) -> 0
B10: TIR meta | D10: Calculated | E10: Applied | F10: Delta
B11: Project IRR | D11: =TIR_meta -> 0.1079 | E11: =Project_IRR -> 0.10790613 | F11: =E11-D11 -> 6.1329365e-06
E12: Total delta | F12: =SUM(F11:F11) -> 6.1329365e-06
E14: Macro Run | F14: 1
E15: Macro_Precision | F15: 1e-05
E16: Ramp-up | F16: 1

Sheet SETUP
A1: SETUP
C3: Constantes
C4: Gerais
C5: Nome_Modelo | E5: MEF_PMI_Resíduos_Xanxerê
C6: Período do modelo | E6: Anual
C8: Números
C9: Days_yr | E9: 365
C10: Months_yr | E10: 12
C11: Months_halfyr | E11: 6
C12: Qtrs_yr | E12: 4
C13: Months_qtr | E13: 2.83
C14: Days_months | E14: 31
C16: Million | E16: 1000000
C17: Thousand | E17: 1000
C18: Small_num | E18: 1e-06
C20: Time
C21: Monthly | E21: 1
C22: Quarthly | E22: 3
C23: Half Year | E23: 6
C24: Year | E24: 12
C26: Debt
C27: PRICE | E27: 1
C28: SAC | E28: 2
C29: Sculpted | E29: 3

Sheet CHECKS
A1: CHECKS
C3: Alertas
C4: Indica atenção no modelo - riscos
E5: Resultado | F5: Alerta
C6: DSCR abaixo do covenant | D6: Alert / OK | E6: =Debt!D377 -> 0 | F6: =E6 -> 0
C7: Caixa negativo | D7: Alert / OK | E7: =SUM(DFs!G89:AO89) -> 0 | F7: =E7 -> 0
C8: DSCR abaixo default | D8: Alert / OK | E8: =Debt!D384 -> 0 | F8: =E8 -> 0
C9: Master check | E9: Aleta | F9: =SUM(F6:F8) -> 0
C11: Erros
C12: Indica erro no modelo - falha | E12: Resultado | F12: Erro
C13: Check Balanço | D13: Warning / OK | E13: =DFs!F193 -> 0 | F13: =E13 -> 0
C14: Macro IFRIC 12 | D14: Warning / OK | E14: =IFRIC12_Check -> 0 | F14: =E14 -> 0
C15: Master check | E15: Erro | F15: =SUM(F13:F14) -> 0

Sheet Suporte Cliente ->
C2: Suporte - Cliente
C4: Aviso
C5: Notas:
C6: Informações base de CAPEX e OPEX fornecidas pelo cliente para subsidiar o desenvolvimento do modelo econômico-financeiro.

Sheet CAPEX
C2: =C7/$AH$7 -> 0.14034285 | D2: =D7/$AH$7 -> 0.019178213 | E2: =E7/$AH$7 -> 0.022708498 | F2: =F7/$AH$7 -> 0.0051742957 | G2: =G7/$AH$7 -> 0.0099399188 | H2: =H7/$AH$7 -> 0.16027711 | I2: =I7/$AH$7 -> 0.0031467308 | J2: =J7/$AH$7 -> 0.10666264 | ... AF2: =AF7/$AH$7 -> 0.00082583281
B3: PRAZO | C3: 1 | D3: 1 | E3: 1 | F3: 1 | G3: 1 | H3: 1 | I3: 1 | J3: 1 | K3: 1 | L3: 1 | M3: 1 | N3: 1 | O3: 1 | P3: 1 | Q3: 1 | R3: 1 | S3: 1 | T3: 1 | U3: 1 | V3: 1 | W3: 1 | X3: 1 | Y3: 1 | Z3: 1 | AA3: 1 | AB3: 1 | AC3: 1 | AD3: 1 | AE3: 1 | AF3: 1
B5: ANO | C5: 1 | D5: =C5+1 -> 2 | E5: =D5+1 -> 3 | F5: =E5+1 -> 4 | G5: =F5+1 -> 5 | H5: =G5+1 -> 6 | I5: =H5+1 -> 7 | J5: =I5+1 -> 8 | K5: =J5+1 -> 9 | ... AF5: =AE5+1 -> 30 | AH5: TOTAL
B7: CAPEX TOTAL | C7: =SUM(C9,C31,C44,C53,C62,C75,C92,C108,C183,C189,C210,C219) -> 10775.031 | D7: =SUM(D9,D31,D44,D53,D62,D75,D92,D108,D183,D189,D210,D219) -> 1472.4358 | E7: =SUM(E9,E31,E44,E53,E62,E75,E92,E108,E183,E189,E210,E219) -> 1743.4787 | F7: =SUM(F9,F31,F44,F53,F62,F75,F92,F108,F183,F189,F210,F219) -> 397.26424 | G7: =SUM(G9,G31,G44,G53,G62,G75,G92,G108,G183,G189,G210,G219) -> 763.15204 | H7: =SUM(H9,H31,H44,H53,H62,H75,H92,H108,H183,H189,H210,H219) -> 12305.513 | I7: =SUM(I9,I31,I44,I53,I62,I75,I92,I108,I183,I189,I210,I219) -> 241.59493 | J7: =SUM(J9,J31,J44,J53,J62,J75,J92,J108,J183,J189,J210,J219) -> 8189.1826 | ... AF7: =SUM(AF9,AF31,AF44,AF53,AF62,AF75,AF92,AF108,AF183,AF189,AF210,AF219) -> 63.404542 | AH7: =SUM(C7:AF7) -> 76776.486 | AI7: =AH7*1000 -> 76776486 | AJ7: =AI7*0.1 -> 7677648.6
AI8: 76101522 | AJ8: =AJ7/2 -> 3838824.3
B9: COLETA MANUAL E CONTEINERIZADA RSC | C9: =SUM(C10,C14,C21) -> 4510.7924 | D9: =SUM(D10,D14,D21) -> 0 | E9: =SUM(E10,E14,E21) -> 713.825 | F9: =SUM(F10,F14,F21) -> 0 | G9: =SUM(G10,G14,G21) -> 713.825 | H9: =SUM(H10,H14,H21) -> 30 | I9: =SUM(I10,I14,I21) -> 0 | J9: =SUM(J10,J14,J21) -> 4459.6324 | ... AF9: =SUM(AF10,AF14,AF21) -> 0 | AH9: =SUM(C9:AF9) -> 28252.242 | AI9: Ok
B10: Estudos | C10: =C11/10^3 -> 30 | D10: =D11/10^3 -> 0 | E10: =E11/10^3 -> 0 | F10: =F11/10^3 -> 0 | G10: =G11/10^3 -> 0 | H10: =H11/10^3 -> 30 | I10: =I11/10^3 -> 0 | J10: =J11/10^3 -> 0 | ... AF10: =AF11/10^3 -> 0 | AH10: =SUM(C10:AF10) -> 180
B11: Estudo de composição gravimétrica | C11: =C12*C13 -> 30000 | D11: =D12*D13 -> 0 | E11: =E12*E13 -> 0 | F11: =F12*F13 -> 0 | G11: =G12*G13 -> 0 | H11: =H12*H13 -> 30000 | I11: =I12*I13 -> 0 | J11: =J12*J13 -> 0 | ... AF11: =AF12*AF13 -> 0
B12: Quantidade | C12: 1 | D12: 0 | E12: 0 | F12: 0 | G12: 0 | H12: 1 | I12: 0 | J12: 0 | K12: 0 | L12: 0 | M12: 1 | N12: 0 | O12: 0 | P12: 0 | Q12: 0 | R12: 1 | S12: 0 | T12: 0 | U12: 0 | V12: 0 | W12: 1 | X12: 0 | Y12: 0 | Z12: 0 | AA12: 0 | AB12: 1 | AC12: 0 | AD12: 0 | AE12: 0 | AF12: 0
B13: Valor | C13: =Insumos!$E$23 -> 30000 | D13: =C13 -> 30000 | E13: =D13 -> 30000 | F13: =E13 -> 30000 | G13: =F13 -> 30000 | H13: =G13 -> 30000 | I13: =H13 -> 30000 | J13: =I13 -> 30000 | K13: =J13 -> 30000 | ... AF13: =AE13 -> 30000
B14: Veículos | C14: =SUM(C15,C18)/10^3 -> 4424.8906 | D14: =SUM(D15,D18)/10^3 -> 0 | E14: =SUM(E15,E18)/10^3 -> 0 | F14: =SUM(F15,F18)/10^3 -> 0 | G14: =SUM(G15,G18)/10^3 -> 0 | H14: =SUM(H15,H18)/10^3 -> 0 | I14: =SUM(I15,I18)/10^3 -> 0 | J14: =SUM(J15,J18)/10^3 -> 4403.7306 | ... AF14: =SUM(AF15,AF18)/10^3 -> 0 | AH14: =SUM(C14:AF14) -> 22082.133
B15: Caminhão compactador de 15 m³ | C15: =C16*C17 -> 4403730.5 | D15: =D16*D17 -> 0 | E15: =E16*E17 -> 0 | F15: =F16*F17 -> 0 | G15: =G16*G17 -> 0 | H15: =H16*H17 -> 0 | I15: =I16*I17 -> 0 | J15: =J16*J17 -> 4403730.5 | ... AF15: =AF16*AF17 -> 0
B16: Quantidade | C16: 5 | D16: 0 | E16: 0 | F16: 0 | G16: 0 | H16: 0 | I16: 0 | J16: 5 | K16: 0 | L16: 0 | M16: 0 | N16: 0 | O16: 0 | P16: 0 | Q16: 5 | R16: 0 | S16: 0 | T16: 0 | U16: 0 | V16: 0 | W16: 0 | X16: 5 | Y16: 0 | Z16: 0 | AA16: 0 | AB16: 0 | AC16: 0 | AD16: 0 | AE16: 5 | AF16: 0 | AG16: 5
B17: Custo de Aquisicao | C17: =Insumos!$E$15+Insumos!$E$18 -> 880746.11 | D17: =C17 -> 880746.11 | E17: =D17 -> 880746.11 | F17: =E17 -> 880746.11 | G17: =F17 -> 880746.11 | H17: =G17 -> 880746.11 | I17: =H17 -> 880746.11 | J17: =I17 -> 880746.11 | K17: =J17 -> 880746.11 | ... AF17: =AE17 -> 880746.11
B18: Moto | C18: =C19*C20 -> 21160 | D18: =D19*D20 -> 0 | E18: =E19*E20 -> 0 | F18: =F19*F20 -> 0 | G18: =G19*G20 -> 0 | H18: =H19*H20 -> 0 | I18: =I19*I20 -> 0 | J18: =J19*J20 -> 0 | ... AF18: =AF19*AF20 -> 0
B19: Quantidade | C19: 1 | D19: 0 | E19: 0 | F19: 0 | G19: 0 | H19: 0 | I19: 0 | J19: 0 | K19: 0 | L19: 0 | M19: 1 | N19: 0 | O19: 0 | P19: 0 | Q19: 0 | R19: 0 | S19: 0 | T19: 0 | U19: 0 | V19: 0 | W19: 1 | X19: 0 | Y19: 0 | Z19: 0 | AA19: 0 | AB19: 0 | AC19: 0 | AD19: 0 | AE19: 0 | AF19: 0
B20: Custo de Aquisicao | C20: =Insumos!$E$26 -> 21160 | D20: =C20 -> 21160 | E20: =D20 -> 21160 | F20: =E20 -> 21160 | G20: =F20 -> 21160 | H20: =G20 -> 21160 | I20: =H20 -> 21160 | J20: =I20 -> 21160 | K20: =J20 -> 21160 | ... AF20: =AE20 -> 21160
B21: Adicionais | C21: =((C22*C23)+(C24*C25)+(C26*C27)+(C28*C29))/10^3 -> 55.90184 | D21: =((D22*D23)+(D24*D25)+(D26*D27)+(D28*D29))/10^3 -> 0 | E21: =((E22*E23)+(E24*E25)+(E26*E27)+(E28*E29))/10^3 -> 713.825 | F21: =((F22*F23)+(F24*F25)+(F26*F27)+(F28*F29))/10^3 -> 0 | G21: =((G22*G23)+(G24*G25)+(G26*G27)+(G28*G29))/10^3 -> 713.825 | H21: =((H22*H23)+(H24*H25)+(H26*H27)+(H28*H29))/10^3 -> 0 | I21: =((I22*I23)+(I24*I25)+(I26*I27)+(I28*I29))/10^3 -> 0 | J21: =((J22*J23)+(J24*J25)+(J26*J27)+(J28*J29))/10^3 -> 55.90184 | ... AF21: =((AF22*AF23)+(AF24*AF25)+(AF26*AF27)+(AF28*AF29))/10^3 -> 0 | AH21: =SUM(C21:AF21) -> 5990.1092
B22: Quantidade | C22: =C16+C28 -> 5 | D22: =D16+D28 -> 0 | E22: =E16+E28 -> 5 | F22: =F16+F28 -> 0 | G22: =G16+G28 -> 5 | H22: =H16+H28 -> 0 | I22: =I16+I28 -> 0 | J22: =J16+J28 -> 5 | ... AF22: =AF16+AF28 -> 0
B23: Custo Identificação visual (adesivo) | C23: =Insumos!$E$10 -> 2765 | D23: =C23 -> 2765 | E23: =D23 -> 2765 | F23: =E23 -> 2765 | G23: =F23 -> 2765 | H23: =G23 -> 2765 | I23: =H23 -> 2765 | J23: =I23 -> 2765 | K23: =J23 -> 2765 | ... AF23: =AE23 -> 2765
B24: Quantidade | C24: 2 | D24: 0 | E24: 0 | F24: 0 | G24: 0 | H24: 0 | I24: 0 | J24: 2 | K24: 0 | L24: 0 | M24: 0 | N24: 0 | O24: 0 | P24: 0 | Q24: 2 | R24: 0 | S24: 0 | T24: 0 | U24: 0 | V24: 0 | W24: 0 | X24: 2 | Y24: 0 | Z24: 0 | AA24: 0 | AB24: 0 | AC24: 0 | AD24: 0 | AE24: 2 | AF24: 0
B25: Comando de Elevação para o Compactador | C25: =Insumos!$E$19 -> 13808.42 | D25: =C25 -> 13808.42 | E25: =D25 -> 13808.42 | F25: =E25 -> 13808.42 | G25: =F25 -> 13808.42 | H25: =G25 -> 13808.42 | I25: =H25 -> 13808.42 | J25: =I25 -> 13808.42 | K25: =J25 -> 13808.42 | ... AF25: =AE25 -> 13808.42
B26: Quantidade | C26: =C16 -> 5 | D26: =D16 -> 0 | E26: =E16 -> 0 | F26: =F16 -> 0 | G26: =G16 -> 0 | H26: =H16 -> 0 | I26: =I16 -> 0 | J26: =J16 -> 5 | ... AF26: =AF16 -> 0
B27: Sistema de supervisão embarcada | C27: =Insumos!$E$32 -> 2892 | D27: =C27 -> 2892 | E27: =D27 -> 2892 | F27: =E27 -> 2892 | G27: =F27 -> 2892 | H27: =G27 -> 2892 | I27: =H27 -> 2892 | J27: =I27 -> 2892 | K27: =J27 -> 2892 | ... AF27: =AE27 -> 2892
B28: Quantidade | C28: 0 | D28: 0 | E28: 5 | F28: 0 | G28: 5 | H28: 0 | I28: 0 | J28: 0 | K28: 0 | L28: 5 | M28: 0 | N28: 5 | O28: 0 | P28: 0 | Q28: 0 | R28: 0 | S28: 5 | T28: 0 | U28: 5 | V28: 0 | W28: 0 | X28: 0 | Y28: 0 | Z28: 5 | AA28: 0 | AB28: 5 | AC28: 0 | AD28: 0 | AE28: 0 | AF28: 0
B29: Reforma Caminhão Compactador | C29: =Insumos!$E$30 -> 140000 | D29: =C29 -> 140000 | E29: =D29 -> 140000 | F29: =E29 -> 140000 | G29: =F29 -> 140000 | H29: =G29 -> 140000 | I29: =H29 -> 140000 | J29: =I29 -> 140000 | K29: =J29 -> 140000 | ... AF29: =AE29 -> 140000
B31: COLETA DE MATERIAIS RECICLÁVEIS | C31: =SUM(C32,C36) -> 1772.8062 | D31: =SUM(D32,D36) -> 0 | E31: =SUM(E32,E36) -> 0 | F31: =SUM(F32,F36) -> 285.53 | G31: =SUM(G32,G36) -> 0 | H31: =SUM(H32,H36) -> 0 | I31: =SUM(I32,I36) -> 0 | J31: =SUM(J32,J36) -> 1772.8062 | ... AF31: =SUM(AF32,AF36) -> 0 | AH31: =SUM(C31:AF31) -> 10006.151 | AI31: Ok
B32: Veículos | C32: =SUM(C33)/10^3 -> 1761.4922 | D32: =SUM(D33)/10^3 -> 0 | E32: =SUM(E33)/10^3 -> 0 | F32: =SUM(F33)/10^3 -> 0 | G32: =SUM(G33)/10^3 -> 0 | H32: =SUM(H33)/10^3 -> 0 | I32: =SUM(I33)/10^3 -> 0 | J32: =SUM(J33)/10^3 -> 1761.4922 | ... AF32: =SUM(AF33)/10^3 -> 0 | AH32: =SUM(C32:AF32) -> 8807.4611
B33: Caminhão compactador de 15 m³ | C33: =C34*C35 -> 1761492.2 | D33: =D34*D35 -> 0 | E33: =E34*E35 -> 0 | F33: =F34*F35 -> 0 | G33: =G34*G35 -> 0 | H33: =H34*H35 -> 0 | I33: =I34*I35 -> 0 | J33: =J34*J35 -> 1761492.2 | ... AF33: =AF34*AF35 -> 0
B34: Quantidade | C34: 2 | D34: 0 | E34: 0 | F34: 0 | G34: 0 | H34: 0 | I34: 0 | J34: 2 | K34: 0 | L34: 0 | M34: 0 | N34: 0 | O34: 0 | P34: 0 | Q34: 2 | R34: 0 | S34: 0 | T34: 0 | U34: 0 | V34: 0 | W34: 0 | X34: 2 | Y34: 0 | Z34: 0 | AA34: 0 | AB34: 0 | AC34: 0 | AD34: 2 | AE34: 0 | AF34: 0
B35: Custo de Aquisicao | C35: =Insumos!$E$15+Insumos!$E$18 -> 880746.11 | D35: =C35 -> 880746.11 | E35: =D35 -> 880746.11 | F35: =E35 -> 880746.11 | G35: =F35 -> 880746.11 | H35: =G35 -> 880746.11 | I35: =H35 -> 880746.11 | J35: =I35 -> 880746.11 | K35: =J35 -> 880746.11 | ... AF35: =AE35 -> 880746.11
B36: Adicionais | C36: =((C37*C38)+(C39*C40)+(C41*C42))/10^3 -> 11.314 | D36: =((D37*D38)+(D39*D40)+(D41*D42))/10^3 -> 0 | E36: =((E37*E38)+(E39*E40)+(E41*E42))/10^3 -> 0 | F36: =((F37*F38)+(F39*F40)+(F41*F42))/10^3 -> 285.53 | G36: =((G37*G38)+(G39*G40)+(G41*G42))/10^3 -> 0 | H36: =((H37*H38)+(H39*H40)+(H41*H42))/10^3 -> 0 | I36: =((I37*I38)+(I39*I40)+(I41*I42))/10^3 -> 0 | J36: =((J37*J38)+(J39*J40)+(J41*J42))/10^3 -> 11.314 | ... AF36: =((AF37*AF38)+(AF39*AF40)+(AF41*AF42))/10^3 -> 0 | AH36: =SUM(C36:AF36) -> 1198.69
B37: Quantidade | C37: =C34+C41 -> 2 | D37: =D34+D41 -> 0 | E37: =E34+E41 -> 0 | F37: =F34+F41 -> 2 | G37: =G34+G41 -> 0 | H37: =H34+H41 -> 0 | I37: =I34+I41 -> 0 | J37: =J34+J41 -> 2 | ... AF37: =AF34+AF41 -> 0 | AG37: #REF!
B38: Custo Identificação visual (adesivo) - Compactador | C38: =Insumos!$E$10 -> 2765 | D38: =C38 -> 2765 | E38: =D38 -> 2765 | F38: =E38 -> 2765 | G38: =F38 -> 2765 | H38: =G38 -> 2765 | I38: =H38 -> 2765 | J38: =I38 -> 2765 | K38: =J38 -> 2765 | ... AF38: =AE38 -> 2765
B39: Quantidade | C39: =C34 -> 2 | D39: =D34 -> 0 | E39: =E34 -> 0 | F39: =F34 -> 0 | G39: =G34 -> 0 | H39: =H34 -> 0 | I39: =I34 -> 0 | J39: =J34 -> 2 | ... AF39: =AF34 -> 0
B40: Sistema de supervisão embarcada | C40: =Insumos!$E$32 -> 2892 | D40: =C40 -> 2892 | E40: =D40 -> 2892 | F40: =E40 -> 2892 | G40: =F40 -> 2892 | H40: =G40 -> 2892 | I40: =H40 -> 2892 | J40: =I40 -> 2892 | K40: =J40 -> 2892 | ... AF40: =AE40 -> 2892
B41: Quantidade | C41: 0 | D41: 0 | E41: 0 | F41: =C34 -> 2 | G41: =D34 -> 0 | H41: =E34 -> 0 | I41: =F34 -> 0 | J41: =G34 -> 0 | K41: =H34 -> 0 | L41: =I34 -> 0 | M41: =J34 -> 2 | ... AF41: =AC34 -> 0
B42: Reforma Caminhão Compactador | C42: =Insumos!$E$30 -> 140000 | D42: =C42 -> 140000 | E42: =D42 -> 140000 | F42: =E42 -> 140000 | G42: =F42 -> 140000 | H42: =G42 -> 140000 | I42: =H42 -> 140000 | J42: =I42 -> 140000 | K42: =J42 -> 140000 | ... AF42: =AE42 -> 140000
B44: TRANSPORTE E DESTINAÇÃO FINAL - RESÍDUOS PEVS | C44: =C45+C49 -> 0 | D44: =D45+D49 -> 0 | E44: =E45+E49 -> 651.48476 | F44: =F45+F49 -> 0 | G44: =G45+G49 -> 0 | H44: =H45+H49 -> 0 | I44: =I45+I49 -> 0 | J44: =J45+J49 -> 0 | ... AF44: =AF45+AF49 -> 0 | AH44: =SUM(C44:AF44) -> 1954.4543 | AI44: Ok
B45: Veículos | C45: =SUM(C46)/10^3 -> 0 | D45: =SUM(D46)/10^3 -> 0 | E45: =SUM(E46)/10^3 -> 648.71976 | F45: =SUM(F46)/10^3 -> 0 | G45: =SUM(G46)/10^3 -> 0 | H45: =SUM(H46)/10^3 -> 0 | I45: =SUM(I46)/10^3 -> 0 | J45: =SUM(J46)/10^3 -> 0 | ... AF45: =SUM(AF46)/10^3 -> 0 | AH45: =SUM(C45:AF45) -> 1946.1593
B46: Caminhão poliguindaste | C46: =C47*C48 -> 0 | D46: =D47*D48 -> 0 | E46: =E47*E48 -> 648719.76 | F46: =F47*F48 -> 0 | G46: 0 | H46: =H47*H48 -> 0 | I46: =I47*I48 -> 0 | J46: =J47*J48 -> 0 | K46: =K47*K48 -> 0 | L46: =L47*L48 -> 0 | M46: =M47*M48 -> 0 | N46: =N47*N48 -> 0 | O46: =O47*O48 -> 648719.76 | ... Z46: =Z47*Z48 -> 0 | AA46: 0 | AB46: =AB47*AB48 -> 0 | AC46: =AC47*AC48 -> 0 | AD46: =AD47*AD48 -> 0 | AE46: =AE47*AE48 -> 0 | AF46: =AF47*AF48 -> 0
B47: Quantidade | C47: 0 | D47: 0 | E47: 1 | F47: 0 | G47: 0 | H47: 0 | I47: 0 | J47: 0 | K47: 0 | L47: 0 | M47: 0 | N47: 0 | O47: 1 | P47: 0 | Q47: 0 | R47: 0 | S47: 0 | T47: 0 | U47: 0 | V47: 0 | W47: 0 | X47: 0 | Y47: 1 | Z47: 0 | AA47: 0 | AB47: 0 | AC47: 0 | AD47: 0 | AE47: 0 | AF47: 0
B48: Custo de Aquisicao | C48: =Insumos!$E$15+Insumos!$E$28 -> 648719.76 | D48: =C48 -> 648719.76 | E48: =D48 -> 648719.76 | F48: =E48 -> 648719.76 | G48: =F48 -> 648719.76 | H48: =G48 -> 648719.76 | I48: =H48 -> 648719.76 | J48: =I48 -> 648719.76 | K48: =J48 -> 648719.76 | ... AF48: =AE48 -> 648719.76
B49: Adicionais | C49: =(C50*C51)/10^3 -> 0 | D49: =(D50*D51)/10^3 -> 0 | E49: =(E50*E51)/10^3 -> 2.765 | F49: =(F50*F51)/10^3 -> 0 | G49: =(G50*G51)/10^3 -> 0 | H49: =(H50*H51)/10^3 -> 0 | I49: =(I50*I51)/10^3 -> 0 | J49: =(J50*J51)/10^3 -> 0 | ... AF49: =(AF50*AF51)/10^3 -> 0 | AH49: =SUM(C49:AF49) -> 8.295
B50: Quantidade | C50: =C47 -> 0 | D50: =D47 -> 0 | E50: =E47 -> 1 | F50: =F47 -> 0 | G50: =G47 -> 0 | H50: =H47 -> 0 | I50: =I47 -> 0 | J50: =J47 -> 0 | ... AF50: =AF47 -> 0 | AG50: 0
B51: Custo Identificação visual (adesivo) - Poliguindaste | C51: =Insumos!$E$10 -> 2765 | D51: =C51 -> 2765 | E51: =D51 -> 2765 | F51: =E51 -> 2765 | G51: =F51 -> 2765 | H51: =G51 -> 2765 | I51: =H51 -> 2765 | J51: =I51 -> 2765 | K51: =J51 -> 2765 | ... AF51: =AE51 -> 2765
B53: COLETA PROGRAMADA DE VOLUMOSOS | C53: =SUM(C54,C58) -> 1904.7017 | D53: =SUM(D54,D58) -> 0 | E53: =SUM(E54,E58) -> 0 | F53: =SUM(F54,F58) -> 0 | G53: =SUM(G54,G58) -> 0 | H53: =SUM(H54,H58) -> 0 | I53: =SUM(I54,I58) -> 0 | J53: =SUM(J54,J58) -> 1904.7017 | ... AF53: =SUM(AF54,AF58) -> 0 | AH53: =SUM(C53:AF53) -> 9523.5085 | AI53: Ok
B54: Veículos | C54: =SUM(C55)/10^3 -> 1899.1717 | D54: =SUM(D55)/10^3 -> 0 | E54: =SUM(E55)/10^3 -> 0 | F54: =SUM(F55)/10^3 -> 0 | G54: =SUM(G55)/10^3 -> 0 | H54: =SUM(H55)/10^3 -> 0 | I54: =SUM(I55)/10^3 -> 0 | J54: =SUM(J55)/10^3 -> 1899.1717 | ... AF54: =SUM(AF55)/10^3 -> 0 | AH54: =SUM(C54:AF54) -> 9495.8585
B55: Caminhão carroceria 25 m³ com implemento garra | C55: =C56*C57 -> 1899171.7 | D55: =D56*D57 -> 0 | E55: =E56*E57 -> 0 | F55: =F56*F57 -> 0 | G55: =G56*G57 -> 0 | H55: =H56*H57 -> 0 | I55: =I56*I57 -> 0 | J55: =J56*J57 -> 1899171.7 | ... AF55: =AF56*AF57 -> 0
B56: Quantidade | C56: 2 | D56: 0 | E56: 0 | F56: 0 | G56: 0 | H56: 0 | I56: 0 | J56: 2 | K56: 0 | L56: 0 | M56: 0 | N56: 0 | O56: 0 | P56: 0 | Q56: 2 | R56: 0 | S56: 0 | T56: 0 | U56: 0 | V56: 0 | W56: 0 | X56: 2 | Y56: 0 | Z56: 0 | AA56: 0 | AB56: 0 | AC56: 0 | AD56: 0 | AE56: 2 | AF56: 0
B57: Custo de Aquisicao | C57: =Insumos!$E$17+Insumos!$E$29+Insumos!$E$13 -> 949585.85 | D57: =C57 -> 949585.85 | E57: =D57 -> 949585.85 | F57: =E57 -> 949585.85 | G57: =F57 -> 949585.85 | H57: =G57 -> 949585.85 | I57: =H57 -> 949585.85 | J57: =I57 -> 949585.85 | K57: =J57 -> 949585.85 | ... AF57: =AE57 -> 949585.85
B58: Adicionais | C58: =(C59*C60)/10^3 -> 5.53 | D58: =(D59*D60)/10^3 -> 0 | E58: =(E59*E60)/10^3 -> 0 | F58: =(F59*F60)/10^3 -> 0 | G58: =(G59*G60)/10^3 -> 0 | H58: =(H59*H60)/10^3 -> 0 | I58: =(I59*I60)/10^3 -> 0 | J58: =(J59*J60)/10^3 -> 5.53 | ... AF58: =(AF59*AF60)/10^3 -> 0 | AH58: =SUM(C58:AF58) -> 27.65
B59: Quantidade | C59: =C56 -> 2 | D59: =D56 -> 0 | E59: =E56 -> 0 | F59: =F56 -> 0 | G59: =G56 -> 0 | H59: =H56 -> 0 | I59: =I56 -> 0 | J59: =J56 -> 2 | ... AF59: =AF56 -> 0 | AG59: =#REF!+AG51 -> #REF!
B60: Custo Identificação visual (adesivo) - Caminhão | C60: =Insumos!$E$10 -> 2765 | D60: =C60 -> 2765 | E60: =D60 -> 2765 | F60: =E60 -> 2765 | G60: =F60 -> 2765 | H60: =G60 -> 2765 | I60: =H60 -> 2765 | J60: =I60 -> 2765 | K60: =J60 -> 2765 | ... AF60: =AE60 -> 2765
B62: VARRIÇÃO MANUAL | C62: =SUM(C63,C67) -> 47.4866 | D62: =SUM(D63,D67) -> 0 | E62: =SUM(E63,E67) -> 0 | F62: =SUM(F63,F67) -> 3.0772 | G62: =SUM(G63,G67) -> 0 | H62: =SUM(H63,H67) -> 23.2494 | I62: =SUM(I63,I67) -> 3.0772 | J62: =SUM(J63,J67) -> 0 | ... AF62: =SUM(AF63,AF67) -> 0 | AH62: =SUM(C62:AF62) -> 236.6058 | AI62: Ok
B63: Veículos | C63: =SUM(C64)/10^3 -> 21.16 | D63: =SUM(D64)/10^3 -> 0 | E63: =SUM(E64)/10^3 -> 0 | F63: =SUM(F64)/10^3 -> 0 | G63: =SUM(G64)/10^3 -> 0 | H63: =SUM(H64)/10^3 -> 0 | I63: =SUM(I64)/10^3 -> 0 | J63: =SUM(J64)/10^3 -> 0 | ... AF63: =SUM(AF64)/10^3 -> 0 | AH63: =SUM(C63:AF63) -> 63.48
B64: Moto | C64: =C65*C66 -> 21160 | D64: =D65*D66 -> 0 | E64: =E65*E66 -> 0 | F64: =F65*F66 -> 0 | G64: =G65*G66 -> 0 | H64: =H65*H66 -> 0 | I64: =I65*I66 -> 0 | J64: =J65*J66 -> 0 | ... AF64: =AF65*AF66 -> 0
B65: Quantidade | C65: 1 | D65: 0 | E65: 0 | F65: 0 | G65: 0 | H65: 0 | I65: 0 | J65: 0 | K65: 0 | L65: 0 | M65: 1 | N65: 0 | O65: 0 | P65: 0 | Q65: 0 | R65: 0 | S65: 0 | T65: 0 | U65: 0 | V65: 0 | W65: 1 | X65: 0 | Y65: 0 | Z65: 0 | AA65: 0 | AB65: 0 | AC65: 0 | AD65: 0 | AE65: 0 | AF65: 0
B66: Custo de Aquisicao | C66: =Insumos!$E$26 -> 21160 | D66: =C66 -> 21160 | E66: =D66 -> 21160 | F66: =E66 -> 21160 | G66: =F66 -> 21160 | H66: =G66 -> 21160 | I66: =H66 -> 21160 | J66: =I66 -> 21160 | K66: =J66 -> 21160 | ... AF66: =AE66 -> 21160
B67: Equipamentos | C67: =(C68+C71)/10^3 -> 26.3266 | D67: =(D68+D71)/10^3 -> 0 | E67: =(E68+E71)/10^3 -> 0 | F67: =(F68+F71)/10^3 -> 3.0772 | G67: =(G68+G71)/10^3 -> 0 | H67: =(H68+H71)/10^3 -> 23.2494 | I67: =(I68+I71)/10^3 -> 3.0772 | J67: =(J68+J71)/10^3 -> 0 | ... AF67: =(AF68+AF71)/10^3 -> 0 | AH67: =SUM(C67:AF67) -> 173.1258
B68: Carrinho lutocar 120 litros | C68: =C69*C70 -> 3077.2 | D68: =D69*D70 -> 0 | E68: =E69*E70 -> 0 | F68: =F69*F70 -> 3077.2 | G68: =G69*G70 -> 0 | H68: =H69*H70 -> 0 | I68: =I69*I70 -> 3077.2 | J68: =J69*J70 -> 0 | ... AF68: =AF69*AF70 -> 0
B69: Quantidade | C69: 14 | D69: 0 | E69: 0 | F69: 14 | G69: 0 | H69: 0 | I69: 14 | J69: 0 | K69: 0 | L69: 15 | M69: 0 | N69: 0 | O69: 15 | P69: 0 | Q69: 0 | R69: 15 | S69: 0 | T69: 0 | U69: 16 | V69: 0 | W69: 0 | X69: 16 | Y69: 0 | Z69: 0 | AA69: 17 | AB69: 0 | AC69: 0 | AD69: 17 | AE69: 0 | AF69: 0
B70: Custo de Aquisicao | C70: =Insumos!$E$24 -> 219.8 | D70: =C70 -> 219.8 | E70: =D70 -> 219.8 | F70: =E70 -> 219.8 | G70: =F70 -> 219.8 | H70: =G70 -> 219.8 | I70: =H70 -> 219.8 | J70: =I70 -> 219.8 | K70: =J70 -> 219.8 | ... AF70: =AE70 -> 219.8
B71: Cesto papeleiro 50 litros (aquisição e reposição) | C71: =C72*C73 -> 23249.4 | D71: =D72*D73 -> 0 | E71: =E72*E73 -> 0 | F71: =F72*F73 -> 0 | G71: =G72*G73 -> 0 | H71: =H72*H73 -> 23249.4 | I71: =I72*I73 -> 0 | J71: =J72*J73 -> 0 | ... AF71: =AF72*AF73 -> 0
B72: Quantidade | C72: 60 | D72: 0 | E72: 0 | F72: 0 | G72: 0 | H72: 60 | I72: 0 | J72: 0 | K72: 0 | L72: 0 | M72: 60 | N72: 0 | O72: 0 | P72: 0 | Q72: 0 | R72: 60 | S72: 0 | T72: 0 | U72: 0 | V72: 0 | W72: 60 | X72: 0 | Y72: 0 | Z72: 0 | AA72: 0 | AB72: 60 | AC72: 0 | AD72: 0 | AE72: 0 | AF72: 0
B73: Custo de Aquisicao | C73: =Insumos!$E$14 -> 387.49 | D73: =C73 -> 387.49 | E73: =D73 -> 387.49 | F73: =E73 -> 387.49 | G73: =F73 -> 387.49 | H73: =G73 -> 387.49 | I73: =H73 -> 387.49 | J73: =I73 -> 387.49 | K73: =J73 -> 387.49 | ... AF73: =AE73 -> 387.49
B75: SERVIÇOS GERAIS | C75: =SUM(C77,C84) -> 415.933 | D75: =SUM(D77,D84) -> 0 | E75: =SUM(E77,E84) -> 0 | F75: =SUM(F77,F84) -> 10.47 | G75: =SUM(G77,G84) -> 0 | H75: =SUM(H77,H84) -> 0 | I75: =SUM(I77,I84) -> 10.47 | J75: =SUM(J77,J84) -> 0 | ... AF75: =SUM(AF77,AF84) -> 0 | AH75: =SUM(C75:AF75) -> 1321.089 | AI75: Ok
B77: Veículos | C77: =SUM(C78,C81)/10^3 -> 402.665 | D77: =SUM(D78,D81)/10^3 -> 0 | E77: =SUM(E78,E81)/10^3 -> 0 | F77: =SUM(F78,F81)/10^3 -> 0 | G77: =SUM(G78,G81)/10^3 -> 0 | H77: =SUM(H78,H81)/10^3 -> 0 | I77: =SUM(I78,I81)/10^3 -> 0 | J77: =SUM(J78,J81)/10^3 -> 0 | ... AF77: =SUM(AF78,AF81)/10^3 -> 0 | AH77: =SUM(C77:AF77) -> 1207.995
B78: Van Minibus | C78: =C79*C80 -> 399900 | D78: =D79*D80 -> 0 | E78: =E79*E80 -> 0 | F78: =F79*F80 -> 0 | G78: =G79*G80 -> 0 | H78: =H79*H80 -> 0 | I78: =I79*I80 -> 0 | J78: =J79*J80 -> 0 | ... AF78: =AF79*AF80 -> 0
B79: Quantidade | C79: 1 | D79: 0 | E79: 0 | F79: 0 | G79: 0 | H79: 0 | I79: 0 | J79: 0 | K79: 0 | L79: 0 | M79: 1 | N79: 0 | O79: 0 | P79: 0 | Q79: 0 | R79: 0 | S79: 0 | T79: 0 | U79: 0 | V79: 0 | W79: 1 | X79: 0 | Y79: 0 | Z79: 0 | AA79: 0 | AB79: 0 | AC79: 0 | AD79: 0 | AE79: 0 | AF79: 0
B80: Custo de Aquisicao | C80: =Insumos!$E$25 -> 399900 | D80: =C80 -> 399900 | E80: =D80 -> 399900 | F80: =E80 -> 399900 | G80: =F80 -> 399900 | H80: =G80 -> 399900 | I80: =H80 -> 399900 | J80: =I80 -> 399900 | K80: =J80 -> 399900 | ... AF80: =AE80 -> 399900
B81: Adesivo Van Minibus | C81: =C82*C83 -> 2765 | D81: =D82*D83 -> 0 | E81: =E82*E83 -> 0 | F81: =F82*F83 -> 0 | G81: =G82*G83 -> 0 | H81: =H82*H83 -> 0 | I81: =I82*I83 -> 0 | J81: =J82*J83 -> 0 | ... AF81: =AF82*AF83 -> 0
B82: Quantidade | C82: =C79 -> 1 | D82: =D79 -> 0 | E82: =E79 -> 0 | F82: =F79 -> 0 | G82: =G79 -> 0 | H82: =H79 -> 0 | I82: =I79 -> 0 | J82: =J79 -> 0 | ... AF82: =AF79 -> 0
B83: Custo de Aquisicao | C83: =Insumos!$E$10 -> 2765 | D83: =C83 -> 2765 | E83: =D83 -> 2765 | F83: =E83 -> 2765 | G83: =F83 -> 2765 | H83: =G83 -> 2765 | I83: =H83 -> 2765 | J83: =I83 -> 2765 | K83: =J83 -> 2765 | ... AF83: =AE83 -> 2765
B84: Equipamentos | C84: =(C85+C88)/10^3 -> 13.268 | D84: =(D85+D88)/10^3 -> 0 | E84: =(E85+E88)/10^3 -> 0 | F84: =(F85+F88)/10^3 -> 10.47 | G84: =(G85+G88)/10^3 -> 0 | H84: =(H85+H88)/10^3 -> 0 | I84: =(I85+I88)/10^3 -> 10.47 | J84: =(J85+J88)/10^3 -> 0 | ... AF84: =(AF85+AF88)/10^3 -> 0 | AH84: =SUM(C84:AF84) -> 113.094
B85: Roçadeira lateral | C85: =C86*C87 -> 10470 | D85: =D86*D87 -> 0 | E85: =E86*E87 -> 0 | F85: =F86*F87 -> 10470 | G85: =G86*G87 -> 0 | H85: =H86*H87 -> 0 | I85: =I86*I87 -> 10470 | J85: =J86*J87 -> 0 | ... AF85: =AF86*AF87 -> 0
B86: Quantidade | C86: 3 | D86: 0 | E86: 0 | F86: 3 | G86: 0 | H86: 0 | I86: 3 | J86: 0 | K86: 0 | L86: 3 | M86: 0 | N86: 0 | O86: 3 | P86: 0 | Q86: 0 | R86: 3 | S86: 0 | T86: 0 | U86: 3 | V86: 0 | W86: 0 | X86: 3 | Y86: 0 | Z86: 0 | AA86: 3 | AB86: 0 | AC86: 0 | AD86: 3 | AE86: 0 | AF86: 0
B87: Custo de Aquisicao | C87: =Insumos!$E$31 -> 3490 | D87: =C87 -> 3490 | E87: =D87 -> 3490 | F87: =E87 -> 3490 | G87: =F87 -> 3490 | H87: =G87 -> 3490 | I87: =H87 -> 3490 | J87: =I87 -> 3490 | K87: =J87 -> 3490 | ... AF87: =AE87 -> 3490
B88: Soprador | C88: =C89*C90 -> 2798 | D88: =D89*D90 -> 0 | E88: =E89*E90 -> 0 | F88: =F89*F90 -> 0 | G88: =G89*G90 -> 0 | H88: =H89*H90 -> 0 | I88: =I89*I90 -> 0 | J88: =J89*J90 -> 0 | ... AF88: =AF89*AF90 -> 0
B89: Quantidade | C89: 2 | D89: 0 | E89: 0 | F89: 0 | G89: 0 | H89: 0 | I89: 0 | J89: 0 | K89: 0 | L89: 0 | M89: 2 | N89: 0 | O89: 0 | P89: 0 | Q89: 0 | R89: 0 | S89: 0 | T89: 0 | U89: 0 | V89: 0 | W89: 2 | X89: 0 | Y89: 0 | Z89: 0 | AA89: 0 | AB89: 0 | AC89: 0 | AD89: 0 | AE89: 0 | AF89: 0
B90: Custo de Aquisicao | C90: =Insumos!$E$33 -> 1399 | D90: =C90 -> 1399 | E90: =D90 -> 1399 | F90: =E90 -> 1399 | G90: =F90 -> 1399 | H90: =G90 -> 1399 | I90: =H90 -> 1399 | J90: =I90 -> 1399 | K90: =J90 -> 1399 | ... AF90: =AE90 -> 1399
B92: ROÇADA | C92: =SUM(C93,C100) -> 455.722 | D92: =SUM(D93,D100) -> 0 | E92: =SUM(E93,E100) -> 0 | F92: =SUM(F93,F100) -> 48.86 | G92: =SUM(G93,G100) -> 0 | H92: =SUM(H93,H100) -> 0 | I92: =SUM(I93,I100) -> 48.86 | J92: =SUM(J93,J100) -> 0 | ... AF92: =SUM(AF93,AF100) -> 0 | AH92: =SUM(C92:AF92) -> 1709.186 | AI92: Ok
B93: Veículos | C93: =SUM(C94,C97)/10^3 -> 402.665 | D93: =SUM(D94,D97)/10^3 -> 0 | E93: =SUM(E94,E97)/10^3 -> 0 | F93: =SUM(F94,F97)/10^3 -> 0 | G93: =SUM(G94,G97)/10^3 -> 0 | H93: =SUM(H94,H97)/10^3 -> 0 | I93: =SUM(I94,I97)/10^3 -> 0 | J93: =SUM(J94,J97)/10^3 -> 0 | ... AF93: =SUM(AF94,AF97)/10^3 -> 0 | AH93: =SUM(C93:AF93) -> 1207.995
B94: =B78 -> Van Minibus | C94: =C95*C96 -> 399900 | D94: =D95*D96 -> 0 | E94: =E95*E96 -> 0 | F94: =F95*F96 -> 0 | G94: =G95*G96 -> 0 | H94: =H95*H96 -> 0 | I94: =I95*I96 -> 0 | J94: =J95*J96 -> 0 | ... AF94: =AF95*AF96 -> 0
